Workbook

Sheet Прайс и заказ
A1: · Прайс-лист «Распродажа» · 01.10.2026
A2: Компания | D2: Комментарий | G2: Поиск по прайсу | J2: Заполните колонку «Заказать» — выбранные позиции сами соберутся на листе «Ваш заказ». LavrPack · +7 (8482) 63-53-54 · 8 (800) 444-26-45 · www.lavrpack.ru
A3: Контактное лицо | D3: Дата прайса | E3: 01.10.2026 19:38
A4: Телефон | D4: Категория | E4: Распродажа
A5: Город | D5: Источник | E5: https://www.lavrpack.ru | G5: =IF($G$3="","",SUMPRODUCT(--ISNUMBER(SEARCH($G$3,$B$7:$B$156&" "&$C$7:$C$156&" "&$D$7:$D$156&" "&$E$7:$E$156)))&" найдено — совпадения подсвечены")
A6: Фото | B6: Артикул | C6: Товар | D6: Цвет / вариант | E6: Размер / характеристика | F6: Ед. | G6: В коробке | I6: Опт, с НДС | J6: В наличии | K6: Заказать | L6: Сумма | M6: Комментарий | N6: служебная | P6: UUID | Q6: ИД_1С | R6: К1С
A7: Декор и аксессуары — 66 поз. | N7: =IF(K7>0,COUNTIF($K$7:K7,">0"),"")
B8: 13907 | C8: Бусинки | D8: ассорти) Россия | E8: Жемчужинка 8мм (144шт | G8: 1 | I8: 47 | J8: 517 | L8: =IF(K8>0,K8*I8,"") | N8: =IF(K8>0,COUNTIF($K$7:K8,">0"),"") | O8: https://www.lavrpack.ru/local/templates/phoenix_v1/images_cache/thumbs/e2c1f9f3786c9f2823a809e2c034259d.webp?v=1790831953 | P8: 6cfa28ca-7f2e-11ec-b73f-0018e40a3af2 | Q8: 6cfa28ca-7f2e-11ec-b73f-0018e40a3af2
B9: 11936 | C9: Бусинки | D9: Россия | E9: На нити 8 мм в ассорт | G9: 1 | I9: 255 | J9: 41 | L9: =IF(K9>0,K9*I9,"") | N9: =IF(K9>0,COUNTIF($K$7:K9,">0"),"") | O9: https://www.lavrpack.ru/local/templates/phoenix_v1/images_cache/thumbs/248af990ecf11186b17063b9966225f0.webp?v=1790831953 | P9: 6e2151c5-7f2a-11ec-b73f-0018e40a3af2 | Q9: 6e2151c5-7f2a-11ec-b73f-0018e40a3af2
B10: 10369 | C10: Бусинки | D10: Россия | E10: На нити 12 мм в ассорт | G10: 1 | I10: 289 | J10: 6 | L10: =IF(K10>0,K10*I10,"") | N10: =IF(K10>0,COUNTIF($K$7:K10,">0"),"") | O10: https://www.lavrpack.ru/local/templates/phoenix_v1/images_cache/thumbs/5242b7ce3d37fee38751355404833ed6.webp?v=1790831953 | P10: 61ebc4f3-7f2a-11ec-b73f-0018e40a3af2 | Q10: 61ebc4f3-7f2a-11ec-b73f-0018e40a3af2
B11: 13357 | C11: Бусинки | D11: Россия | E11: Перламутр. цветн. 18мм×500г | G11: 1 | I11: 243 | J11: 1 | L11: =IF(K11>0,K11*I11,"") | N11: =IF(K11>0,COUNTIF($K$7:K11,">0"),"") | O11: https://www.lavrpack.ru/local/templates/phoenix_v1/images_cache/thumbs/1c9548453c7b5df601168e7bddbccac8.webp?v=1790831953 | P11: 7a5e70c0-7f2a-11ec-b73f-0018e40a3af2 | Q11: 7a5e70c0-7f2a-11ec-b73f-0018e40a3af2
B12: 8800 | C12: Бусинки | D12: Россия | E12: Перламутровые цвет. 25мм×100г | G12: 1 | I12: 151 | J12: 206 | L12: =IF(K12>0,K12*I12,"") | N12: =IF(K12>0,COUNTIF($K$7:K12,">0"),"") | O12: https://www.lavrpack.ru/local/templates/phoenix_v1/images_cache/thumbs/badf86b54fb0b0549cb71f73dd7f73d4.webp?v=1790831953 | P12: 55d9636e-7f2a-11ec-b73f-0018e40a3af2 | Q12: 55d9636e-7f2a-11ec-b73f-0018e40a3af2
B13: 13959 | C13: Бусинки | D13: Россия | E13: Перламутровые цветн. 8мм×500г | G13: 1 | I13: 231 | J13: 1774 | L13: =IF(K13>0,K13*I13,"") | N13: =IF(K13>0,COUNTIF($K$7:K13,">0"),"") | O13: https://www.lavrpack.ru/local/templates/phoenix_v1/images_cache/thumbs/4da859abee2d1eb6635604159c1f44ab.webp?v=1790790837 | P13: 6e2151cb-7f2a-11ec-b73f-0018e40a3af2 | Q13: 6e2151cb-7f2a-11ec-b73f-0018e40a3af2
B14: 10371 | C14: Бусы | D14: Россия | E14: в ассорт. 10мм 500 гр | G14: 1 | I14: 237 | J14: 1716 | L14: =IF(K14>0,K14*I14,"") | N14: =IF(K14>0,COUNTIF($K$7:K14,">0"),"") | O14: https://www.lavrpack.ru/local/templates/phoenix_v1/images_cache/thumbs/be56f9685031fd2ba8ee6eb70bb5edc8.webp?v=1790831953 | P14: 5be8d72f-7f2a-11ec-b73f-0018e40a3af2 | Q14: 5be8d72f-7f2a-11ec-b73f-0018e40a3af2
B15: 10372 | C15: Бусы | D15: Россия | E15: Перламутр. цветные 22 мм 500 гр | G15: 1 | I15: 751 | J15: 55 | L15: =IF(K15>0,K15*I15,"") | N15: =IF(K15>0,COUNTIF($K$7:K15,">0"),"") | O15: https://www.lavrpack.ru/local/templates/phoenix_v1/images_cache/thumbs/a71f2ba4d37ebd490c3d1d5aa90d412b.webp?v=1790831953 | P15: 61ebc4ef-7f2a-11ec-b73f-0018e40a3af2 | Q15: 61ebc4ef-7f2a-11ec-b73f-0018e40a3af2
B16: 10373 | C16: Бусы | D16: Россия | E16: Перламутровые цветн.6мм 500 гр | G16: 1 | I16: 319 | J16: 43 | L16: =IF(K16>0,K16*I16,"") | N16: =IF(K16>0,COUNTIF($K$7:K16,">0"),"") | O16: https://www.lavrpack.ru/local/templates/phoenix_v1/images_cache/thumbs/5dde773cfffedbec6fe6f688fd5a44b9.webp?v=1790831953 | P16: 5be8d735-7f2a-11ec-b73f-0018e40a3af2 | Q16: 5be8d735-7f2a-11ec-b73f-0018e40a3af2
B17: 10370 | C17: Бусы | D17: Россия | E17: Перламутровые цветн.12мм 100 гр | G17: 1 | I17: 231 | J17: 1395 | L17: =IF(K17>0,K17*I17,"") | N17: =IF(K17>0,COUNTIF($K$7:K17,">0"),"") | O17: https://www.lavrpack.ru/local/templates/phoenix_v1/images_cache/thumbs/4047753704df326ec9e6ce837abbc672.webp?v=1790790837 | P17: 6e2151be-7f2a-11ec-b73f-0018e40a3af2 | Q17: 6e2151be-7f2a-11ec-b73f-0018e40a3af2
B18: 8798 | C18: Бусы (акрил) | D18: 70г. в ассорт. , Россия | E18: 22 мм, | G18: 1 | I18: 98 | J18: 5 | L18: =IF(K18>0,K18*I18,"") | N18: =IF(K18>0,COUNTIF($K$7:K18,">0"),"") | O18: https://www.lavrpack.ru/local/templates/phoenix_v1/images_cache/thumbs/4c289c067524d9f34c03c7faecaaa803.webp?v=1790831953 | P18: 55d9637d-7f2a-11ec-b73f-0018e40a3af2 | Q18: 55d9637d-7f2a-11ec-b73f-0018e40a3af2
B19: 32866 | C19: Бутылочка | D19: Украшение для новорожденных, Китай | G19: 1 | I19: 14 | J19: 4017 | L19: =IF(K19>0,K19*I19,"") | N19: =IF(K19>0,COUNTIF($K$7:K19,">0"),"") | O19: https://www.lavrpack.ru/local/templates/phoenix_v1/images_cache/thumbs/153d9ff90a706fe6ee8fbc3b92e9baa7.webp?v=1790831953 | P19: bd3bbb31-7f2a-11ec-b73f-0018e40a3af2 | Q19: bd3bbb31-7f2a-11ec-b73f-0018e40a3af2
B20: 32444 | C20: Глазки | D20: Китай | E20: 9Е193-102 | G20: 1 | I20: 4 | J20: 3312 | L20: =IF(K20>0,K20*I20,"") | N20: =IF(K20>0,COUNTIF($K$7:K20,">0"),"") | O20: https://www.lavrpack.ru/local/templates/phoenix_v1/images_cache/thumbs/8fcb41519971c6b56e2f4b5f93e3e800.webp?v=1790831953 | P20: b0f1edc9-7f2a-11ec-b73f-0018e40a3af2 | Q20: b0f1edc9-7f2a-11ec-b73f-0018e40a3af2
B21: 32448 | C21: Глазки | D21: Китай | E21: А1-95 | G21: 1 | I21: 4 | J21: 3018 | L21: =IF(K21>0,K21*I21,"") | N21: =IF(K21>0,COUNTIF($K$7:K21,">0"),"") | O21: https://www.lavrpack.ru/local/templates/phoenix_v1/images_cache/thumbs/794635f5badd302f8c5a2efc954c9bd7.webp?v=1790831953 | P21: 8cbe6a17-7f2a-11ec-b73f-0018e40a3af2 | Q21: 8cbe6a17-7f2a-11ec-b73f-0018e40a3af2
B22: 32445 | C22: Глазки | D22: Китай | E22: А5-09/Т1-09 | G22: 1 | I22: 6 | J22: 8534 | L22: =IF(K22>0,K22*I22,"") | N22: =IF(K22>0,COUNTIF($K$7:K22,">0"),"") | O22: https://www.lavrpack.ru/local/templates/phoenix_v1/images_cache/thumbs/f8dd88c0e1b4da0660445d7c70283040.webp?v=1790831953 | P22: 9ed808d0-7f2a-11ec-b73f-0018e40a3af2 | Q22: 9ed808d0-7f2a-11ec-b73f-0018e40a3af2
B23: 32443 | C23: Глазки | D23: Китай | E23: А8-12 | G23: 1 | I23: 5 | J23: 3502 | L23: =IF(K23>0,K23*I23,"") | N23: =IF(K23>0,COUNTIF($K$7:K23,">0"),"") | O23: https://www.lavrpack.ru/local/templates/phoenix_v1/images_cache/thumbs/9c10b2fb557d31e863252aaf2fbc77dc.webp?v=1790831953 | P23: 9ed808c1-7f2a-11ec-b73f-0018e40a3af2 | Q23: 9ed808c1-7f2a-11ec-b73f-0018e40a3af2
B24: 32442 | C24: Глазки | D24: Китай | E24: А13-13/L1-13 | G24: 1 | I24: 9 | J24: 7362 | L24: =IF(K24>0,K24*I24,"") | N24: =IF(K24>0,COUNTIF($K$7:K24,">0"),"") | O24: https://www.lavrpack.ru/local/templates/phoenix_v1/images_cache/thumbs/3f189fe044328eb2ffd8edb9102e1a53.webp?v=1790831953 | P24: 72f8ec2d-7f2e-11ec-b73f-0018e40a3af2 | Q24: 72f8ec2d-7f2e-11ec-b73f-0018e40a3af2
B25: 32446 | C25: Глазки | D25: Китай | E25: Е110-1001 | G25: 1 | I25: 5 | J25: 2335 | L25: =IF(K25>0,K25*I25,"") | N25: =IF(K25>0,COUNTIF($K$7:K25,">0"),"") | O25: https://www.lavrpack.ru/local/templates/phoenix_v1/images_cache/thumbs/04f3016e32bbe9841f65b8b85ec757ae.webp?v=1790831953 | P25: a4daaa1a-7f2a-11ec-b73f-0018e40a3af2 | Q25: a4daaa1a-7f2a-11ec-b73f-0018e40a3af2
B26: 32426 | C26: Глазки | D26: Китай | E26: Е118-110 | G26: 1 | I26: 5 | J26: 2775 | L26: =IF(K26>0,K26*I26,"") | N26: =IF(K26>0,COUNTIF($K$7:K26,">0"),"") | O26: https://www.lavrpack.ru/local/templates/phoenix_v1/images_cache/thumbs/9d38a51a978a4ad8bf6bd42cb5314646.webp?v=1790831953 | P26: aae39416-7f2a-11ec-b73f-0018e40a3af2 | Q26: aae39416-7f2a-11ec-b73f-0018e40a3af2
B27: 32427 | C27: Глазки | D27: Китай | E27: Е118-115 | G27: 1 | I27: 4 | J27: 2089 | L27: =IF(K27>0,K27*I27,"") | N27: =IF(K27>0,COUNTIF($K$7:K27,">0"),"") | O27: https://www.lavrpack.ru/local/templates/phoenix_v1/images_cache/thumbs/fadaa4dc5d80e566b29188ac06660610.webp?v=1790831953 | P27: 72f8ec2f-7f2e-11ec-b73f-0018e40a3af2 | Q27: 72f8ec2f-7f2e-11ec-b73f-0018e40a3af2
B28: 32436 | C28: Глазки | D28: Китай | E28: Е130-103 | G28: 1 | I28: 4 | J28: 2892 | L28: =IF(K28>0,K28*I28,"") | N28: =IF(K28>0,COUNTIF($K$7:K28,">0"),"") | O28: https://www.lavrpack.ru/local/templates/phoenix_v1/images_cache/thumbs/493e220533289ee75352c0962343655c.webp?v=1790831953 | P28: a4daaa16-7f2a-11ec-b73f-0018e40a3af2 | Q28: a4daaa16-7f2a-11ec-b73f-0018e40a3af2
B29: 32422 | C29: Глазки | D29: Китай | E29: Е139-1008 | G29: 1 | I29: 6 | J29: 4014 | L29: =IF(K29>0,K29*I29,"") | N29: =IF(K29>0,COUNTIF($K$7:K29,">0"),"") | O29: https://www.lavrpack.ru/local/templates/phoenix_v1/images_cache/thumbs/ba7c62884d7281fd70563bb4797e9816.webp?v=1790831953 | P29: dbddd930-7f2a-11ec-b73f-0018e40a3af2 | Q29: dbddd930-7f2a-11ec-b73f-0018e40a3af2
B30: 32439 | C30: Глазки | D30: Китай | E30: Е140-2002 | G30: 1 | I30: 7 | J30: 3254 | L30: =IF(K30>0,K30*I30,"") | N30: =IF(K30>0,COUNTIF($K$7:K30,">0"),"") | O30: https://www.lavrpack.ru/local/templates/phoenix_v1/images_cache/thumbs/480d0b9d169b2d0a56d477a02bf2caff.webp?v=1790831953 | P30: 98df3098-7f2a-11ec-b73f-0018e40a3af2 | Q30: 98df3098-7f2a-11ec-b73f-0018e40a3af2
B31: 32429 | C31: Глазки | D31: Китай | E31: Е146-117 | G31: 1 | I31: 7 | J31: 4266 | L31: =IF(K31>0,K31*I31,"") | N31: =IF(K31>0,COUNTIF($K$7:K31,">0"),"") | O31: https://www.lavrpack.ru/local/templates/phoenix_v1/images_cache/thumbs/9ec7a9d7144d45afe4b5166fde1d17ef.webp?v=1790831953 | P31: 9ed808ce-7f2a-11ec-b73f-0018e40a3af2 | Q31: 9ed808ce-7f2a-11ec-b73f-0018e40a3af2
... B40: 32419 | C40: Глазки | D40: Китай | E40: E308-110 | G40: 1 | I40: 5 | J40: 3936 | L40: =IF(K40>0,K40*I40,"") | N40: =IF(K40>0,COUNTIF($K$7:K40,">0"),"") | O40: https://www.lavrpack.ru/local/templates/phoenix_v1/images_cache/thumbs/5243e66eaaeb33f7cc3c25581fab3f1d.webp?v=1790831953 | P40: dbddd92f-7f2a-11ec-b73f-0018e40a3af2 | Q40: dbddd92f-7f2a-11ec-b73f-0018e40a3af2
B41: 10544 | C41: Глазки большие/мальенькие в ассорт. (Россия) | G41: 1 | I41: 55 | J41: 1 | L41: =IF(K41>0,K41*I41,"") | N41: =IF(K41>0,COUNTIF($K$7:K41,">0"),"") | O41: https://www.lavrpack.ru/local/templates/phoenix_v1/images_cache/thumbs/450a2a75fc3cae067a2ff7ca56f6c9a1.webp?v=1790831953 | P41: 5be8d727-7f2a-11ec-b73f-0018e40a3af2 | Q41: 5be8d727-7f2a-11ec-b73f-0018e40a3af2
B42: 53157 | C42: Декор | D42: для новорожденных (в уп.), Китай | G42: 1 | I42: 132 | J42: 781 | L42: =IF(K42>0,K42*I42,"") | N42: =IF(K42>0,COUNTIF($K$7:K42,">0"),"") | O42: https://www.lavrpack.ru/local/templates/phoenix_v1/images_cache/thumbs/4cc2e5068db25341795437618472a1e2.webp?v=1790831953 | P42: ab6127c7-7f2c-11ec-b73f-0018e40a3af2 | Q42: ab6127c7-7f2c-11ec-b73f-0018e40a3af2
B43: 32714 | C43: Декор | D43: для новорожденных в ассорт., Китай | G43: 1 | I43: 37 | J43: 11146 | L43: =IF(K43>0,K43*I43,"") | N43: =IF(K43>0,COUNTIF($K$7:K43,">0"),"") | O43: https://www.lavrpack.ru/local/templates/phoenix_v1/images_cache/thumbs/968a10a6903f9a4ce3c56120f6ebd909.webp?v=1790831953 | P43: 78fd9291-7f2e-11ec-b73f-0018e40a3af2 | Q43: 78fd9291-7f2e-11ec-b73f-0018e40a3af2
B44: 53158 | C44: Декор | D44: для новорожденных (уп.), Китай | G44: 1 | I44: 66 | J44: 1698 | L44: =IF(K44>0,K44*I44,"") | N44: =IF(K44>0,COUNTIF($K$7:K44,">0"),"") | O44: https://www.lavrpack.ru/local/templates/phoenix_v1/images_cache/thumbs/6f57cf9212bf6ad70b8032d56e42e215.webp?v=1790831953 | P44: a5adcf00-7f2b-11ec-b73f-0018e40a3af2 | Q44: a5adcf00-7f2b-11ec-b73f-0018e40a3af2
B45: 36537 | C45: Декор | D45: подвеска д/новорожденных в ассорт., Китай | G45: 1 | I45: 99 | J45: 65 | L45: =IF(K45>0,K45*I45,"") | N45: =IF(K45>0,COUNTIF($K$7:K45,">0"),"") | O45: https://www.lavrpack.ru/local/templates/phoenix_v1/images_cache/thumbs/3492921f027a27a9a070e4b022589080.webp?v=1790831953 | P45: aae3941c-7f2a-11ec-b73f-0018e40a3af2 | Q45: aae3941c-7f2a-11ec-b73f-0018e40a3af2
B46: 36498 | C46: Декор | D46: украшение для новорожденных в ассорт., Китай | G46: 1 | I46: 15 | J46: 2207 | L46: =IF(K46>0,K46*I46,"") | N46: =IF(K46>0,COUNTIF($K$7:K46,">0"),"") | O46: https://www.lavrpack.ru/local/templates/phoenix_v1/images_cache/thumbs/ec034195cba3c38f0fe3d71aaded5791.webp?v=1790831953 | P46: c98db545-7f2a-11ec-b73f-0018e40a3af2 | Q46: c98db545-7f2a-11ec-b73f-0018e40a3af2
B47: 9396 | C47: Джут | D47: В ассортименте, Корея | G47: 1 | I47: 266 | J47: 26 | L47: =IF(K47>0,K47*I47,"") | N47: =IF(K47>0,COUNTIF($K$7:K47,">0"),"") | O47: https://www.lavrpack.ru/local/templates/phoenix_v1/images_cache/thumbs/7f0da8ce853ffba4a955f7d78d9576c0.webp?v=1790831953 | P47: 61ebc4fb-7f2a-11ec-b73f-0018e40a3af2 | Q47: 61ebc4fb-7f2a-11ec-b73f-0018e40a3af2
B48: 37133 | C48: Камни иск. | D48: Китай | E48: декор НС-5 в ассорт | G48: 1 | I48: 55 | J48: 287 | L48: =IF(K48>0,K48*I48,"") | N48: =IF(K48>0,COUNTIF($K$7:K48,">0"),"") | O48: https://www.lavrpack.ru/local/templates/phoenix_v1/images_cache/thumbs/089f1b4b3997f9ed32e2c054a51e596c.webp?v=1790831953 | P48: d5b78828-7f2a-11ec-b73f-0018e40a3af2 | Q48: d5b78828-7f2a-11ec-b73f-0018e40a3af2
B49: 37145 | C49: Кристаллы | D49: Китай | E49: декор НС-1 в ассорт | G49: 1 | I49: 55 | J49: 399 | L49: =IF(K49>0,K49*I49,"") | N49: =IF(K49>0,COUNTIF($K$7:K49,">0"),"") | O49: https://www.lavrpack.ru/local/templates/phoenix_v1/images_cache/thumbs/16f2fffc313cec459e94880380d9ac89.webp?v=1790831953 | P49: cfad57e2-7f2a-11ec-b73f-0018e40a3af2 | Q49: cfad57e2-7f2a-11ec-b73f-0018e40a3af2
B50: 37151 | C50: Кристаллы | D50: Китай | E50: декор НС-2 в ассорт | G50: 1 | I50: 58 | J50: 2 | L50: =IF(K50>0,K50*I50,"") | N50: =IF(K50>0,COUNTIF($K$7:K50,">0"),"") | O50: https://www.lavrpack.ru/local/templates/phoenix_v1/images_cache/thumbs/f53cbe9830852bb13047d0d030c23066.webp?v=1790831953 | P50: 78fd929d-7f2e-11ec-b73f-0018e40a3af2 | Q50: 78fd929d-7f2e-11ec-b73f-0018e40a3af2
B51: 37132 | C51: Кристаллы | D51: Китай | E51: декор НС-13 в ассорт | G51: 1 | I51: 55 | J51: 278 | L51: =IF(K51>0,K51*I51,"") | N51: =IF(K51>0,COUNTIF($K$7:K51,">0"),"") | O51: https://www.lavrpack.ru/local/templates/phoenix_v1/images_cache/thumbs/e2d95c01acdc0627eb10e6479ace2f91.webp?v=1790831953 | P51: cfad57d8-7f2a-11ec-b73f-0018e40a3af2 | Q51: cfad57d8-7f2a-11ec-b73f-0018e40a3af2
B52: 37143 | C52: Кристаллы | D52: Китай | E52: декор НС-16 в ассорт | G52: 1 | I52: 55 | J52: 454 | L52: =IF(K52>0,K52*I52,"") | N52: =IF(K52>0,COUNTIF($K$7:K52,">0"),"") | O52: https://www.lavrpack.ru/local/templates/phoenix_v1/images_cache/thumbs/a653dd1f844e147fbd5d0ba9e4c7b5d1.webp?v=1790831953 | P52: cfad57dc-7f2a-11ec-b73f-0018e40a3af2 | Q52: cfad57dc-7f2a-11ec-b73f-0018e40a3af2
B53: 37144 | C53: Кристаллы | D53: Китай | E53: декор НС-18 в ассорт | G53: 1 | I53: 55 | J53: 255 | L53: =IF(K53>0,K53*I53,"") | N53: =IF(K53>0,COUNTIF($K$7:K53,">0"),"") | O53: https://www.lavrpack.ru/local/templates/phoenix_v1/images_cache/thumbs/96a97c6a16e83c7ce5b4f5f1dde1d396.webp?v=1790831953 | P53: fa719a78-7f2a-11ec-b73f-0018e40a3af2 | Q53: fa719a78-7f2a-11ec-b73f-0018e40a3af2
B54: 37148 | C54: Кристаллы | D54: Китай | E54: декор НС-20 в ассорт | G54: 1 | I54: 55 | J54: 103 | L54: =IF(K54>0,K54*I54,"") | N54: =IF(K54>0,COUNTIF($K$7:K54,">0"),"") | O54: https://www.lavrpack.ru/local/templates/phoenix_v1/images_cache/thumbs/845f274c84f6618fb08a1b739e5b167d.webp?v=1790831953 | P54: 7efd5337-7f2e-11ec-b73f-0018e40a3af2 | Q54: 7efd5337-7f2e-11ec-b73f-0018e40a3af2
B55: 37150 | C55: Кристаллы | D55: Китай | E55: декор НС-23 в ассорт | G55: 1 | I55: 55 | J55: 316 | L55: =IF(K55>0,K55*I55,"") | N55: =IF(K55>0,COUNTIF($K$7:K55,">0"),"") | O55: https://www.lavrpack.ru/local/templates/phoenix_v1/images_cache/thumbs/745785546315d7359184583b9b87e035.webp?v=1790831953 | P55: 7efd533e-7f2e-11ec-b73f-0018e40a3af2 | Q55: 7efd533e-7f2e-11ec-b73f-0018e40a3af2
B56: 37149 | C56: Кристаллы | D56: Китай | E56: декор НС-26 в ассорт | G56: 1 | I56: 58 | J56: 3 | L56: =IF(K56>0,K56*I56,"") | N56: =IF(K56>0,COUNTIF($K$7:K56,">0"),"") | O56: https://www.lavrpack.ru/local/templates/phoenix_v1/images_cache/thumbs/e5e0c813e4f47fb175bd3ec7c0498b04.webp?v=1790831953 | P56: 7efd5344-7f2e-11ec-b73f-0018e40a3af2 | Q56: 7efd5344-7f2e-11ec-b73f-0018e40a3af2
B57: 37153 | C57: Кристаллы | D57: Китай | E57: декор НС-33 в ассорт | G57: 1 | I57: 55 | J57: 94 | L57: =IF(K57>0,K57*I57,"") | N57: =IF(K57>0,COUNTIF($K$7:K57,">0"),"") | O57: https://www.lavrpack.ru/local/templates/phoenix_v1/images_cache/thumbs/7b7cf7e7e05a54b1cefb8198cacdd28f.webp?v=1790831953 | P57: d5b7881d-7f2a-11ec-b73f-0018e40a3af2 | Q57: d5b7881d-7f2a-11ec-b73f-0018e40a3af2
B58: 37154 | C58: Кристаллы | D58: Китай | E58: декор НС-35 в ассорт | G58: 1 | I58: 55 | J58: 215 | L58: =IF(K58>0,K58*I58,"") | N58: =IF(K58>0,COUNTIF($K$7:K58,">0"),"") | O58: https://www.lavrpack.ru/local/templates/phoenix_v1/images_cache/thumbs/7cea9c267e34f5333306510b714b0bb5.webp?v=1790831953 | P58: d5b7881f-7f2a-11ec-b73f-0018e40a3af2 | Q58: d5b7881f-7f2a-11ec-b73f-0018e40a3af2
B59: 37158 | C59: Лен | D59: Корея | E59: 48×5 ярд в ассорт | G59: 1 | I59: 198 | J59: 77 | L59: =IF(K59>0,K59*I59,"") | N59: =IF(K59>0,COUNTIF($K$7:K59,">0"),"") | O59: https://www.lavrpack.ru/local/templates/phoenix_v1/images_cache/thumbs/e2d3e9d5441f7c05b2640dc82d512eb9.webp?v=1790831953 | P59: cfad57e3-7f2a-11ec-b73f-0018e40a3af2 | Q59: cfad57e3-7f2a-11ec-b73f-0018e40a3af2
... B71: 37136 | C71: Ракушка | D71: Китай | E71: декор. Р030в набор ассорт | G71: 1 | I71: 70 | J71: 26 | L71: =IF(K71>0,K71*I71,"") | N71: =IF(K71>0,COUNTIF($K$7:K71,">0"),"") | O71: https://www.lavrpack.ru/local/templates/phoenix_v1/images_cache/thumbs/84548e1bff6d2de5f89a72cffd86b215.webp?v=1790831953 | P71: d5b78824-7f2a-11ec-b73f-0018e40a3af2 | Q71: d5b78824-7f2a-11ec-b73f-0018e40a3af2
B72: 11645 | C72: Сетка | D72: Металик Oasis MesH Корея | G72: 1 | I72: 162 | J72: 29 | L72: =IF(K72>0,K72*I72,"") | N72: =IF(K72>0,COUNTIF($K$7:K72,">0"),"") | O72: https://www.lavrpack.ru/local/templates/phoenix_v1/images_cache/thumbs/4a8edba63608c6f5afd0c931b55215e6.webp?v=1790831953 | P72: 5be8d726-7f2a-11ec-b73f-0018e40a3af2 | Q72: 5be8d726-7f2a-11ec-b73f-0018e40a3af2
B73: 8558 | C73: Сизалевое волокно | D73: В ассортименте (Абака), Филлипины | G73: 1 | I73: 266 | J73: 72 | L73: =IF(K73>0,K73*I73,"") | N73: =IF(K73>0,COUNTIF($K$7:K73,">0"),"") | O73: https://www.lavrpack.ru/local/templates/phoenix_v1/images_cache/thumbs/994a9debb91c2e79f6ee8e49761f4273.webp?v=1790831953 | P73: 4fc170ec-7f2a-11ec-b73f-0018e40a3af2 | Q73: 4fc170ec-7f2a-11ec-b73f-0018e40a3af2
A74: Кашпо,аквабоксы,вазоны — 22 поз. | N74: =IF(K74>0,COUNTIF($K$7:K74,">0"),"")
B75: 103249 | C75: Деревянное изделие "Светильник (цветок/поздравляю)" | G75: 1 | I75: 717 | J75: 34 | L75: =IF(K75>0,K75*I75,"") | N75: =IF(K75>0,COUNTIF($K$7:K75,">0"),"") | P75: 24cd2253-19a8-11ee-8f7e-00e01a6800eb | Q75: 24cd2253-19a8-11ee-8f7e-00e01a6800eb
B76: 103248 | C76: Деревянное изделие "Светильник с узором" | G76: 1 | I76: 1410 | J76: 1 | L76: =IF(K76>0,K76*I76,"") | N76: =IF(K76>0,COUNTIF($K$7:K76,">0"),"") | P76: e71db97a-19a7-11ee-8f7e-00e01a6800eb | Q76: e71db97a-19a7-11ee-8f7e-00e01a6800eb
B77: 64436 | C77: Кашпо | D77: Россия | E77: "Сова"(дерево)11×19×Н7/21,5см | G77: 1 | I77: 231 | J77: 21 | L77: =IF(K77>0,K77*I77,"") | N77: =IF(K77>0,COUNTIF($K$7:K77,">0"),"") | O77: https://www.lavrpack.ru/local/templates/phoenix_v1/images_cache/thumbs/fa58c0b922fdd392d033447bca51d502.webp?v=1790787000 | P77: 983525ee-7f2d-11ec-b73f-0018e40a3af2 | Q77: 983525ee-7f2d-11ec-b73f-0018e40a3af2
B78: 104237 | C78: Кашпо | E78: Дракон, 23×11×20см | G78: 1 | I78: 359 | J78: 35 | L78: =IF(K78>0,K78*I78,"") | N78: =IF(K78>0,COUNTIF($K$7:K78,">0"),"") | O78: https://www.lavrpack.ru/local/templates/phoenix_v1/images_cache/thumbs/d63e908f1418e0f6ab32b5d76fe33633.webp?v=1790849822 | P78: ac24b35f-6129-11ee-bc2f-00e01a6800eb | Q78: ac24b35f-6129-11ee-bc2f-00e01a6800eb
B79: 104456 | C79: Кашпо | E79: Дракон, 23×11×25см | G79: 1 | I79: 393 | J79: 20 | L79: =IF(K79>0,K79*I79,"") | N79: =IF(K79>0,COUNTIF($K$7:K79,">0"),"") | O79: https://www.lavrpack.ru/local/templates/phoenix_v1/images_cache/thumbs/bb332401bbafc85c8ca9ce50c8a6bf64.webp?v=1790849822 | P79: 78f0d490-68e6-11ee-bc2f-00e01a6800eb | Q79: 78f0d490-68e6-11ee-bc2f-00e01a6800eb
B80: 62009 | C80: Кашпо деревянное | D80: Россия | E80: Коляска с печатью 14×16см | G80: 1 | I80: 255 | J80: 10 | L80: =IF(K80>0,K80*I80,"") | N80: =IF(K80>0,COUNTIF($K$7:K80,">0"),"") | O80: https://www.lavrpack.ru/local/templates/phoenix_v1/images_cache/thumbs/8f0c3c66f6c6cda0da144c2d9aa8bad3.webp?v=1790849822 | P80: 5ab3842c-7f2e-11ec-b73f-0018e40a3af2 | Q80: 5ab3842c-7f2e-11ec-b73f-0018e40a3af2
B81: 66638 | C81: Кашпо(З) | D81: Россия | E81: "Люб.маме"бабочки 16×13×H11,5/33,5см | G81: 1 | I81: 231 | J81: 9 | L81: =IF(K81>0,K81*I81,"") | N81: =IF(K81>0,COUNTIF($K$7:K81,">0"),"") | O81: https://www.lavrpack.ru/local/templates/phoenix_v1/images_cache/thumbs/0008f0eba769c26ab326e2d2a5580173.webp?v=1790787000 | P81: 1f2443ee-7f2c-11ec-b73f-0018e40a3af2 | Q81: 1f2443ee-7f2c-11ec-b73f-0018e40a3af2
B82: 69261 | C82: Кашпо(З) | D82: Россия | E82: "Розочка"(дерево) 15×Н11,5/17см | G82: 1 | I82: 220 | J82: 10 | L82: =IF(K82>0,K82*I82,"") | N82: =IF(K82>0,COUNTIF($K$7:K82,">0"),"") | O82: https://www.lavrpack.ru/local/templates/phoenix_v1/images_cache/thumbs/35dd7040accfd32141fb29e4f8d268f9.webp?v=1790787000 | P82: 9fddd211-8a68-11ec-b73f-0018e40a3af2 | Q82: 9fddd211-8a68-11ec-b73f-0018e40a3af2
B83: 56672 | C83: Кашпо(З) | D83: Россия | E83: Ботинок 15×19×10 см | G83: 1 | I83: 231 | J83: 4 | L83: =IF(K83>0,K83*I83,"") | N83: =IF(K83>0,COUNTIF($K$7:K83,">0"),"") | O83: https://www.lavrpack.ru/local/templates/phoenix_v1/images_cache/thumbs/456a6a126d9fec319630dce233278ba8.webp?v=1790787000 | P83: c41c0bef-7f2b-11ec-b73f-0018e40a3af2 | Q83: c41c0bef-7f2b-11ec-b73f-0018e40a3af2
B84: 53839 | C84: Кашпо(З) | D84: Россия | E84: под бутылку подароч 12×12×40 | G84: 1 | I84: 255 | J84: 1 | L84: =IF(K84>0,K84*I84,"") | N84: =IF(K84>0,COUNTIF($K$7:K84,">0"),"") | O84: https://www.lavrpack.ru/local/templates/phoenix_v1/images_cache/thumbs/c0aec2f6c8aabe8796962d4b52e3f9fe.webp?v=1790787000 | P84: 3189d6af-7f2b-11ec-b73f-0018e40a3af2 | Q84: 3189d6af-7f2b-11ec-b73f-0018e40a3af2
B85: 49274 | C85: Коробка деревянная | D85: Новогодняя, Россия | G85: 1 | I85: 324 | J85: 2 | L85: =IF(K85>0,K85*I85,"") | N85: =IF(K85>0,COUNTIF($K$7:K85,">0"),"") | P85: 8b8d65f0-7f2e-11ec-b73f-0018e40a3af2 | Q85: 8b8d65f0-7f2e-11ec-b73f-0018e40a3af2
B86: 61585 | C86: Пенобокс для цветов | D86: Россия | E86: квадратный 16×15×10см | G86: 1 | I86: 174 | J86: 1 | L86: =IF(K86>0,K86*I86,"") | N86: =IF(K86>0,COUNTIF($K$7:K86,">0"),"") | O86: https://www.lavrpack.ru/local/templates/phoenix_v1/images_cache/thumbs/0bb9eda551ac290661642ac5978ab405.webp?v=1790849822 | P86: e20c9e3b-7f2c-11ec-b73f-0018e40a3af2 | Q86: e20c9e3b-7f2c-11ec-b73f-0018e40a3af2
B87: 61594 | C87: Пенобокс для цветов | D87: Россия | E87: Коляска 29×30×12см | G87: 1 | I87: 393 | J87: 32 | L87: =IF(K87>0,K87*I87,"") | N87: =IF(K87>0,COUNTIF($K$7:K87,">0"),"") | O87: https://www.lavrpack.ru/local/templates/phoenix_v1/images_cache/thumbs/db3bbd6158260854427cb251cab59f0d.webp?v=1790787000 | P87: c41c0be9-7f2b-11ec-b73f-0018e40a3af2 | Q87: c41c0be9-7f2b-11ec-b73f-0018e40a3af2
B88: 61593 | C88: Пенобокс для цветов | D88: Россия | E88: Микки 28×15×10см | G88: 1 | I88: 393 | J88: 15 | L88: =IF(K88>0,K88*I88,"") | N88: =IF(K88>0,COUNTIF($K$7:K88,">0"),"") | O88: https://www.lavrpack.ru/local/templates/phoenix_v1/images_cache/thumbs/9087413ffa1ebf6cc6c3ae697cc971f1.webp?v=1790787000 | P88: e20c9e3c-7f2c-11ec-b73f-0018e40a3af2 | Q88: e20c9e3c-7f2c-11ec-b73f-0018e40a3af2
B89: 62411 | C89: Пенобокс для цветов | D89: Россия | E89: Мини голова 25×22×10см | G89: 1 | I89: 393 | J89: 3 | L89: =IF(K89>0,K89*I89,"") | N89: =IF(K89>0,COUNTIF($K$7:K89,">0"),"") | O89: https://www.lavrpack.ru/local/templates/phoenix_v1/images_cache/thumbs/c97a41ec28af0c7ae3f3471d746611ba.webp?v=1790787000 | P89: 25056502-7f2d-11ec-b73f-0018e40a3af2 | Q89: 25056502-7f2d-11ec-b73f-0018e40a3af2
B90: 61587 | C90: Пенобокс для цветов | D90: Россия | E90: овальный 16×15×10см | G90: 1 | I90: 243 | J90: 5 | L90: =IF(K90>0,K90*I90,"") | N90: =IF(K90>0,COUNTIF($K$7:K90,">0"),"") | O90: https://www.lavrpack.ru/local/templates/phoenix_v1/images_cache/thumbs/d3c53b963fe87cac095385a1e6c87cae.webp?v=1790849822 | P90: ababe745-7f2b-11ec-b73f-0018e40a3af2 | Q90: ababe745-7f2b-11ec-b73f-0018e40a3af2
B91: 48208 | C91: Шар | D91: Китай | E91: D5см. (пенопласт) | G91: 1 | I91: 3 | J91: 1662 | L91: =IF(K91>0,K91*I91,"") | N91: =IF(K91>0,COUNTIF($K$7:K91,">0"),"") | O91: https://www.lavrpack.ru/local/templates/phoenix_v1/images_cache/thumbs/72c5dcb1704d0455593091afdd09f288.webp?v=1790787000 | P91: 8b8d65df-7f2e-11ec-b73f-0018e40a3af2 | Q91: 8b8d65df-7f2e-11ec-b73f-0018e40a3af2
B92: 67268 | C92: Шкатулка | D92: Россия | E92: 16,5×17×Н6см | G92: 1 | I92: 324 | J92: 5 | L92: =IF(K92>0,K92*I92,"") | N92: =IF(K92>0,COUNTIF($K$7:K92,">0"),"") | O92: https://www.lavrpack.ru/local/templates/phoenix_v1/images_cache/thumbs/54fcdfd28612d0d9cde72182918b5f37.webp?v=1790787000 | P92: c284840a-7f2d-11ec-b73f-0018e40a3af2 | Q92: c284840a-7f2d-11ec-b73f-0018e40a3af2
B93: 60658 | C93: Шкатулка(З) | D93: Россия | E93: "Сердце"(дерево)18×5×Н18см | G93: 1 | I93: 197 | J93: 4 | L93: =IF(K93>0,K93*I93,"") | N93: =IF(K93>0,COUNTIF($K$7:K93,">0"),"") | O93: https://www.lavrpack.ru/local/templates/phoenix_v1/images_cache/thumbs/0f06b0e525c4413de3eba1072653f316.webp?v=1790787000 | P93: cff5c834-7f2c-11ec-b73f-0018e40a3af2 | Q93: cff5c834-7f2c-11ec-b73f-0018e40a3af2
B94: 61887 | C94: Шкатулка(З) | D94: Россия | E94: Чайный домик-Скворечник(дерево) 18×19,5×15см | G94: 1 | I94: 197 | J94: 1 | L94: =IF(K94>0,K94*I94,"") | N94: =IF(K94>0,COUNTIF($K$7:K94,">0"),"") | O94: https://www.lavrpack.ru/local/templates/phoenix_v1/images_cache/thumbs/79b84a59a9e76e422a586dc7c0e73e22.webp?v=1790787000 | P94: 0645ed7f-7f2d-11ec-b73f-0018e40a3af2 | Q94: 0645ed7f-7f2d-11ec-b73f-0018e40a3af2
B95: 53759 | C95: Ящик | D95: Россия | E95: (дерево) под бутылку 40×11×11см | G95: 1 | I95: 208 | J95: 25 | L95: =IF(K95>0,K95*I95,"") | N95: =IF(K95>0,COUNTIF($K$7:K95,">0"),"") | O95: https://www.lavrpack.ru/local/templates/phoenix_v1/images_cache/thumbs/bafd5f0964b9937c8a801f0813625b43.webp?v=1790787000 | P95: b1d4f7e2-7f2b-11ec-b73f-0018e40a3af2 | Q95: b1d4f7e2-7f2b-11ec-b73f-0018e40a3af2
B96: 69924 | C96: Ящик(З) | D96: Россия | E96: "8 марта" 16,5×11×Н19,5см | G96: 1 | I96: 220 | J96: 2 | L96: =IF(K96>0,K96*I96,"") | N96: =IF(K96>0,COUNTIF($K$7:K96,">0"),"") | O96: https://www.lavrpack.ru/local/templates/phoenix_v1/images_cache/thumbs/c3c2217136196df1be9bd390b659f17f.webp?v=1790787000 | P96: 0d2243c2-95f9-11ec-b742-0cb6d2d05b37 | Q96: 0d2243c2-95f9-11ec-b742-0cb6d2d05b37
A97: Расходные материалы и инструменты — 16 поз. | N97: =IF(K97>0,COUNTIF($K$7:K97,">0"),"")
B98: 10805 | C98: Оазис | D98: Авто корсо, Польша | G98: 1 | I98: 301 | J98: 46 | L98: =IF(K98>0,K98*I98,"") | N98: =IF(K98>0,COUNTIF($K$7:K98,">0"),"") | O98: https://www.lavrpack.ru/local/templates/phoenix_v1/images_cache/thumbs/a7613b3b5a04109fdd2527239b804a79.webp?v=1790831953 | P98: 61ebc4f9-7f2a-11ec-b73f-0018e40a3af2 | Q98: 61ebc4f9-7f2a-11ec-b73f-0018e40a3af2
B99: 10806 | C99: Оазис | D99: Авто Ронделла (Oasis® Auto rondella), Германия (Floralife Europe GmbH) 13 20.0 | G99: 1 | I99: 509 | J99: 41 | L99: =IF(K99>0,K99*I99,"") | N99: =IF(K99>0,COUNTIF($K$7:K99,">0"),"") | O99: https://www.lavrpack.ru/local/templates/phoenix_v1/images_cache/thumbs/6a47176af32200871020bffceff00795.webp?v=1790831953 | P99: 6cfa28ce-7f2e-11ec-b73f-0018e40a3af2 | Q99: 6cfa28ce-7f2e-11ec-b73f-0018e40a3af2
B100: 10804 | C100: Оазис | D100: Авто корсо мини, Польша | G100: 1 | I100: 255 | J100: 225 | L100: =IF(K100>0,K100*I100,"") | N100: =IF(K100>0,COUNTIF($K$7:K100,">0"),"") | O100: https://www.lavrpack.ru/local/templates/phoenix_v1/images_cache/thumbs/39de96c4ca3a256045517f6489528932.webp?v=1790831953 | P100: 66e328df-7f2e-11ec-b73f-0018e40a3af2 | Q100: 66e328df-7f2e-11ec-b73f-0018e40a3af2
B101: 32986 | C101: Оазис | D101: Присоски на машину, Германия | G101: 1 | I101: 76 | J101: 13 | L101: =IF(K101>0,K101*I101,"") | N101: =IF(K101>0,COUNTIF($K$7:K101,">0"),"") | O101: https://www.lavrpack.ru/local/templates/phoenix_v1/images_cache/thumbs/5880a7d2aa174f17e489315697480dc2.webp?v=1790831953 | P101: a4daaa14-7f2a-11ec-b73f-0018e40a3af2 | Q101: a4daaa14-7f2a-11ec-b73f-0018e40a3af2
B102: 30732 | C102: Оазис | D102: Сфера в сети на деревянной основе, Германия 12 | G102: 1 | I102: 151 | J102: 1 | L102: =IF(K102>0,K102*I102,"") | N102: =IF(K102>0,COUNTIF($K$7:K102,">0"),"") | O102: https://www.lavrpack.ru/local/templates/phoenix_v1/images_cache/thumbs/35c4f1701dd40315d3d2f18009ca4df4.webp?v=1790831953 | P102: 98df30a1-7f2a-11ec-b73f-0018e40a3af2 | Q102: 98df30a1-7f2a-11ec-b73f-0018e40a3af2
B103: 35953 | C103: Оазис | D103: Польша | E103: Портбукетница Леди Сердце 19×19×4 см | G103: 1 | I103: 439 | J103: 14 | L103: =IF(K103>0,K103*I103,"") | N103: =IF(K103>0,COUNTIF($K$7:K103,">0"),"") | O103: https://www.lavrpack.ru/local/templates/phoenix_v1/images_cache/thumbs/654ed6fe07a233a99b75fa1b9dd0a6b5.webp?v=1790831953 | P103: c35bc3ba-7f2a-11ec-b73f-0018e40a3af2 | Q103: c35bc3ba-7f2a-11ec-b73f-0018e40a3af2
B104: 37173 | C104: Оазис | D104: Германия | E104: Сердце 25×12,5×3,5см | G104: 1 | I104: 347 | J104: 13 | L104: =IF(K104>0,K104*I104,"") | N104: =IF(K104>0,COUNTIF($K$7:K104,">0"),"") | O104: https://www.lavrpack.ru/local/templates/phoenix_v1/images_cache/thumbs/a56aaad4e5e16b24c420771692977b82.webp?v=1790831953 | P104: d5b78815-7f2a-11ec-b73f-0018e40a3af2 | Q104: d5b78815-7f2a-11ec-b73f-0018e40a3af2
B105: 35954 | C105: Оазис | D105: Германия | E105: Сердце 29×29,5×6 см | G105: 1 | I105: 543 | J105: 10 | L105: =IF(K105>0,K105*I105,"") | N105: =IF(K105>0,COUNTIF($K$7:K105,">0"),"") | O105: https://www.lavrpack.ru/local/templates/phoenix_v1/images_cache/thumbs/cba7af68daf34a8f4a011d7ba4097157.webp?v=1790809999 | P105: c35bc3ca-7f2a-11ec-b73f-0018e40a3af2 | Q105: c35bc3ca-7f2a-11ec-b73f-0018e40a3af2
B106: 44200 | C106: Оазис | D106: Германия | E106: Сердце 44×45×6см | G106: 1 | I106: 1121 | J106: 4 | L106: =IF(K106>0,K106*I106,"") | N106: =IF(K106>0,COUNTIF($K$7:K106,">0"),"") | O106: https://www.lavrpack.ru/local/templates/phoenix_v1/images_cache/thumbs/f91a4c26f380c3acbcd4a4f773acaadc.webp?v=1790831953 | P106: 850bea63-7f2e-11ec-b73f-0018e40a3af2 | Q106: 850bea63-7f2e-11ec-b73f-0018e40a3af2
B107: 30731 | C107: Оазис | D107: Германя | E107: Сфера в сети на деревянной осное 9 см | G107: 1 | I107: 76 | J107: 32 | L107: =IF(K107>0,K107*I107,"") | N107: =IF(K107>0,COUNTIF($K$7:K107,">0"),"") | O107: https://www.lavrpack.ru/local/templates/phoenix_v1/images_cache/thumbs/49e92295fe70a4da02b0dc972fa9a0e4.webp?v=1790831953 | P107: 98df30a0-7f2a-11ec-b73f-0018e40a3af2 | Q107: 98df30a0-7f2a-11ec-b73f-0018e40a3af2
B108: 30757 | C108: Оазис | D108: Германя | E108: Сфера цветная 9см | G108: 1 | I108: 99 | J108: 148 | L108: =IF(K108>0,K108*I108,"") | N108: =IF(K108>0,COUNTIF($K$7:K108,">0"),"") | O108: https://www.lavrpack.ru/local/templates/phoenix_v1/images_cache/thumbs/d18ce72cfb155a57e07df3695dcde99e.webp?v=1790831953 | P108: 98df30a4-7f2a-11ec-b73f-0018e40a3af2 | Q108: 98df30a4-7f2a-11ec-b73f-0018e40a3af2
B109: 19804 | C109: Оазис | D109: Германя | E109: ШАР 16 см | G109: 1 | I109: 208 | J109: 343 | L109: =IF(K109>0,K109*I109,"") | N109: =IF(K109>0,COUNTIF($K$7:K109,">0"),"") | O109: https://www.lavrpack.ru/local/templates/phoenix_v1/images_cache/thumbs/227a7e2cb00b59fa055a52e75535cd02.webp?v=1790831953 | P109: 8697bf2a-7f2a-11ec-b73f-0018e40a3af2 | Q109: 8697bf2a-7f2a-11ec-b73f-0018e40a3af2
B110: 32985 | C110: Оазис | D110: Германия | E110: Table Deco Maxi 48×9×5 см | G110: 1 | I110: 266 | J110: 27 | L110: =IF(K110>0,K110*I110,"") | N110: =IF(K110>0,COUNTIF($K$7:K110,">0"),"") | O110: https://www.lavrpack.ru/local/templates/phoenix_v1/images_cache/thumbs/8e3459b58b1b325e49b68c4f1c1b9879.webp?v=1790831953 | P110: 78fd928e-7f2e-11ec-b73f-0018e40a3af2 | Q110: 78fd928e-7f2e-11ec-b73f-0018e40a3af2
B111: 19805 | C111: Оазис -ШАР | D111: Германя | E111: 12 см, | G111: 1 | I111: 76 | J111: 140 | L111: =IF(K111>0,K111*I111,"") | N111: =IF(K111>0,COUNTIF($K$7:K111,">0"),"") | O111: https://www.lavrpack.ru/local/templates/phoenix_v1/images_cache/thumbs/1edc654b439da0cfc47477857f2f6865.webp?v=1790831953 | P111: 8697bf2b-7f2a-11ec-b73f-0018e40a3af2 | Q111: 8697bf2b-7f2a-11ec-b73f-0018e40a3af2
B112: 30730 | C112: Оазис -ШАР | D112: Германя | E112: 20 см, | G112: 1 | I112: 266 | J112: 34 | L112: =IF(K112>0,K112*I112,"") | N112: =IF(K112>0,COUNTIF($K$7:K112,">0"),"") | O112: https://www.lavrpack.ru/local/templates/phoenix_v1/images_cache/thumbs/5590b4d9c4f559c1f10a83168df0f9d0.webp?v=1790831953 | P112: cfad57da-7f2a-11ec-b73f-0018e40a3af2 | Q112: cfad57da-7f2a-11ec-b73f-0018e40a3af2
B113: 11810 | C113: Портбукетница | D113: Виктория (Microphone Open), Польша (Victoria Floral Products) 8.0 | G113: 1 | I113: 157 | J113: 6 | L113: =IF(K113>0,K113*I113,"") | N113: =IF(K113>0,COUNTIF($K$7:K113,">0"),"") | O113: https://www.lavrpack.ru/local/templates/phoenix_v1/images_cache/thumbs/b353da64d0c35c83c77b7932af02415e.webp?v=1790831953 | P113: 68132355-7f2a-11ec-b73f-0018e40a3af2 | Q113: 68132355-7f2a-11ec-b73f-0018e40a3af2
A114: Сумочки и пакеты — 16 поз. | N114: =IF(K114>0,COUNTIF($K$7:K114,">0"),"")
B115: 105198 | C115: Конус 12,5*4*45см, Голубой | G115: 1 | I115: 72 | J115: 14 | L115: =IF(K115>0,K115*I115,"") | N115: =IF(K115>0,COUNTIF($K$7:K115,">0"),"") | O115: https://www.lavrpack.ru/local/templates/phoenix_v1/images_cache/thumbs/71381fff15b382ba1abc10b8843219a4.webp?v=1790845066 | P115: 4b3422c7-9017-11ee-a8ad-00e01a6800eb#6da50bbe-9017-11ee-a8ad-00e01a6800eb | Q115: 4b3422c7-9017-11ee-a8ad-00e01a6800eb#6da50bbe-9017-11ee-a8ad-00e01a6800eb
B116: 105198 | C116: Конус 12,5*4*45см, Светло-серый | G116: 1 | I116: 72 | J116: 16 | L116: =IF(K116>0,K116*I116,"") | N116: =IF(K116>0,COUNTIF($K$7:K116,">0"),"") | O116: https://www.lavrpack.ru/local/templates/phoenix_v1/images_cache/thumbs/859ddf8a363fdfc70f61445f758466ee.webp?v=1790845066 | P116: 4b3422c7-9017-11ee-a8ad-00e01a6800eb#5a0b3733-9017-11ee-a8ad-00e01a6800eb | Q116: 4b3422c7-9017-11ee-a8ad-00e01a6800eb#5a0b3733-9017-11ee-a8ad-00e01a6800eb
B117: 45015 | C117: Конус для цветов(пластик) | D117: Китай | E117: с ручкой D17см.H50см | G117: 1 | I117: 55 | J117: 62 | L117: =IF(K117>0,K117*I117,"") | N117: =IF(K117>0,COUNTIF($K$7:K117,">0"),"") | O117: https://www.lavrpack.ru/local/templates/phoenix_v1/images_cache/thumbs/4e0020b9344d914691c7ef62d0e3ff91.webp?v=1790845065 | P117: 0cb9dace-7f2b-11ec-b73f-0018e40a3af2 | Q117: 0cb9dace-7f2b-11ec-b73f-0018e40a3af2
B118: 64546 | C118: Пакет | D118: Китай | E118: матовый 13×10×15см.Красный | G118: 1 | I118: 51 | J118: 5 | L118: =IF(K118>0,K118*I118,"") | N118: =IF(K118>0,COUNTIF($K$7:K118,">0"),"") | O118: https://www.lavrpack.ru/local/templates/phoenix_v1/images_cache/thumbs/1401a1ebede607ec597db1eabe94f5c5.webp?v=1790845066 | P118: e898a47a-7f2b-11ec-b73f-0018e40a3af2 | Q118: e898a47a-7f2b-11ec-b73f-0018e40a3af2
B119: 64548 | C119: Пакет | D119: Китай | E119: матовый 13×10×15см.Тиффани | G119: 1 | I119: 51 | J119: 3 | L119: =IF(K119>0,K119*I119,"") | N119: =IF(K119>0,COUNTIF($K$7:K119,">0"),"") | O119: https://www.lavrpack.ru/local/templates/phoenix_v1/images_cache/thumbs/906e1cd9374d6f31fc0ad866d8d4ccd5.webp?v=1790800902 | P119: 18cd6034-7f2f-11ec-b73f-0018e40a3af2 | Q119: 18cd6034-7f2f-11ec-b73f-0018e40a3af2
...

Sheet Ваш заказ
A1: · Ваш заказ
A2: Здесь автоматически отображаются только позиции, в которых на листе «Прайс и заказ» указано количество. Лист обновляется сам — ничего копировать не нужно.
A3: Компания | B3: =IF('Прайс и заказ'!B2="","",'Прайс и заказ'!B2) | C3: Телефон | D3: =IF('Прайс и заказ'!B4="","",'Прайс и заказ'!B4) | E3: Город | F3: =IF('Прайс и заказ'!B5="","",'Прайс и заказ'!B5)
A4: Контактное лицо | B4: =IF('Прайс и заказ'!B3="","",'Прайс и заказ'!B3) | C4: Комментарий | D4: =IF('Прайс и заказ'!E2="","",'Прайс и заказ'!E2)
A5: Дата прайса | B5: =IF('Прайс и заказ'!E3="","",'Прайс и заказ'!E3) | C5: Категория | D5: =IF('Прайс и заказ'!E4="","",'Прайс и заказ'!E4)
A6: Итого позиций | C6: ='Прайс и заказ'!K158 | D6: Общее количество | F6: ='Прайс и заказ'!K159 | G6: Сумма заказа | I6: ='Прайс и заказ'!K160
A8: Фото | B8: Артикул | C8: Товар | D8: Цвет / вариант | E8: Ед. | F8: Цена опт, с НДС | G8: Заказать | H8: Сумма | I8: Комментарий | J8: служебная | L8: ИД_1С
A9: =IF($J9=0,"",IFERROR(_xlfn.IMAGE(INDEX('Прайс и заказ'!$O:$O,$J9)),"")) | B9: =IF($J9=0,"",IF(INDEX('Прайс и заказ'!B:B,$J9)="","",INDEX('Прайс и заказ'!B:B,$J9))) | C9: =IF($J9=0,"",IF(INDEX('Прайс и заказ'!C:C,$J9)="","",INDEX('Прайс и заказ'!C:C,$J9))) | D9: =IF($J9=0,"",IF(INDEX('Прайс и заказ'!D:D,$J9)="","",INDEX('Прайс и заказ'!D:D,$J9))) | E9: =IF($J9=0,"",IF(INDEX('Прайс и заказ'!F:F,$J9)="","",INDEX('Прайс и заказ'!F:F,$J9))) | F9: =IF($J9=0,"",IF(INDEX('Прайс и заказ'!I:I,$J9)="","",INDEX('Прайс и заказ'!I:I,$J9))) | G9: =IF($J9=0,"",IF(INDEX('Прайс и заказ'!K:K,$J9)="","",INDEX('Прайс и заказ'!K:K,$J9))) | H9: =IF($J9=0,"",IF(INDEX('Прайс и заказ'!L:L,$J9)="","",INDEX('Прайс и заказ'!L:L,$J9))) | I9: =IF($J9=0,"",IF(INDEX('Прайс и заказ'!M:M,$J9)="","",INDEX('Прайс и заказ'!M:M,$J9))) | J9: =IFERROR(MATCH(1,'Прайс и заказ'!$N$7:$N$156,0)+6,0) | K9: =IF($J9=0,"← Пока ничего не выбрано — заполните колонку «Заказать» на листе «Прайс и заказ»","") | L9: =IF($J9=0,"",IF(INDEX('Прайс и заказ'!Q:Q,$J9)="","",INDEX('Прайс и заказ'!Q:Q,$J9)))
A10: =IF($J10=0,"",IFERROR(_xlfn.IMAGE(INDEX('Прайс и заказ'!$O:$O,$J10)),"")) | B10: =IF($J10=0,"",IF(INDEX('Прайс и заказ'!B:B,$J10)="","",INDEX('Прайс и заказ'!B:B,$J10))) | C10: =IF($J10=0,"",IF(INDEX('Прайс и заказ'!C:C,$J10)="","",INDEX('Прайс и заказ'!C:C,$J10))) | D10: =IF($J10=0,"",IF(INDEX('Прайс и заказ'!D:D,$J10)="","",INDEX('Прайс и заказ'!D:D,$J10))) | E10: =IF($J10=0,"",IF(INDEX('Прайс и заказ'!F:F,$J10)="","",INDEX('Прайс и заказ'!F:F,$J10))) | F10: =IF($J10=0,"",IF(INDEX('Прайс и заказ'!I:I,$J10)="","",INDEX('Прайс и заказ'!I:I,$J10))) | G10: =IF($J10=0,"",IF(INDEX('Прайс и заказ'!K:K,$J10)="","",INDEX('Прайс и заказ'!K:K,$J10))) | H10: =IF($J10=0,"",IF(INDEX('Прайс и заказ'!L:L,$J10)="","",INDEX('Прайс и заказ'!L:L,$J10))) | I10: =IF($J10=0,"",IF(INDEX('Прайс и заказ'!M:M,$J10)="","",INDEX('Прайс и заказ'!M:M,$J10))) | J10: =IFERROR(MATCH(2,'Прайс и заказ'!$N$7:$N$156,0)+6,0) | L10: =IF($J10=0,"",IF(INDEX('Прайс и заказ'!Q:Q,$J10)="","",INDEX('Прайс и заказ'!Q:Q,$J10)))
A11: =IF($J11=0,"",IFERROR(_xlfn.IMAGE(INDEX('Прайс и заказ'!$O:$O,$J11)),"")) | B11: =IF($J11=0,"",IF(INDEX('Прайс и заказ'!B:B,$J11)="","",INDEX('Прайс и заказ'!B:B,$J11))) | C11: =IF($J11=0,"",IF(INDEX('Прайс и заказ'!C:C,$J11)="","",INDEX('Прайс и заказ'!C:C,$J11))) | D11: =IF($J11=0,"",IF(INDEX('Прайс и заказ'!D:D,$J11)="","",INDEX('Прайс и заказ'!D:D,$J11))) | E11: =IF($J11=0,"",IF(INDEX('Прайс и заказ'!F:F,$J11)="","",INDEX('Прайс и заказ'!F:F,$J11))) | F11: =IF($J11=0,"",IF(INDEX('Прайс и заказ'!I:I,$J11)="","",INDEX('Прайс и заказ'!I:I,$J11))) | G11: =IF($J11=0,"",IF(INDEX('Прайс и заказ'!K:K,$J11)="","",INDEX('Прайс и заказ'!K:K,$J11))) | H11: =IF($J11=0,"",IF(INDEX('Прайс и заказ'!L:L,$J11)="","",INDEX('Прайс и заказ'!L:L,$J11))) | I11: =IF($J11=0,"",IF(INDEX('Прайс и заказ'!M:M,$J11)="","",INDEX('Прайс и заказ'!M:M,$J11))) | J11: =IFERROR(MATCH(3,'Прайс и заказ'!$N$7:$N$156,0)+6,0) | L11: =IF($J11=0,"",IF(INDEX('Прайс и заказ'!Q:Q,$J11)="","",INDEX('Прайс и заказ'!Q:Q,$J11)))
A12: =IF($J12=0,"",IFERROR(_xlfn.IMAGE(INDEX('Прайс и заказ'!$O:$O,$J12)),"")) | B12: =IF($J12=0,"",IF(INDEX('Прайс и заказ'!B:B,$J12)="","",INDEX('Прайс и заказ'!B:B,$J12))) | C12: =IF($J12=0,"",IF(INDEX('Прайс и заказ'!C:C,$J12)="","",INDEX('Прайс и заказ'!C:C,$J12))) | D12: =IF($J12=0,"",IF(INDEX('Прайс и заказ'!D:D,$J12)="","",INDEX('Прайс и заказ'!D:D,$J12))) | E12: =IF($J12=0,"",IF(INDEX('Прайс и заказ'!F:F,$J12)="","",INDEX('Прайс и заказ'!F:F,$J12))) | F12: =IF($J12=0,"",IF(INDEX('Прайс и заказ'!I:I,$J12)="","",INDEX('Прайс и заказ'!I:I,$J12))) | G12: =IF($J12=0,"",IF(INDEX('Прайс и заказ'!K:K,$J12)="","",INDEX('Прайс и заказ'!K:K,$J12))) | H12: =IF($J12=0,"",IF(INDEX('Прайс и заказ'!L:L,$J12)="","",INDEX('Прайс и заказ'!L:L,$J12))) | I12: =IF($J12=0,"",IF(INDEX('Прайс и заказ'!M:M,$J12)="","",INDEX('Прайс и заказ'!M:M,$J12))) | J12: =IFERROR(MATCH(4,'Прайс и заказ'!$N$7:$N$156,0)+6,0) | L12: =IF($J12=0,"",IF(INDEX('Прайс и заказ'!Q:Q,$J12)="","",INDEX('Прайс и заказ'!Q:Q,$J12)))
A13: =IF($J13=0,"",IFERROR(_xlfn.IMAGE(INDEX('Прайс и заказ'!$O:$O,$J13)),"")) | B13: =IF($J13=0,"",IF(INDEX('Прайс и заказ'!B:B,$J13)="","",INDEX('Прайс и заказ'!B:B,$J13))) | C13: =IF($J13=0,"",IF(INDEX('Прайс и заказ'!C:C,$J13)="","",INDEX('Прайс и заказ'!C:C,$J13))) | D13: =IF($J13=0,"",IF(INDEX('Прайс и заказ'!D:D,$J13)="","",INDEX('Прайс и заказ'!D:D,$J13))) | E13: =IF($J13=0,"",IF(INDEX('Прайс и заказ'!F:F,$J13)="","",INDEX('Прайс и заказ'!F:F,$J13))) | F13: =IF($J13=0,"",IF(INDEX('Прайс и заказ'!I:I,$J13)="","",INDEX('Прайс и заказ'!I:I,$J13))) | G13: =IF($J13=0,"",IF(INDEX('Прайс и заказ'!K:K,$J13)="","",INDEX('Прайс и заказ'!K:K,$J13))) | H13: =IF($J13=0,"",IF(INDEX('Прайс и заказ'!L:L,$J13)="","",INDEX('Прайс и заказ'!L:L,$J13))) | I13: =IF($J13=0,"",IF(INDEX('Прайс и заказ'!M:M,$J13)="","",INDEX('Прайс и заказ'!M:M,$J13))) | J13: =IFERROR(MATCH(5,'Прайс и заказ'!$N$7:$N$156,0)+6,0) | L13: =IF($J13=0,"",IF(INDEX('Прайс и заказ'!Q:Q,$J13)="","",INDEX('Прайс и заказ'!Q:Q,$J13)))
A14: =IF($J14=0,"",IFERROR(_xlfn.IMAGE(INDEX('Прайс и заказ'!$O:$O,$J14)),"")) | B14: =IF($J14=0,"",IF(INDEX('Прайс и заказ'!B:B,$J14)="","",INDEX('Прайс и заказ'!B:B,$J14))) | C14: =IF($J14=0,"",IF(INDEX('Прайс и заказ'!C:C,$J14)="","",INDEX('Прайс и заказ'!C:C,$J14))) | D14: =IF($J14=0,"",IF(INDEX('Прайс и заказ'!D:D,$J14)="","",INDEX('Прайс и заказ'!D:D,$J14))) | E14: =IF($J14=0,"",IF(INDEX('Прайс и заказ'!F:F,$J14)="","",INDEX('Прайс и заказ'!F:F,$J14))) | F14: =IF($J14=0,"",IF(INDEX('Прайс и заказ'!I:I,$J14)="","",INDEX('Прайс и заказ'!I:I,$J14))) | G14: =IF($J14=0,"",IF(INDEX('Прайс и заказ'!K:K,$J14)="","",INDEX('Прайс и заказ'!K:K,$J14))) | H14: =IF($J14=0,"",IF(INDEX('Прайс и заказ'!L:L,$J14)="","",INDEX('Прайс и заказ'!L:L,$J14))) | I14: =IF($J14=0,"",IF(INDEX('Прайс и заказ'!M:M,$J14)="","",INDEX('Прайс и заказ'!M:M,$J14))) | J14: =IFERROR(MATCH(6,'Прайс и заказ'!$N$7:$N$156,0)+6,0) | L14: =IF($J14=0,"",IF(INDEX('Прайс и заказ'!Q:Q,$J14)="","",INDEX('Прайс и заказ'!Q:Q,$J14)))
A15: =IF($J15=0,"",IFERROR(_xlfn.IMAGE(INDEX('Прайс и заказ'!$O:$O,$J15)),"")) | B15: =IF($J15=0,"",IF(INDEX('Прайс и заказ'!B:B,$J15)="","",INDEX('Прайс и заказ'!B:B,$J15))) | C15: =IF($J15=0,"",IF(INDEX('Прайс и заказ'!C:C,$J15)="","",INDEX('Прайс и заказ'!C:C,$J15))) | D15: =IF($J15=0,"",IF(INDEX('Прайс и заказ'!D:D,$J15)="","",INDEX('Прайс и заказ'!D:D,$J15))) | E15: =IF($J15=0,"",IF(INDEX('Прайс и заказ'!F:F,$J15)="","",INDEX('Прайс и заказ'!F:F,$J15))) | F15: =IF($J15=0,"",IF(INDEX('Прайс и заказ'!I:I,$J15)="","",INDEX('Прайс и заказ'!I:I,$J15))) | G15: =IF($J15=0,"",IF(INDEX('Прайс и заказ'!K:K,$J15)="","",INDEX('Прайс и заказ'!K:K,$J15))) | H15: =IF($J15=0,"",IF(INDEX('Прайс и заказ'!L:L,$J15)="","",INDEX('Прайс и заказ'!L:L,$J15))) | I15: =IF($J15=0,"",IF(INDEX('Прайс и заказ'!M:M,$J15)="","",INDEX('Прайс и заказ'!M:M,$J15))) | J15: =IFERROR(MATCH(7,'Прайс и заказ'!$N$7:$N$156,0)+6,0) | L15: =IF($J15=0,"",IF(INDEX('Прайс и заказ'!Q:Q,$J15)="","",INDEX('Прайс и заказ'!Q:Q,$J15)))
A16: =IF($J16=0,"",IFERROR(_xlfn.IMAGE(INDEX('Прайс и заказ'!$O:$O,$J16)),"")) | B16: =IF($J16=0,"",IF(INDEX('Прайс и заказ'!B:B,$J16)="","",INDEX('Прайс и заказ'!B:B,$J16))) | C16: =IF($J16=0,"",IF(INDEX('Прайс и заказ'!C:C,$J16)="","",INDEX('Прайс и заказ'!C:C,$J16))) | D16: =IF($J16=0,"",IF(INDEX('Прайс и заказ'!D:D,$J16)="","",INDEX('Прайс и заказ'!D:D,$J16))) | E16: =IF($J16=0,"",IF(INDEX('Прайс и заказ'!F:F,$J16)="","",INDEX('Прайс и заказ'!F:F,$J16))) | F16: =IF($J16=0,"",IF(INDEX('Прайс и заказ'!I:I,$J16)="","",INDEX('Прайс и заказ'!I:I,$J16))) | G16: =IF($J16=0,"",IF(INDEX('Прайс и заказ'!K:K,$J16)="","",INDEX('Прайс и заказ'!K:K,$J16))) | H16: =IF($J16=0,"",IF(INDEX('Прайс и заказ'!L:L,$J16)="","",INDEX('Прайс и заказ'!L:L,$J16))) | I16: =IF($J16=0,"",IF(INDEX('Прайс и заказ'!M:M,$J16)="","",INDEX('Прайс и заказ'!M:M,$J16))) | J16: =IFERROR(MATCH(8,'Прайс и заказ'!$N$7:$N$156,0)+6,0) | L16: =IF($J16=0,"",IF(INDEX('Прайс и заказ'!Q:Q,$J16)="","",INDEX('Прайс и заказ'!Q:Q,$J16)))
A17: =IF($J17=0,"",IFERROR(_xlfn.IMAGE(INDEX('Прайс и заказ'!$O:$O,$J17)),"")) | B17: =IF($J17=0,"",IF(INDEX('Прайс и заказ'!B:B,$J17)="","",INDEX('Прайс и заказ'!B:B,$J17))) | C17: =IF($J17=0,"",IF(INDEX('Прайс и заказ'!C:C,$J17)="","",INDEX('Прайс и заказ'!C:C,$J17))) | D17: =IF($J17=0,"",IF(INDEX('Прайс и заказ'!D:D,$J17)="","",INDEX('Прайс и заказ'!D:D,$J17))) | E17: =IF($J17=0,"",IF(INDEX('Прайс и заказ'!F:F,$J17)="","",INDEX('Прайс и заказ'!F:F,$J17))) | F17: =IF($J17=0,"",IF(INDEX('Прайс и заказ'!I:I,$J17)="","",INDEX('Прайс и заказ'!I:I,$J17))) | G17: =IF($J17=0,"",IF(INDEX('Прайс и заказ'!K:K,$J17)="","",INDEX('Прайс и заказ'!K:K,$J17))) | H17: =IF($J17=0,"",IF(INDEX('Прайс и заказ'!L:L,$J17)="","",INDEX('Прайс и заказ'!L:L,$J17))) | I17: =IF($J17=0,"",IF(INDEX('Прайс и заказ'!M:M,$J17)="","",INDEX('Прайс и заказ'!M:M,$J17))) | J17: =IFERROR(MATCH(9,'Прайс и заказ'!$N$7:$N$156,0)+6,0) | L17: =IF($J17=0,"",IF(INDEX('Прайс и заказ'!Q:Q,$J17)="","",INDEX('Прайс и заказ'!Q:Q,$J17)))
A18: =IF($J18=0,"",IFERROR(_xlfn.IMAGE(INDEX('Прайс и заказ'!$O:$O,$J18)),"")) | B18: =IF($J18=0,"",IF(INDEX('Прайс и заказ'!B:B,$J18)="","",INDEX('Прайс и заказ'!B:B,$J18))) | C18: =IF($J18=0,"",IF(INDEX('Прайс и заказ'!C:C,$J18)="","",INDEX('Прайс и заказ'!C:C,$J18))) | D18: =IF($J18=0,"",IF(INDEX('Прайс и заказ'!D:D,$J18)="","",INDEX('Прайс и заказ'!D:D,$J18))) | E18: =IF($J18=0,"",IF(INDEX('Прайс и заказ'!F:F,$J18)="","",INDEX('Прайс и заказ'!F:F,$J18))) | F18: =IF($J18=0,"",IF(INDEX('Прайс и заказ'!I:I,$J18)="","",INDEX('Прайс и заказ'!I:I,$J18))) | G18: =IF($J18=0,"",IF(INDEX('Прайс и заказ'!K:K,$J18)="","",INDEX('Прайс и заказ'!K:K,$J18))) | H18: =IF($J18=0,"",IF(INDEX('Прайс и заказ'!L:L,$J18)="","",INDEX('Прайс и заказ'!L:L,$J18))) | I18: =IF($J18=0,"",IF(INDEX('Прайс и заказ'!M:M,$J18)="","",INDEX('Прайс и заказ'!M:M,$J18))) | J18: =IFERROR(MATCH(10,'Прайс и заказ'!$N$7:$N$156,0)+6,0) | L18: =IF($J18=0,"",IF(INDEX('Прайс и заказ'!Q:Q,$J18)="","",INDEX('Прайс и заказ'!Q:Q,$J18)))
A19: =IF($J19=0,"",IFERROR(_xlfn.IMAGE(INDEX('Прайс и заказ'!$O:$O,$J19)),"")) | B19: =IF($J19=0,"",IF(INDEX('Прайс и заказ'!B:B,$J19)="","",INDEX('Прайс и заказ'!B:B,$J19))) | C19: =IF($J19=0,"",IF(INDEX('Прайс и заказ'!C:C,$J19)="","",INDEX('Прайс и заказ'!C:C,$J19))) | D19: =IF($J19=0,"",IF(INDEX('Прайс и заказ'!D:D,$J19)="","",INDEX('Прайс и заказ'!D:D,$J19))) | E19: =IF($J19=0,"",IF(INDEX('Прайс и заказ'!F:F,$J19)="","",INDEX('Прайс и заказ'!F:F,$J19))) | F19: =IF($J19=0,"",IF(INDEX('Прайс и заказ'!I:I,$J19)="","",INDEX('Прайс и заказ'!I:I,$J19))) | G19: =IF($J19=0,"",IF(INDEX('Прайс и заказ'!K:K,$J19)="","",INDEX('Прайс и заказ'!K:K,$J19))) | H19: =IF($J19=0,"",IF(INDEX('Прайс и заказ'!L:L,$J19)="","",INDEX('Прайс и заказ'!L:L,$J19))) | I19: =IF($J19=0,"",IF(INDEX('Прайс и заказ'!M:M,$J19)="","",INDEX('Прайс и заказ'!M:M,$J19))) | J19: =IFERROR(MATCH(11,'Прайс и заказ'!$N$7:$N$156,0)+6,0) | L19: =IF($J19=0,"",IF(INDEX('Прайс и заказ'!Q:Q,$J19)="","",INDEX('Прайс и заказ'!Q:Q,$J19)))
A20: =IF($J20=0,"",IFERROR(_xlfn.IMAGE(INDEX('Прайс и заказ'!$O:$O,$J20)),"")) | B20: =IF($J20=0,"",IF(INDEX('Прайс и заказ'!B:B,$J20)="","",INDEX('Прайс и заказ'!B:B,$J20))) | C20: =IF($J20=0,"",IF(INDEX('Прайс и заказ'!C:C,$J20)="","",INDEX('Прайс и заказ'!C:C,$J20))) | D20: =IF($J20=0,"",IF(INDEX('Прайс и заказ'!D:D,$J20)="","",INDEX('Прайс и заказ'!D:D,$J20))) | E20: =IF($J20=0,"",IF(INDEX('Прайс и заказ'!F:F,$J20)="","",INDEX('Прайс и заказ'!F:F,$J20))) | F20: =IF($J20=0,"",IF(INDEX('Прайс и заказ'!I:I,$J20)="","",INDEX('Прайс и заказ'!I:I,$J20))) | G20: =IF($J20=0,"",IF(INDEX('Прайс и заказ'!K:K,$J20)="","",INDEX('Прайс и заказ'!K:K,$J20))) | H20: =IF($J20=0,"",IF(INDEX('Прайс и заказ'!L:L,$J20)="","",INDEX('Прайс и заказ'!L:L,$J20))) | I20: =IF($J20=0,"",IF(INDEX('Прайс и заказ'!M:M,$J20)="","",INDEX('Прайс и заказ'!M:M,$J20))) | J20: =IFERROR(MATCH(12,'Прайс и заказ'!$N$7:$N$156,0)+6,0) | L20: =IF($J20=0,"",IF(INDEX('Прайс и заказ'!Q:Q,$J20)="","",INDEX('Прайс и заказ'!Q:Q,$J20)))
A21: =IF($J21=0,"",IFERROR(_xlfn.IMAGE(INDEX('Прайс и заказ'!$O:$O,$J21)),"")) | B21: =IF($J21=0,"",IF(INDEX('Прайс и заказ'!B:B,$J21)="","",INDEX('Прайс и заказ'!B:B,$J21))) | C21: =IF($J21=0,"",IF(INDEX('Прайс и заказ'!C:C,$J21)="","",INDEX('Прайс и заказ'!C:C,$J21))) | D21: =IF($J21=0,"",IF(INDEX('Прайс и заказ'!D:D,$J21)="","",INDEX('Прайс и заказ'!D:D,$J21))) | E21: =IF($J21=0,"",IF(INDEX('Прайс и заказ'!F:F,$J21)="","",INDEX('Прайс и заказ'!F:F,$J21))) | F21: =IF($J21=0,"",IF(INDEX('Прайс и заказ'!I:I,$J21)="","",INDEX('Прайс и заказ'!I:I,$J21))) | G21: =IF($J21=0,"",IF(INDEX('Прайс и заказ'!K:K,$J21)="","",INDEX('Прайс и заказ'!K:K,$J21))) | H21: =IF($J21=0,"",IF(INDEX('Прайс и заказ'!L:L,$J21)="","",INDEX('Прайс и заказ'!L:L,$J21))) | I21: =IF($J21=0,"",IF(INDEX('Прайс и заказ'!M:M,$J21)="","",INDEX('Прайс и заказ'!M:M,$J21))) | J21: =IFERROR(MATCH(13,'Прайс и заказ'!$N$7:$N$156,0)+6,0) | L21: =IF($J21=0,"",IF(INDEX('Прайс и заказ'!Q:Q,$J21)="","",INDEX('Прайс и заказ'!Q:Q,$J21)))
A22: =IF($J22=0,"",IFERROR(_xlfn.IMAGE(INDEX('Прайс и заказ'!$O:$O,$J22)),"")) | B22: =IF($J22=0,"",IF(INDEX('Прайс и заказ'!B:B,$J22)="","",INDEX('Прайс и заказ'!B:B,$J22))) | C22: =IF($J22=0,"",IF(INDEX('Прайс и заказ'!C:C,$J22)="","",INDEX('Прайс и заказ'!C:C,$J22))) | D22: =IF($J22=0,"",IF(INDEX('Прайс и заказ'!D:D,$J22)="","",INDEX('Прайс и заказ'!D:D,$J22))) | E22: =IF($J22=0,"",IF(INDEX('Прайс и заказ'!F:F,$J22)="","",INDEX('Прайс и заказ'!F:F,$J22))) | F22: =IF($J22=0,"",IF(INDEX('Прайс и заказ'!I:I,$J22)="","",INDEX('Прайс и заказ'!I:I,$J22))) | G22: =IF($J22=0,"",IF(INDEX('Прайс и заказ'!K:K,$J22)="","",INDEX('Прайс и заказ'!K:K,$J22))) | H22: =IF($J22=0,"",IF(INDEX('Прайс и заказ'!L:L,$J22)="","",INDEX('Прайс и заказ'!L:L,$J22))) | I22: =IF($J22=0,"",IF(INDEX('Прайс и заказ'!M:M,$J22)="","",INDEX('Прайс и заказ'!M:M,$J22))) | J22: =IFERROR(MATCH(14,'Прайс и заказ'!$N$7:$N$156,0)+6,0) | L22: =IF($J22=0,"",IF(INDEX('Прайс и заказ'!Q:Q,$J22)="","",INDEX('Прайс и заказ'!Q:Q,$J22)))
A23: =IF($J23=0,"",IFERROR(_xlfn.IMAGE(INDEX('Прайс и заказ'!$O:$O,$J23)),"")) | B23: =IF($J23=0,"",IF(INDEX('Прайс и заказ'!B:B,$J23)="","",INDEX('Прайс и заказ'!B:B,$J23))) | C23: =IF($J23=0,"",IF(INDEX('Прайс и заказ'!C:C,$J23)="","",INDEX('Прайс и заказ'!C:C,$J23))) | D23: =IF($J23=0,"",IF(INDEX('Прайс и заказ'!D:D,$J23)="","",INDEX('Прайс и заказ'!D:D,$J23))) | E23: =IF($J23=0,"",IF(INDEX('Прайс и заказ'!F:F,$J23)="","",INDEX('Прайс и заказ'!F:F,$J23))) | F23: =IF($J23=0,"",IF(INDEX('Прайс и заказ'!I:I,$J23)="","",INDEX('Прайс и заказ'!I:I,$J23))) | G23: =IF($J23=0,"",IF(INDEX('Прайс и заказ'!K:K,$J23)="","",INDEX('Прайс и заказ'!K:K,$J23))) | H23: =IF($J23=0,"",IF(INDEX('Прайс и заказ'!L:L,$J23)="","",INDEX('Прайс и заказ'!L:L,$J23))) | I23: =IF($J23=0,"",IF(INDEX('Прайс и заказ'!M:M,$J23)="","",INDEX('Прайс и заказ'!M:M,$J23))) | J23: =IFERROR(MATCH(15,'Прайс и заказ'!$N$7:$N$156,0)+6,0) | L23: =IF($J23=0,"",IF(INDEX('Прайс и заказ'!Q:Q,$J23)="","",INDEX('Прайс и заказ'!Q:Q,$J23)))
A24: =IF($J24=0,"",IFERROR(_xlfn.IMAGE(INDEX('Прайс и заказ'!$O:$O,$J24)),"")) | B24: =IF($J24=0,"",IF(INDEX('Прайс и заказ'!B:B,$J24)="","",INDEX('Прайс и заказ'!B:B,$J24))) | C24: =IF($J24=0,"",IF(INDEX('Прайс и заказ'!C:C,$J24)="","",INDEX('Прайс и заказ'!C:C,$J24))) | D24: =IF($J24=0,"",IF(INDEX('Прайс и заказ'!D:D,$J24)="","",INDEX('Прайс и заказ'!D:D,$J24))) | E24: =IF($J24=0,"",IF(INDEX('Прайс и заказ'!F:F,$J24)="","",INDEX('Прайс и заказ'!F:F,$J24))) | F24: =IF($J24=0,"",IF(INDEX('Прайс и заказ'!I:I,$J24)="","",INDEX('Прайс и заказ'!I:I,$J24))) | G24: =IF($J24=0,"",IF(INDEX('Прайс и заказ'!K:K,$J24)="","",INDEX('Прайс и заказ'!K:K,$J24))) | H24: =IF($J24=0,"",IF(INDEX('Прайс и заказ'!L:L,$J24)="","",INDEX('Прайс и заказ'!L:L,$J24))) | I24: =IF($J24=0,"",IF(INDEX('Прайс и заказ'!M:M,$J24)="","",INDEX('Прайс и заказ'!M:M,$J24))) | J24: =IFERROR(MATCH(16,'Прайс и заказ'!$N$7:$N$156,0)+6,0) | L24: =IF($J24=0,"",IF(INDEX('Прайс и заказ'!Q:Q,$J24)="","",INDEX('Прайс и заказ'!Q:Q,$J24)))
A25: =IF($J25=0,"",IFERROR(_xlfn.IMAGE(INDEX('Прайс и заказ'!$O:$O,$J25)),"")) | B25: =IF($J25=0,"",IF(INDEX('Прайс и заказ'!B:B,$J25)="","",INDEX('Прайс и заказ'!B:B,$J25))) | C25: =IF($J25=0,"",IF(INDEX('Прайс и заказ'!C:C,$J25)="","",INDEX('Прайс и заказ'!C:C,$J25))) | D25: =IF($J25=0,"",IF(INDEX('Прайс и заказ'!D:D,$J25)="","",INDEX('Прайс и заказ'!D:D,$J25))) | E25: =IF($J25=0,"",IF(INDEX('Прайс и заказ'!F:F,$J25)="","",INDEX('Прайс и заказ'!F:F,$J25))) | F25: =IF($J25=0,"",IF(INDEX('Прайс и заказ'!I:I,$J25)="","",INDEX('Прайс и заказ'!I:I,$J25))) | G25: =IF($J25=0,"",IF(INDEX('Прайс и заказ'!K:K,$J25)="","",INDEX('Прайс и заказ'!K:K,$J25))) | H25: =IF($J25=0,"",IF(INDEX('Прайс и заказ'!L:L,$J25)="","",INDEX('Прайс и заказ'!L:L,$J25))) | I25: =IF($J25=0,"",IF(INDEX('Прайс и заказ'!M:M,$J25)="","",INDEX('Прайс и заказ'!M:M,$J25))) | J25: =IFERROR(MATCH(17,'Прайс и заказ'!$N$7:$N$156,0)+6,0) | L25: =IF($J25=0,"",IF(INDEX('Прайс и заказ'!Q:Q,$J25)="","",INDEX('Прайс и заказ'!Q:Q,$J25)))
A26: =IF($J26=0,"",IFERROR(_xlfn.IMAGE(INDEX('Прайс и заказ'!$O:$O,$J26)),"")) | B26: =IF($J26=0,"",IF(INDEX('Прайс и заказ'!B:B,$J26)="","",INDEX('Прайс и заказ'!B:B,$J26))) | C26: =IF($J26=0,"",IF(INDEX('Прайс и заказ'!C:C,$J26)="","",INDEX('Прайс и заказ'!C:C,$J26))) | D26: =IF($J26=0,"",IF(INDEX('Прайс и заказ'!D:D,$J26)="","",INDEX('Прайс и заказ'!D:D,$J26))) | E26: =IF($J26=0,"",IF(INDEX('Прайс и заказ'!F:F,$J26)="","",INDEX('Прайс и заказ'!F:F,$J26))) | F26: =IF($J26=0,"",IF(INDEX('Прайс и заказ'!I:I,$J26)="","",INDEX('Прайс и заказ'!I:I,$J26))) | G26: =IF($J26=0,"",IF(INDEX('Прайс и заказ'!K:K,$J26)="","",INDEX('Прайс и заказ'!K:K,$J26))) | H26: =IF($J26=0,"",IF(INDEX('Прайс и заказ'!L:L,$J26)="","",INDEX('Прайс и заказ'!L:L,$J26))) | I26: =IF($J26=0,"",IF(INDEX('Прайс и заказ'!M:M,$J26)="","",INDEX('Прайс и заказ'!M:M,$J26))) | J26: =IFERROR(MATCH(18,'Прайс и заказ'!$N$7:$N$156,0)+6,0) | L26: =IF($J26=0,"",IF(INDEX('Прайс и заказ'!Q:Q,$J26)="","",INDEX('Прайс и заказ'!Q:Q,$J26)))
A27: =IF($J27=0,"",IFERROR(_xlfn.IMAGE(INDEX('Прайс и заказ'!$O:$O,$J27)),"")) | B27: =IF($J27=0,"",IF(INDEX('Прайс и заказ'!B:B,$J27)="","",INDEX('Прайс и заказ'!B:B,$J27))) | C27: =IF($J27=0,"",IF(INDEX('Прайс и заказ'!C:C,$J27)="","",INDEX('Прайс и заказ'!C:C,$J27))) | D27: =IF($J27=0,"",IF(INDEX('Прайс и заказ'!D:D,$J27)="","",INDEX('Прайс и заказ'!D:D,$J27))) | E27: =IF($J27=0,"",IF(INDEX('Прайс и заказ'!F:F,$J27)="","",INDEX('Прайс и заказ'!F:F,$J27))) | F27: =IF($J27=0,"",IF(INDEX('Прайс и заказ'!I:I,$J27)="","",INDEX('Прайс и заказ'!I:I,$J27))) | G27: =IF($J27=0,"",IF(INDEX('Прайс и заказ'!K:K,$J27)="","",INDEX('Прайс и заказ'!K:K,$J27))) | H27: =IF($J27=0,"",IF(INDEX('Прайс и заказ'!L:L,$J27)="","",INDEX('Прайс и заказ'!L:L,$J27))) | I27: =IF($J27=0,"",IF(INDEX('Прайс и заказ'!M:M,$J27)="","",INDEX('Прайс и заказ'!M:M,$J27))) | J27: =IFERROR(MATCH(19,'Прайс и заказ'!$N$7:$N$156,0)+6,0) | L27: =IF($J27=0,"",IF(INDEX('Прайс и заказ'!Q:Q,$J27)="","",INDEX('Прайс и заказ'!Q:Q,$J27)))
A28: =IF($J28=0,"",IFERROR(_xlfn.IMAGE(INDEX('Прайс и заказ'!$O:$O,$J28)),"")) | B28: =IF($J28=0,"",IF(INDEX('Прайс и заказ'!B:B,$J28)="","",INDEX('Прайс и заказ'!B:B,$J28))) | C28: =IF($J28=0,"",IF(INDEX('Прайс и заказ'!C:C,$J28)="","",INDEX('Прайс и заказ'!C:C,$J28))) | D28: =IF($J28=0,"",IF(INDEX('Прайс и заказ'!D:D,$J28)="","",INDEX('Прайс и заказ'!D:D,$J28))) | E28: =IF($J28=0,"",IF(INDEX('Прайс и заказ'!F:F,$J28)="","",INDEX('Прайс и заказ'!F:F,$J28))) | F28: =IF($J28=0,"",IF(INDEX('Прайс и заказ'!I:I,$J28)="","",INDEX('Прайс и заказ'!I:I,$J28))) | G28: =IF($J28=0,"",IF(INDEX('Прайс и заказ'!K:K,$J28)="","",INDEX('Прайс и заказ'!K:K,$J28))) | H28: =IF($J28=0,"",IF(INDEX('Прайс и заказ'!L:L,$J28)="","",INDEX('Прайс и заказ'!L:L,$J28))) | I28: =IF($J28=0,"",IF(INDEX('Прайс и заказ'!M:M,$J28)="","",INDEX('Прайс и заказ'!M:M,$J28))) | J28: =IFERROR(MATCH(20,'Прайс и заказ'!$N$7:$N$156,0)+6,0) | L28: =IF($J28=0,"",IF(INDEX('Прайс и заказ'!Q:Q,$J28)="","",INDEX('Прайс и заказ'!Q:Q,$J28)))
A29: =IF($J29=0,"",IFERROR(_xlfn.IMAGE(INDEX('Прайс и заказ'!$O:$O,$J29)),"")) | B29: =IF($J29=0,"",IF(INDEX('Прайс и заказ'!B:B,$J29)="","",INDEX('Прайс и заказ'!B:B,$J29))) | C29: =IF($J29=0,"",IF(INDEX('Прайс и заказ'!C:C,$J29)="","",INDEX('Прайс и заказ'!C:C,$J29))) | D29: =IF($J29=0,"",IF(INDEX('Прайс и заказ'!D:D,$J29)="","",INDEX('Прайс и заказ'!D:D,$J29))) | E29: =IF($J29=0,"",IF(INDEX('Прайс и заказ'!F:F,$J29)="","",INDEX('Прайс и заказ'!F:F,$J29))) | F29: =IF($J29=0,"",IF(INDEX('Прайс и заказ'!I:I,$J29)="","",INDEX('Прайс и заказ'!I:I,$J29))) | G29: =IF($J29=0,"",IF(INDEX('Прайс и заказ'!K:K,$J29)="","",INDEX('Прайс и заказ'!K:K,$J29))) | H29: =IF($J29=0,"",IF(INDEX('Прайс и заказ'!L:L,$J29)="","",INDEX('Прайс и заказ'!L:L,$J29))) | I29: =IF($J29=0,"",IF(INDEX('Прайс и заказ'!M:M,$J29)="","",INDEX('Прайс и заказ'!M:M,$J29))) | J29: =IFERROR(MATCH(21,'Прайс и заказ'!$N$7:$N$156,0)+6,0) | L29: =IF($J29=0,"",IF(INDEX('Прайс и заказ'!Q:Q,$J29)="","",INDEX('Прайс и заказ'!Q:Q,$J29)))
A30: =IF($J30=0,"",IFERROR(_xlfn.IMAGE(INDEX('Прайс и заказ'!$O:$O,$J30)),"")) | B30: =IF($J30=0,"",IF(INDEX('Прайс и заказ'!B:B,$J30)="","",INDEX('Прайс и заказ'!B:B,$J30))) | C30: =IF($J30=0,"",IF(INDEX('Прайс и заказ'!C:C,$J30)="","",INDEX('Прайс и заказ'!C:C,$J30))) | D30: =IF($J30=0,"",IF(INDEX('Прайс и заказ'!D:D,$J30)="","",INDEX('Прайс и заказ'!D:D,$J30))) | E30: =IF($J30=0,"",IF(INDEX('Прайс и заказ'!F:F,$J30)="","",INDEX('Прайс и заказ'!F:F,$J30))) | F30: =IF($J30=0,"",IF(INDEX('Прайс и заказ'!I:I,$J30)="","",INDEX('Прайс и заказ'!I:I,$J30))) | G30: =IF($J30=0,"",IF(INDEX('Прайс и заказ'!K:K,$J30)="","",INDEX('Прайс и заказ'!K:K,$J30))) | H30: =IF($J30=0,"",IF(INDEX('Прайс и заказ'!L:L,$J30)="","",INDEX('Прайс и заказ'!L:L,$J30))) | I30: =IF($J30=0,"",IF(INDEX('Прайс и заказ'!M:M,$J30)="","",INDEX('Прайс и заказ'!M:M,$J30))) | J30: =IFERROR(MATCH(22,'Прайс и заказ'!$N$7:$N$156,0)+6,0) | L30: =IF($J30=0,"",IF(INDEX('Прайс и заказ'!Q:Q,$J30)="","",INDEX('Прайс и заказ'!Q:Q,$J30)))
A31: =IF($J31=0,"",IFERROR(_xlfn.IMAGE(INDEX('Прайс и заказ'!$O:$O,$J31)),"")) | B31: =IF($J31=0,"",IF(INDEX('Прайс и заказ'!B:B,$J31)="","",INDEX('Прайс и заказ'!B:B,$J31))) | C31: =IF($J31=0,"",IF(INDEX('Прайс и заказ'!C:C,$J31)="","",INDEX('Прайс и заказ'!C:C,$J31))) | D31: =IF($J31=0,"",IF(INDEX('Прайс и заказ'!D:D,$J31)="","",INDEX('Прайс и заказ'!D:D,$J31))) | E31: =IF($J31=0,"",IF(INDEX('Прайс и заказ'!F:F,$J31)="","",INDEX('Прайс и заказ'!F:F,$J31))) | F31: =IF($J31=0,"",IF(INDEX('Прайс и заказ'!I:I,$J31)="","",INDEX('Прайс и заказ'!I:I,$J31))) | G31: =IF($J31=0,"",IF(INDEX('Прайс и заказ'!K:K,$J31)="","",INDEX('Прайс и заказ'!K:K,$J31))) | H31: =IF($J31=0,"",IF(INDEX('Прайс и заказ'!L:L,$J31)="","",INDEX('Прайс и заказ'!L:L,$J31))) | I31: =IF($J31=0,"",IF(INDEX('Прайс и заказ'!M:M,$J31)="","",INDEX('Прайс и заказ'!M:M,$J31))) | J31: =IFERROR(MATCH(23,'Прайс и заказ'!$N$7:$N$156,0)+6,0) | L31: =IF($J31=0,"",IF(INDEX('Прайс и заказ'!Q:Q,$J31)="","",INDEX('Прайс и заказ'!Q:Q,$J31)))
A32: =IF($J32=0,"",IFERROR(_xlfn.IMAGE(INDEX('Прайс и заказ'!$O:$O,$J32)),"")) | B32: =IF($J32=0,"",IF(INDEX('Прайс и заказ'!B:B,$J32)="","",INDEX('Прайс и заказ'!B:B,$J32))) | C32: =IF($J32=0,"",IF(INDEX('Прайс и заказ'!C:C,$J32)="","",INDEX('Прайс и заказ'!C:C,$J32))) | D32: =IF($J32=0,"",IF(INDEX('Прайс и заказ'!D:D,$J32)="","",INDEX('Прайс и заказ'!D:D,$J32))) | E32: =IF($J32=0,"",IF(INDEX('Прайс и заказ'!F:F,$J32)="","",INDEX('Прайс и заказ'!F:F,$J32))) | F32: =IF($J32=0,"",IF(INDEX('Прайс и заказ'!I:I,$J32)="","",INDEX('Прайс и заказ'!I:I,$J32))) | G32: =IF($J32=0,"",IF(INDEX('Прайс и заказ'!K:K,$J32)="","",INDEX('Прайс и заказ'!K:K,$J32))) | H32: =IF($J32=0,"",IF(INDEX('Прайс и заказ'!L:L,$J32)="","",INDEX('Прайс и заказ'!L:L,$J32))) | I32: =IF($J32=0,"",IF(INDEX('Прайс и заказ'!M:M,$J32)="","",INDEX('Прайс и заказ'!M:M,$J32))) | J32: =IFERROR(MATCH(24,'Прайс и заказ'!$N$7:$N$156,0)+6,0) | L32: =IF($J32=0,"",IF(INDEX('Прайс и заказ'!Q:Q,$J32)="","",INDEX('Прайс и заказ'!Q:Q,$J32)))
A33: =IF($J33=0,"",IFERROR(_xlfn.IMAGE(INDEX('Прайс и заказ'!$O:$O,$J33)),"")) | B33: =IF($J33=0,"",IF(INDEX('Прайс и заказ'!B:B,$J33)="","",INDEX('Прайс и заказ'!B:B,$J33))) | C33: =IF($J33=0,"",IF(INDEX('Прайс и заказ'!C:C,$J33)="","",INDEX('Прайс и заказ'!C:C,$J33))) | D33: =IF($J33=0,"",IF(INDEX('Прайс и заказ'!D:D,$J33)="","",INDEX('Прайс и заказ'!D:D,$J33))) | E33: =IF($J33=0,"",IF(INDEX('Прайс и заказ'!F:F,$J33)="","",INDEX('Прайс и заказ'!F:F,$J33))) | F33: =IF($J33=0,"",IF(INDEX('Прайс и заказ'!I:I,$J33)="","",INDEX('Прайс и заказ'!I:I,$J33))) | G33: =IF($J33=0,"",IF(INDEX('Прайс и заказ'!K:K,$J33)="","",INDEX('Прайс и заказ'!K:K,$J33))) | H33: =IF($J33=0,"",IF(INDEX('Прайс и заказ'!L:L,$J33)="","",INDEX('Прайс и заказ'!L:L,$J33))) | I33: =IF($J33=0,"",IF(INDEX('Прайс и заказ'!M:M,$J33)="","",INDEX('Прайс и заказ'!M:M,$J33))) | J33: =IFERROR(MATCH(25,'Прайс и заказ'!$N$7:$N$156,0)+6,0) | L33: =IF($J33=0,"",IF(INDEX('Прайс и заказ'!Q:Q,$J33)="","",INDEX('Прайс и заказ'!Q:Q,$J33)))
A34: =IF($J34=0,"",IFERROR(_xlfn.IMAGE(INDEX('Прайс и заказ'!$O:$O,$J34)),"")) | B34: =IF($J34=0,"",IF(INDEX('Прайс и заказ'!B:B,$J34)="","",INDEX('Прайс и заказ'!B:B,$J34))) | C34: =IF($J34=0,"",IF(INDEX('Прайс и заказ'!C:C,$J34)="","",INDEX('Прайс и заказ'!C:C,$J34))) | D34: =IF($J34=0,"",IF(INDEX('Прайс и заказ'!D:D,$J34)="","",INDEX('Прайс и заказ'!D:D,$J34))) | E34: =IF($J34=0,"",IF(INDEX('Прайс и заказ'!F:F,$J34)="","",INDEX('Прайс и заказ'!F:F,$J34))) | F34: =IF($J34=0,"",IF(INDEX('Прайс и заказ'!I:I,$J34)="","",INDEX('Прайс и заказ'!I:I,$J34))) | G34: =IF($J34=0,"",IF(INDEX('Прайс и заказ'!K:K,$J34)="","",INDEX('Прайс и заказ'!K:K,$J34))) | H34: =IF($J34=0,"",IF(INDEX('Прайс и заказ'!L:L,$J34)="","",INDEX('Прайс и заказ'!L:L,$J34))) | I34: =IF($J34=0,"",IF(INDEX('Прайс и заказ'!M:M,$J34)="","",INDEX('Прайс и заказ'!M:M,$J34))) | J34: =IFERROR(MATCH(26,'Прайс и заказ'!$N$7:$N$156,0)+6,0) | L34: =IF($J34=0,"",IF(INDEX('Прайс и заказ'!Q:Q,$J34)="","",INDEX('Прайс и заказ'!Q:Q,$J34)))
A35: =IF($J35=0,"",IFERROR(_xlfn.IMAGE(INDEX('Прайс и заказ'!$O:$O,$J35)),"")) | B35: =IF($J35=0,"",IF(INDEX('Прайс и заказ'!B:B,$J35)="","",INDEX('Прайс и заказ'!B:B,$J35))) | C35: =IF($J35=0,"",IF(INDEX('Прайс и заказ'!C:C,$J35)="","",INDEX('Прайс и заказ'!C:C,$J35))) | D35: =IF($J35=0,"",IF(INDEX('Прайс и заказ'!D:D,$J35)="","",INDEX('Прайс и заказ'!D:D,$J35))) | E35: =IF($J35=0,"",IF(INDEX('Прайс и заказ'!F:F,$J35)="","",INDEX('Прайс и заказ'!F:F,$J35))) | F35: =IF($J35=0,"",IF(INDEX('Прайс и заказ'!I:I,$J35)="","",INDEX('Прайс и заказ'!I:I,$J35))) | G35: =IF($J35=0,"",IF(INDEX('Прайс и заказ'!K:K,$J35)="","",INDEX('Прайс и заказ'!K:K,$J35))) | H35: =IF($J35=0,"",IF(INDEX('Прайс и заказ'!L:L,$J35)="","",INDEX('Прайс и заказ'!L:L,$J35))) | I35: =IF($J35=0,"",IF(INDEX('Прайс и заказ'!M:M,$J35)="","",INDEX('Прайс и заказ'!M:M,$J35))) | J35: =IFERROR(MATCH(27,'Прайс и заказ'!$N$7:$N$156,0)+6,0) | L35: =IF($J35=0,"",IF(INDEX('Прайс и заказ'!Q:Q,$J35)="","",INDEX('Прайс и заказ'!Q:Q,$J35)))
A36: =IF($J36=0,"",IFERROR(_xlfn.IMAGE(INDEX('Прайс и заказ'!$O:$O,$J36)),"")) | B36: =IF($J36=0,"",IF(INDEX('Прайс и заказ'!B:B,$J36)="","",INDEX('Прайс и заказ'!B:B,$J36))) | C36: =IF($J36=0,"",IF(INDEX('Прайс и заказ'!C:C,$J36)="","",INDEX('Прайс и заказ'!C:C,$J36))) | D36: =IF($J36=0,"",IF(INDEX('Прайс и заказ'!D:D,$J36)="","",INDEX('Прайс и заказ'!D:D,$J36))) | E36: =IF($J36=0,"",IF(INDEX('Прайс и заказ'!F:F,$J36)="","",INDEX('Прайс и заказ'!F:F,$J36))) | F36: =IF($J36=0,"",IF(INDEX('Прайс и заказ'!I:I,$J36)="","",INDEX('Прайс и заказ'!I:I,$J36))) | G36: =IF($J36=0,"",IF(INDEX('Прайс и заказ'!K:K,$J36)="","",INDEX('Прайс и заказ'!K:K,$J36))) | H36: =IF($J36=0,"",IF(INDEX('Прайс и заказ'!L:L,$J36)="","",INDEX('Прайс и заказ'!L:L,$J36))) | I36: =IF($J36=0,"",IF(INDEX('Прайс и заказ'!M:M,$J36)="","",INDEX('Прайс и заказ'!M:M,$J36))) | J36: =IFERROR(MATCH(28,'Прайс и заказ'!$N$7:$N$156,0)+6,0) | L36: =IF($J36=0,"",IF(INDEX('Прайс и заказ'!Q:Q,$J36)="","",INDEX('Прайс и заказ'!Q:Q,$J36)))
A37: =IF($J37=0,"",IFERROR(_xlfn.IMAGE(INDEX('Прайс и заказ'!$O:$O,$J37)),"")) | B37: =IF($J37=0,"",IF(INDEX('Прайс и заказ'!B:B,$J37)="","",INDEX('Прайс и заказ'!B:B,$J37))) | C37: =IF($J37=0,"",IF(INDEX('Прайс и заказ'!C:C,$J37)="","",INDEX('Прайс и заказ'!C:C,$J37))) | D37: =IF($J37=0,"",IF(INDEX('Прайс и заказ'!D:D,$J37)="","",INDEX('Прайс и заказ'!D:D,$J37))) | E37: =IF($J37=0,"",IF(INDEX('Прайс и заказ'!F:F,$J37)="","",INDEX('Прайс и заказ'!F:F,$J37))) | F37: =IF($J37=0,"",IF(INDEX('Прайс и заказ'!I:I,$J37)="","",INDEX('Прайс и заказ'!I:I,$J37))) | G37: =IF($J37=0,"",IF(INDEX('Прайс и заказ'!K:K,$J37)="","",INDEX('Прайс и заказ'!K:K,$J37))) | H37: =IF($J37=0,"",IF(INDEX('Прайс и заказ'!L:L,$J37)="","",INDEX('Прайс и заказ'!L:L,$J37))) | I37: =IF($J37=0,"",IF(INDEX('Прайс и заказ'!M:M,$J37)="","",INDEX('Прайс и заказ'!M:M,$J37))) | J37: =IFERROR(MATCH(29,'Прайс и заказ'!$N$7:$N$156,0)+6,0) | L37: =IF($J37=0,"",IF(INDEX('Прайс и заказ'!Q:Q,$J37)="","",INDEX('Прайс и заказ'!Q:Q,$J37)))
A38: =IF($J38=0,"",IFERROR(_xlfn.IMAGE(INDEX('Прайс и заказ'!$O:$O,$J38)),"")) | B38: =IF($J38=0,"",IF(INDEX('Прайс и заказ'!B:B,$J38)="","",INDEX('Прайс и заказ'!B:B,$J38))) | C38: =IF($J38=0,"",IF(INDEX('Прайс и заказ'!C:C,$J38)="","",INDEX('Прайс и заказ'!C:C,$J38))) | D38: =IF($J38=0,"",IF(INDEX('Прайс и заказ'!D:D,$J38)="","",INDEX('Прайс и заказ'!D:D,$J38))) | E38: =IF($J38=0,"",IF(INDEX('Прайс и заказ'!F:F,$J38)="","",INDEX('Прайс и заказ'!F:F,$J38))) | F38: =IF($J38=0,"",IF(INDEX('Прайс и заказ'!I:I,$J38)="","",INDEX('Прайс и заказ'!I:I,$J38))) | G38: =IF($J38=0,"",IF(INDEX('Прайс и заказ'!K:K,$J38)="","",INDEX('Прайс и заказ'!K:K,$J38))) | H38: =IF($J38=0,"",IF(INDEX('Прайс и заказ'!L:L,$J38)="","",INDEX('Прайс и заказ'!L:L,$J38))) | I38: =IF($J38=0,"",IF(INDEX('Прайс и заказ'!M:M,$J38)="","",INDEX('Прайс и заказ'!M:M,$J38))) | J38: =IFERROR(MATCH(30,'Прайс и заказ'!$N$7:$N$156,0)+6,0) | L38: =IF($J38=0,"",IF(INDEX('Прайс и заказ'!Q:Q,$J38)="","",INDEX('Прайс и заказ'!Q:Q,$J38)))
A39: =IF($J39=0,"",IFERROR(_xlfn.IMAGE(INDEX('Прайс и заказ'!$O:$O,$J39)),"")) | B39: =IF($J39=0,"",IF(INDEX('Прайс и заказ'!B:B,$J39)="","",INDEX('Прайс и заказ'!B:B,$J39))) | C39: =IF($J39=0,"",IF(INDEX('Прайс и заказ'!C:C,$J39)="","",INDEX('Прайс и заказ'!C:C,$J39))) | D39: =IF($J39=0,"",IF(INDEX('Прайс и заказ'!D:D,$J39)="","",INDEX('Прайс и заказ'!D:D,$J39))) | E39: =IF($J39=0,"",IF(INDEX('Прайс и заказ'!F:F,$J39)="","",INDEX('Прайс и заказ'!F:F,$J39))) | F39: =IF($J39=0,"",IF(INDEX('Прайс и заказ'!I:I,$J39)="","",INDEX('Прайс и заказ'!I:I,$J39))) | G39: =IF($J39=0,"",IF(INDEX('Прайс и заказ'!K:K,$J39)="","",INDEX('Прайс и заказ'!K:K,$J39))) | H39: =IF($J39=0,"",IF(INDEX('Прайс и заказ'!L:L,$J39)="","",INDEX('Прайс и заказ'!L:L,$J39))) | I39: =IF($J39=0,"",IF(INDEX('Прайс и заказ'!M:M,$J39)="","",INDEX('Прайс и заказ'!M:M,$J39))) | J39: =IFERROR(MATCH(31,'Прайс и заказ'!$N$7:$N$156,0)+6,0) | L39: =IF($J39=0,"",IF(INDEX('Прайс и заказ'!Q:Q,$J39)="","",INDEX('Прайс и заказ'!Q:Q,$J39)))
A40: =IF($J40=0,"",IFERROR(_xlfn.IMAGE(INDEX('Прайс и заказ'!$O:$O,$J40)),"")) | B40: =IF($J40=0,"",IF(INDEX('Прайс и заказ'!B:B,$J40)="","",INDEX('Прайс и заказ'!B:B,$J40))) | C40: =IF($J40=0,"",IF(INDEX('Прайс и заказ'!C:C,$J40)="","",INDEX('Прайс и заказ'!C:C,$J40))) | D40: =IF($J40=0,"",IF(INDEX('Прайс и заказ'!D:D,$J40)="","",INDEX('Прайс и заказ'!D:D,$J40))) | E40: =IF($J40=0,"",IF(INDEX('Прайс и заказ'!F:F,$J40)="","",INDEX('Прайс и заказ'!F:F,$J40))) | F40: =IF($J40=0,"",IF(INDEX('Прайс и заказ'!I:I,$J40)="","",INDEX('Прайс и заказ'!I:I,$J40))) | G40: =IF($J40=0,"",IF(INDEX('Прайс и заказ'!K:K,$J40)="","",INDEX('Прайс и заказ'!K:K,$J40))) | H40: =IF($J40=0,"",IF(INDEX('Прайс и заказ'!L:L,$J40)="","",INDEX('Прайс и заказ'!L:L,$J40))) | I40: =IF($J40=0,"",IF(INDEX('Прайс и заказ'!M:M,$J40)="","",INDEX('Прайс и заказ'!M:M,$J40))) | J40: =IFERROR(MATCH(32,'Прайс и заказ'!$N$7:$N$156,0)+6,0) | L40: =IF($J40=0,"",IF(INDEX('Прайс и заказ'!Q:Q,$J40)="","",INDEX('Прайс и заказ'!Q:Q,$J40)))
A41: =IF($J41=0,"",IFERROR(_xlfn.IMAGE(INDEX('Прайс и заказ'!$O:$O,$J41)),"")) | B41: =IF($J41=0,"",IF(INDEX('Прайс и заказ'!B:B,$J41)="","",INDEX('Прайс и заказ'!B:B,$J41))) | C41: =IF($J41=0,"",IF(INDEX('Прайс и заказ'!C:C,$J41)="","",INDEX('Прайс и заказ'!C:C,$J41))) | D41: =IF($J41=0,"",IF(INDEX('Прайс и заказ'!D:D,$J41)="","",INDEX('Прайс и заказ'!D:D,$J41))) | E41: =IF($J41=0,"",IF(INDEX('Прайс и заказ'!F:F,$J41)="","",INDEX('Прайс и заказ'!F:F,$J41))) | F41: =IF($J41=0,"",IF(INDEX('Прайс и заказ'!I:I,$J41)="","",INDEX('Прайс и заказ'!I:I,$J41))) | G41: =IF($J41=0,"",IF(INDEX('Прайс и заказ'!K:K,$J41)="","",INDEX('Прайс и заказ'!K:K,$J41))) | H41: =IF($J41=0,"",IF(INDEX('Прайс и заказ'!L:L,$J41)="","",INDEX('Прайс и заказ'!L:L,$J41))) | I41: =IF($J41=0,"",IF(INDEX('Прайс и заказ'!M:M,$J41)="","",INDEX('Прайс и заказ'!M:M,$J41))) | J41: =IFERROR(MATCH(33,'Прайс и заказ'!$N$7:$N$156,0)+6,0) | L41: =IF($J41=0,"",IF(INDEX('Прайс и заказ'!Q:Q,$J41)="","",INDEX('Прайс и заказ'!Q:Q,$J41)))
A42: =IF($J42=0,"",IFERROR(_xlfn.IMAGE(INDEX('Прайс и заказ'!$O:$O,$J42)),"")) | B42: =IF($J42=0,"",IF(INDEX('Прайс и заказ'!B:B,$J42)="","",INDEX('Прайс и заказ'!B:B,$J42))) | C42: =IF($J42=0,"",IF(INDEX('Прайс и заказ'!C:C,$J42)="","",INDEX('Прайс и заказ'!C:C,$J42))) | D42: =IF($J42=0,"",IF(INDEX('Прайс и заказ'!D:D,$J42)="","",INDEX('Прайс и заказ'!D:D,$J42))) | E42: =IF($J42=0,"",IF(INDEX('Прайс и заказ'!F:F,$J42)="","",INDEX('Прайс и заказ'!F:F,$J42))) | F42: =IF($J42=0,"",IF(INDEX('Прайс и заказ'!I:I,$J42)="","",INDEX('Прайс и заказ'!I:I,$J42))) | G42: =IF($J42=0,"",IF(INDEX('Прайс и заказ'!K:K,$J42)="","",INDEX('Прайс и заказ'!K:K,$J42))) | H42: =IF($J42=0,"",IF(INDEX('Прайс и заказ'!L:L,$J42)="","",INDEX('Прайс и заказ'!L:L,$J42))) | I42: =IF($J42=0,"",IF(INDEX('Прайс и заказ'!M:M,$J42)="","",INDEX('Прайс и заказ'!M:M,$J42))) | J42: =IFERROR(MATCH(34,'Прайс и заказ'!$N$7:$N$156,0)+6,0) | L42: =IF($J42=0,"",IF(INDEX('Прайс и заказ'!Q:Q,$J42)="","",INDEX('Прайс и заказ'!Q:Q,$J42)))
A43: =IF($J43=0,"",IFERROR(_xlfn.IMAGE(INDEX('Прайс и заказ'!$O:$O,$J43)),"")) | B43: =IF($J43=0,"",IF(INDEX('Прайс и заказ'!B:B,$J43)="","",INDEX('Прайс и заказ'!B:B,$J43))) | C43: =IF($J43=0,"",IF(INDEX('Прайс и заказ'!C:C,$J43)="","",INDEX('Прайс и заказ'!C:C,$J43))) | D43: =IF($J43=0,"",IF(INDEX('Прайс и заказ'!D:D,$J43)="","",INDEX('Прайс и заказ'!D:D,$J43))) | E43: =IF($J43=0,"",IF(INDEX('Прайс и заказ'!F:F,$J43)="","",INDEX('Прайс и заказ'!F:F,$J43))) | F43: =IF($J43=0,"",IF(INDEX('Прайс и заказ'!I:I,$J43)="","",INDEX('Прайс и заказ'!I:I,$J43))) | G43: =IF($J43=0,"",IF(INDEX('Прайс и заказ'!K:K,$J43)="","",INDEX('Прайс и заказ'!K:K,$J43))) | H43: =IF($J43=0,"",IF(INDEX('Прайс и заказ'!L:L,$J43)="","",INDEX('Прайс и заказ'!L:L,$J43))) | I43: =IF($J43=0,"",IF(INDEX('Прайс и заказ'!M:M,$J43)="","",INDEX('Прайс и заказ'!M:M,$J43))) | J43: =IFERROR(MATCH(35,'Прайс и заказ'!$N$7:$N$156,0)+6,0) | L43: =IF($J43=0,"",IF(INDEX('Прайс и заказ'!Q:Q,$J43)="","",INDEX('Прайс и заказ'!Q:Q,$J43)))
A44: =IF($J44=0,"",IFERROR(_xlfn.IMAGE(INDEX('Прайс и заказ'!$O:$O,$J44)),"")) | B44: =IF($J44=0,"",IF(INDEX('Прайс и заказ'!B:B,$J44)="","",INDEX('Прайс и заказ'!B:B,$J44))) | C44: =IF($J44=0,"",IF(INDEX('Прайс и заказ'!C:C,$J44)="","",INDEX('Прайс и заказ'!C:C,$J44))) | D44: =IF($J44=0,"",IF(INDEX('Прайс и заказ'!D:D,$J44)="","",INDEX('Прайс и заказ'!D:D,$J44))) | E44: =IF($J44=0,"",IF(INDEX('Прайс и заказ'!F:F,$J44)="","",INDEX('Прайс и заказ'!F:F,$J44))) | F44: =IF($J44=0,"",IF(INDEX('Прайс и заказ'!I:I,$J44)="","",INDEX('Прайс и заказ'!I:I,$J44))) | G44: =IF($J44=0,"",IF(INDEX('Прайс и заказ'!K:K,$J44)="","",INDEX('Прайс и заказ'!K:K,$J44))) | H44: =IF($J44=0,"",IF(INDEX('Прайс и заказ'!L:L,$J44)="","",INDEX('Прайс и заказ'!L:L,$J44))) | I44: =IF($J44=0,"",IF(INDEX('Прайс и заказ'!M:M,$J44)="","",INDEX('Прайс и заказ'!M:M,$J44))) | J44: =IFERROR(MATCH(36,'Прайс и заказ'!$N$7:$N$156,0)+6,0) | L44: =IF($J44=0,"",IF(INDEX('Прайс и заказ'!Q:Q,$J44)="","",INDEX('Прайс и заказ'!Q:Q,$J44)))
A45: =IF($J45=0,"",IFERROR(_xlfn.IMAGE(INDEX('Прайс и заказ'!$O:$O,$J45)),"")) | B45: =IF($J45=0,"",IF(INDEX('Прайс и заказ'!B:B,$J45)="","",INDEX('Прайс и заказ'!B:B,$J45))) | C45: =IF($J45=0,"",IF(INDEX('Прайс и заказ'!C:C,$J45)="","",INDEX('Прайс и заказ'!C:C,$J45))) | D45: =IF($J45=0,"",IF(INDEX('Прайс и заказ'!D:D,$J45)="","",INDEX('Прайс и заказ'!D:D,$J45))) | E45: =IF($J45=0,"",IF(INDEX('Прайс и заказ'!F:F,$J45)="","",INDEX('Прайс и заказ'!F:F,$J45))) | F45: =IF($J45=0,"",IF(INDEX('Прайс и заказ'!I:I,$J45)="","",INDEX('Прайс и заказ'!I:I,$J45))) | G45: =IF($J45=0,"",IF(INDEX('Прайс и заказ'!K:K,$J45)="","",INDEX('Прайс и заказ'!K:K,$J45))) | H45: =IF($J45=0,"",IF(INDEX('Прайс и заказ'!L:L,$J45)="","",INDEX('Прайс и заказ'!L:L,$J45))) | I45: =IF($J45=0,"",IF(INDEX('Прайс и заказ'!M:M,$J45)="","",INDEX('Прайс и заказ'!M:M,$J45))) | J45: =IFERROR(MATCH(37,'Прайс и заказ'!$N$7:$N$156,0)+6,0) | L45: =IF($J45=0,"",IF(INDEX('Прайс и заказ'!Q:Q,$J45)="","",INDEX('Прайс и заказ'!Q:Q,$J45)))
A46: =IF($J46=0,"",IFERROR(_xlfn.IMAGE(INDEX('Прайс и заказ'!$O:$O,$J46)),"")) | B46: =IF($J46=0,"",IF(INDEX('Прайс и заказ'!B:B,$J46)="","",INDEX('Прайс и заказ'!B:B,$J46))) | C46: =IF($J46=0,"",IF(INDEX('Прайс и заказ'!C:C,$J46)="","",INDEX('Прайс и заказ'!C:C,$J46))) | D46: =IF($J46=0,"",IF(INDEX('Прайс и заказ'!D:D,$J46)="","",INDEX('Прайс и заказ'!D:D,$J46))) | E46: =IF($J46=0,"",IF(INDEX('Прайс и заказ'!F:F,$J46)="","",INDEX('Прайс и заказ'!F:F,$J46))) | F46: =IF($J46=0,"",IF(INDEX('Прайс и заказ'!I:I,$J46)="","",INDEX('Прайс и заказ'!I:I,$J46))) | G46: =IF($J46=0,"",IF(INDEX('Прайс и заказ'!K:K,$J46)="","",INDEX('Прайс и заказ'!K:K,$J46))) | H46: =IF($J46=0,"",IF(INDEX('Прайс и заказ'!L:L,$J46)="","",INDEX('Прайс и заказ'!L:L,$J46))) | I46: =IF($J46=0,"",IF(INDEX('Прайс и заказ'!M:M,$J46)="","",INDEX('Прайс и заказ'!M:M,$J46))) | J46: =IFERROR(MATCH(38,'Прайс и заказ'!$N$7:$N$156,0)+6,0) | L46: =IF($J46=0,"",IF(INDEX('Прайс и заказ'!Q:Q,$J46)="","",INDEX('Прайс и заказ'!Q:Q,$J46)))
A47: =IF($J47=0,"",IFERROR(_xlfn.IMAGE(INDEX('Прайс и заказ'!$O:$O,$J47)),"")) | B47: =IF($J47=0,"",IF(INDEX('Прайс и заказ'!B:B,$J47)="","",INDEX('Прайс и заказ'!B:B,$J47))) | C47: =IF($J47=0,"",IF(INDEX('Прайс и заказ'!C:C,$J47)="","",INDEX('Прайс и заказ'!C:C,$J47))) | D47: =IF($J47=0,"",IF(INDEX('Прайс и заказ'!D:D,$J47)="","",INDEX('Прайс и заказ'!D:D,$J47))) | E47: =IF($J47=0,"",IF(INDEX('Прайс и заказ'!F:F,$J47)="","",INDEX('Прайс и заказ'!F:F,$J47))) | F47: =IF($J47=0,"",IF(INDEX('Прайс и заказ'!I:I,$J47)="","",INDEX('Прайс и заказ'!I:I,$J47))) | G47: =IF($J47=0,"",IF(INDEX('Прайс и заказ'!K:K,$J47)="","",INDEX('Прайс и заказ'!K:K,$J47))) | H47: =IF($J47=0,"",IF(INDEX('Прайс и заказ'!L:L,$J47)="","",INDEX('Прайс и заказ'!L:L,$J47))) | I47: =IF($J47=0,"",IF(INDEX('Прайс и заказ'!M:M,$J47)="","",INDEX('Прайс и заказ'!M:M,$J47))) | J47: =IFERROR(MATCH(39,'Прайс и заказ'!$N$7:$N$156,0)+6,0) | L47: =IF($J47=0,"",IF(INDEX('Прайс и заказ'!Q:Q,$J47)="","",INDEX('Прайс и заказ'!Q:Q,$J47)))
A48: =IF($J48=0,"",IFERROR(_xlfn.IMAGE(INDEX('Прайс и заказ'!$O:$O,$J48)),"")) | B48: =IF($J48=0,"",IF(INDEX('Прайс и заказ'!B:B,$J48)="","",INDEX('Прайс и заказ'!B:B,$J48))) | C48: =IF($J48=0,"",IF(INDEX('Прайс и заказ'!C:C,$J48)="","",INDEX('Прайс и заказ'!C:C,$J48))) | D48: =IF($J48=0,"",IF(INDEX('Прайс и заказ'!D:D,$J48)="","",INDEX('Прайс и заказ'!D:D,$J48))) | E48: =IF($J48=0,"",IF(INDEX('Прайс и заказ'!F:F,$J48)="","",INDEX('Прайс и заказ'!F:F,$J48))) | F48: =IF($J48=0,"",IF(INDEX('Прайс и заказ'!I:I,$J48)="","",INDEX('Прайс и заказ'!I:I,$J48))) | G48: =IF($J48=0,"",IF(INDEX('Прайс и заказ'!K:K,$J48)="","",INDEX('Прайс и заказ'!K:K,$J48))) | H48: =IF($J48=0,"",IF(INDEX('Прайс и заказ'!L:L,$J48)="","",INDEX('Прайс и заказ'!L:L,$J48))) | I48: =IF($J48=0,"",IF(INDEX('Прайс и заказ'!M:M,$J48)="","",INDEX('Прайс и заказ'!M:M,$J48))) | J48: =IFERROR(MATCH(40,'Прайс и заказ'!$N$7:$N$156,0)+6,0) | L48: =IF($J48=0,"",IF(INDEX('Прайс и заказ'!Q:Q,$J48)="","",INDEX('Прайс и заказ'!Q:Q,$J48)))
A49: =IF($J49=0,"",IFERROR(_xlfn.IMAGE(INDEX('Прайс и заказ'!$O:$O,$J49)),"")) | B49: =IF($J49=0,"",IF(INDEX('Прайс и заказ'!B:B,$J49)="","",INDEX('Прайс и заказ'!B:B,$J49))) | C49: =IF($J49=0,"",IF(INDEX('Прайс и заказ'!C:C,$J49)="","",INDEX('Прайс и заказ'!C:C,$J49))) | D49: =IF($J49=0,"",IF(INDEX('Прайс и заказ'!D:D,$J49)="","",INDEX('Прайс и заказ'!D:D,$J49))) | E49: =IF($J49=0,"",IF(INDEX('Прайс и заказ'!F:F,$J49)="","",INDEX('Прайс и заказ'!F:F,$J49))) | F49: =IF($J49=0,"",IF(INDEX('Прайс и заказ'!I:I,$J49)="","",INDEX('Прайс и заказ'!I:I,$J49))) | G49: =IF($J49=0,"",IF(INDEX('Прайс и заказ'!K:K,$J49)="","",INDEX('Прайс и заказ'!K:K,$J49))) | H49: =IF($J49=0,"",IF(INDEX('Прайс и заказ'!L:L,$J49)="","",INDEX('Прайс и заказ'!L:L,$J49))) | I49: =IF($J49=0,"",IF(INDEX('Прайс и заказ'!M:M,$J49)="","",INDEX('Прайс и заказ'!M:M,$J49))) | J49: =IFERROR(MATCH(41,'Прайс и заказ'!$N$7:$N$156,0)+6,0) | L49: =IF($J49=0,"",IF(INDEX('Прайс и заказ'!Q:Q,$J49)="","",INDEX('Прайс и заказ'!Q:Q,$J49)))
A50: =IF($J50=0,"",IFERROR(_xlfn.IMAGE(INDEX('Прайс и заказ'!$O:$O,$J50)),"")) | B50: =IF($J50=0,"",IF(INDEX('Прайс и заказ'!B:B,$J50)="","",INDEX('Прайс и заказ'!B:B,$J50))) | C50: =IF($J50=0,"",IF(INDEX('Прайс и заказ'!C:C,$J50)="","",INDEX('Прайс и заказ'!C:C,$J50))) | D50: =IF($J50=0,"",IF(INDEX('Прайс и заказ'!D:D,$J50)="","",INDEX('Прайс и заказ'!D:D,$J50))) | E50: =IF($J50=0,"",IF(INDEX('Прайс и заказ'!F:F,$J50)="","",INDEX('Прайс и заказ'!F:F,$J50))) | F50: =IF($J50=0,"",IF(INDEX('Прайс и заказ'!I:I,$J50)="","",INDEX('Прайс и заказ'!I:I,$J50))) | G50: =IF($J50=0,"",IF(INDEX('Прайс и заказ'!K:K,$J50)="","",INDEX('Прайс и заказ'!K:K,$J50))) | H50: =IF($J50=0,"",IF(INDEX('Прайс и заказ'!L:L,$J50)="","",INDEX('Прайс и заказ'!L:L,$J50))) | I50: =IF($J50=0,"",IF(INDEX('Прайс и заказ'!M:M,$J50)="","",INDEX('Прайс и заказ'!M:M,$J50))) | J50: =IFERROR(MATCH(42,'Прайс и заказ'!$N$7:$N$156,0)+6,0) | L50: =IF($J50=0,"",IF(INDEX('Прайс и заказ'!Q:Q,$J50)="","",INDEX('Прайс и заказ'!Q:Q,$J50)))
A51: =IF($J51=0,"",IFERROR(_xlfn.IMAGE(INDEX('Прайс и заказ'!$O:$O,$J51)),"")) | B51: =IF($J51=0,"",IF(INDEX('Прайс и заказ'!B:B,$J51)="","",INDEX('Прайс и заказ'!B:B,$J51))) | C51: =IF($J51=0,"",IF(INDEX('Прайс и заказ'!C:C,$J51)="","",INDEX('Прайс и заказ'!C:C,$J51))) | D51: =IF($J51=0,"",IF(INDEX('Прайс и заказ'!D:D,$J51)="","",INDEX('Прайс и заказ'!D:D,$J51))) | E51: =IF($J51=0,"",IF(INDEX('Прайс и заказ'!F:F,$J51)="","",INDEX('Прайс и заказ'!F:F,$J51))) | F51: =IF($J51=0,"",IF(INDEX('Прайс и заказ'!I:I,$J51)="","",INDEX('Прайс и заказ'!I:I,$J51))) | G51: =IF($J51=0,"",IF(INDEX('Прайс и заказ'!K:K,$J51)="","",INDEX('Прайс и заказ'!K:K,$J51))) | H51: =IF($J51=0,"",IF(INDEX('Прайс и заказ'!L:L,$J51)="","",INDEX('Прайс и заказ'!L:L,$J51))) | I51: =IF($J51=0,"",IF(INDEX('Прайс и заказ'!M:M,$J51)="","",INDEX('Прайс и заказ'!M:M,$J51))) | J51: =IFERROR(MATCH(43,'Прайс и заказ'!$N$7:$N$156,0)+6,0) | L51: =IF($J51=0,"",IF(INDEX('Прайс и заказ'!Q:Q,$J51)="","",INDEX('Прайс и заказ'!Q:Q,$J51)))
A52: =IF($J52=0,"",IFERROR(_xlfn.IMAGE(INDEX('Прайс и заказ'!$O:$O,$J52)),"")) | B52: =IF($J52=0,"",IF(INDEX('Прайс и заказ'!B:B,$J52)="","",INDEX('Прайс и заказ'!B:B,$J52))) | C52: =IF($J52=0,"",IF(INDEX('Прайс и заказ'!C:C,$J52)="","",INDEX('Прайс и заказ'!C:C,$J52))) | D52: =IF($J52=0,"",IF(INDEX('Прайс и заказ'!D:D,$J52)="","",INDEX('Прайс и заказ'!D:D,$J52))) | E52: =IF($J52=0,"",IF(INDEX('Прайс и заказ'!F:F,$J52)="","",INDEX('Прайс и заказ'!F:F,$J52))) | F52: =IF($J52=0,"",IF(INDEX('Прайс и заказ'!I:I,$J52)="","",INDEX('Прайс и заказ'!I:I,$J52))) | G52: =IF($J52=0,"",IF(INDEX('Прайс и заказ'!K:K,$J52)="","",INDEX('Прайс и заказ'!K:K,$J52))) | H52: =IF($J52=0,"",IF(INDEX('Прайс и заказ'!L:L,$J52)="","",INDEX('Прайс и заказ'!L:L,$J52))) | I52: =IF($J52=0,"",IF(INDEX('Прайс и заказ'!M:M,$J52)="","",INDEX('Прайс и заказ'!M:M,$J52))) | J52: =IFERROR(MATCH(44,'Прайс и заказ'!$N$7:$N$156,0)+6,0) | L52: =IF($J52=0,"",IF(INDEX('Прайс и заказ'!Q:Q,$J52)="","",INDEX('Прайс и заказ'!Q:Q,$J52)))
A53: =IF($J53=0,"",IFERROR(_xlfn.IMAGE(INDEX('Прайс и заказ'!$O:$O,$J53)),"")) | B53: =IF($J53=0,"",IF(INDEX('Прайс и заказ'!B:B,$J53)="","",INDEX('Прайс и заказ'!B:B,$J53))) | C53: =IF($J53=0,"",IF(INDEX('Прайс и заказ'!C:C,$J53)="","",INDEX('Прайс и заказ'!C:C,$J53))) | D53: =IF($J53=0,"",IF(INDEX('Прайс и заказ'!D:D,$J53)="","",INDEX('Прайс и заказ'!D:D,$J53))) | E53: =IF($J53=0,"",IF(INDEX('Прайс и заказ'!F:F,$J53)="","",INDEX('Прайс и заказ'!F:F,$J53))) | F53: =IF($J53=0,"",IF(INDEX('Прайс и заказ'!I:I,$J53)="","",INDEX('Прайс и заказ'!I:I,$J53))) | G53: =IF($J53=0,"",IF(INDEX('Прайс и заказ'!K:K,$J53)="","",INDEX('Прайс и заказ'!K:K,$J53))) | H53: =IF($J53=0,"",IF(INDEX('Прайс и заказ'!L:L,$J53)="","",INDEX('Прайс и заказ'!L:L,$J53))) | I53: =IF($J53=0,"",IF(INDEX('Прайс и заказ'!M:M,$J53)="","",INDEX('Прайс и заказ'!M:M,$J53))) | J53: =IFERROR(MATCH(45,'Прайс и заказ'!$N$7:$N$156,0)+6,0) | L53: =IF($J53=0,"",IF(INDEX('Прайс и заказ'!Q:Q,$J53)="","",INDEX('Прайс и заказ'!Q:Q,$J53)))
A54: =IF($J54=0,"",IFERROR(_xlfn.IMAGE(INDEX('Прайс и заказ'!$O:$O,$J54)),"")) | B54: =IF($J54=0,"",IF(INDEX('Прайс и заказ'!B:B,$J54)="","",INDEX('Прайс и заказ'!B:B,$J54))) | C54: =IF($J54=0,"",IF(INDEX('Прайс и заказ'!C:C,$J54)="","",INDEX('Прайс и заказ'!C:C,$J54))) | D54: =IF($J54=0,"",IF(INDEX('Прайс и заказ'!D:D,$J54)="","",INDEX('Прайс и заказ'!D:D,$J54))) | E54: =IF($J54=0,"",IF(INDEX('Прайс и заказ'!F:F,$J54)="","",INDEX('Прайс и заказ'!F:F,$J54))) | F54: =IF($J54=0,"",IF(INDEX('Прайс и заказ'!I:I,$J54)="","",INDEX('Прайс и заказ'!I:I,$J54))) | G54: =IF($J54=0,"",IF(INDEX('Прайс и заказ'!K:K,$J54)="","",INDEX('Прайс и заказ'!K:K,$J54))) | H54: =IF($J54=0,"",IF(INDEX('Прайс и заказ'!L:L,$J54)="","",INDEX('Прайс и заказ'!L:L,$J54))) | I54: =IF($J54=0,"",IF(INDEX('Прайс и заказ'!M:M,$J54)="","",INDEX('Прайс и заказ'!M:M,$J54))) | J54: =IFERROR(MATCH(46,'Прайс и заказ'!$N$7:$N$156,0)+6,0) | L54: =IF($J54=0,"",IF(INDEX('Прайс и заказ'!Q:Q,$J54)="","",INDEX('Прайс и заказ'!Q:Q,$J54)))
A55: =IF($J55=0,"",IFERROR(_xlfn.IMAGE(INDEX('Прайс и заказ'!$O:$O,$J55)),"")) | B55: =IF($J55=0,"",IF(INDEX('Прайс и заказ'!B:B,$J55)="","",INDEX('Прайс и заказ'!B:B,$J55))) | C55: =IF($J55=0,"",IF(INDEX('Прайс и заказ'!C:C,$J55)="","",INDEX('Прайс и заказ'!C:C,$J55))) | D55: =IF($J55=0,"",IF(INDEX('Прайс и заказ'!D:D,$J55)="","",INDEX('Прайс и заказ'!D:D,$J55))) | E55: =IF($J55=0,"",IF(INDEX('Прайс и заказ'!F:F,$J55)="","",INDEX('Прайс и заказ'!F:F,$J55))) | F55: =IF($J55=0,"",IF(INDEX('Прайс и заказ'!I:I,$J55)="","",INDEX('Прайс и заказ'!I:I,$J55))) | G55: =IF($J55=0,"",IF(INDEX('Прайс и заказ'!K:K,$J55)="","",INDEX('Прайс и заказ'!K:K,$J55))) | H55: =IF($J55=0,"",IF(INDEX('Прайс и заказ'!L:L,$J55)="","",INDEX('Прайс и заказ'!L:L,$J55))) | I55: =IF($J55=0,"",IF(INDEX('Прайс и заказ'!M:M,$J55)="","",INDEX('Прайс и заказ'!M:M,$J55))) | J55: =IFERROR(MATCH(47,'Прайс и заказ'!$N$7:$N$156,0)+6,0) | L55: =IF($J55=0,"",IF(INDEX('Прайс и заказ'!Q:Q,$J55)="","",INDEX('Прайс и заказ'!Q:Q,$J55)))
A56: =IF($J56=0,"",IFERROR(_xlfn.IMAGE(INDEX('Прайс и заказ'!$O:$O,$J56)),"")) | B56: =IF($J56=0,"",IF(INDEX('Прайс и заказ'!B:B,$J56)="","",INDEX('Прайс и заказ'!B:B,$J56))) | C56: =IF($J56=0,"",IF(INDEX('Прайс и заказ'!C:C,$J56)="","",INDEX('Прайс и заказ'!C:C,$J56))) | D56: =IF($J56=0,"",IF(INDEX('Прайс и заказ'!D:D,$J56)="","",INDEX('Прайс и заказ'!D:D,$J56))) | E56: =IF($J56=0,"",IF(INDEX('Прайс и заказ'!F:F,$J56)="","",INDEX('Прайс и заказ'!F:F,$J56))) | F56: =IF($J56=0,"",IF(INDEX('Прайс и заказ'!I:I,$J56)="","",INDEX('Прайс и заказ'!I:I,$J56))) | G56: =IF($J56=0,"",IF(INDEX('Прайс и заказ'!K:K,$J56)="","",INDEX('Прайс и заказ'!K:K,$J56))) | H56: =IF($J56=0,"",IF(INDEX('Прайс и заказ'!L:L,$J56)="","",INDEX('Прайс и заказ'!L:L,$J56))) | I56: =IF($J56=0,"",IF(INDEX('Прайс и заказ'!M:M,$J56)="","",INDEX('Прайс и заказ'!M:M,$J56))) | J56: =IFERROR(MATCH(48,'Прайс и заказ'!$N$7:$N$156,0)+6,0) | L56: =IF($J56=0,"",IF(INDEX('Прайс и заказ'!Q:Q,$J56)="","",INDEX('Прайс и заказ'!Q:Q,$J56)))
A57: =IF($J57=0,"",IFERROR(_xlfn.IMAGE(INDEX('Прайс и заказ'!$O:$O,$J57)),"")) | B57: =IF($J57=0,"",IF(INDEX('Прайс и заказ'!B:B,$J57)="","",INDEX('Прайс и заказ'!B:B,$J57))) | C57: =IF($J57=0,"",IF(INDEX('Прайс и заказ'!C:C,$J57)="","",INDEX('Прайс и заказ'!C:C,$J57))) | D57: =IF($J57=0,"",IF(INDEX('Прайс и заказ'!D:D,$J57)="","",INDEX('Прайс и заказ'!D:D,$J57))) | E57: =IF($J57=0,"",IF(INDEX('Прайс и заказ'!F:F,$J57)="","",INDEX('Прайс и заказ'!F:F,$J57))) | F57: =IF($J57=0,"",IF(INDEX('Прайс и заказ'!I:I,$J57)="","",INDEX('Прайс и заказ'!I:I,$J57))) | G57: =IF($J57=0,"",IF(INDEX('Прайс и заказ'!K:K,$J57)="","",INDEX('Прайс и заказ'!K:K,$J57))) | H57: =IF($J57=0,"",IF(INDEX('Прайс и заказ'!L:L,$J57)="","",INDEX('Прайс и заказ'!L:L,$J57))) | I57: =IF($J57=0,"",IF(INDEX('Прайс и заказ'!M:M,$J57)="","",INDEX('Прайс и заказ'!M:M,$J57))) | J57: =IFERROR(MATCH(49,'Прайс и заказ'!$N$7:$N$156,0)+6,0) | L57: =IF($J57=0,"",IF(INDEX('Прайс и заказ'!Q:Q,$J57)="","",INDEX('Прайс и заказ'!Q:Q,$J57)))
A58: =IF($J58=0,"",IFERROR(_xlfn.IMAGE(INDEX('Прайс и заказ'!$O:$O,$J58)),"")) | B58: =IF($J58=0,"",IF(INDEX('Прайс и заказ'!B:B,$J58)="","",INDEX('Прайс и заказ'!B:B,$J58))) | C58: =IF($J58=0,"",IF(INDEX('Прайс и заказ'!C:C,$J58)="","",INDEX('Прайс и заказ'!C:C,$J58))) | D58: =IF($J58=0,"",IF(INDEX('Прайс и заказ'!D:D,$J58)="","",INDEX('Прайс и заказ'!D:D,$J58))) | E58: =IF($J58=0,"",IF(INDEX('Прайс и заказ'!F:F,$J58)="","",INDEX('Прайс и заказ'!F:F,$J58))) | F58: =IF($J58=0,"",IF(INDEX('Прайс и заказ'!I:I,$J58)="","",INDEX('Прайс и заказ'!I:I,$J58))) | G58: =IF($J58=0,"",IF(INDEX('Прайс и заказ'!K:K,$J58)="","",INDEX('Прайс и заказ'!K:K,$J58))) | H58: =IF($J58=0,"",IF(INDEX('Прайс и заказ'!L:L,$J58)="","",INDEX('Прайс и заказ'!L:L,$J58))) | I58: =IF($J58=0,"",IF(INDEX('Прайс и заказ'!M:M,$J58)="","",INDEX('Прайс и заказ'!M:M,$J58))) | J58: =IFERROR(MATCH(50,'Прайс и заказ'!$N$7:$N$156,0)+6,0) | L58: =IF($J58=0,"",IF(INDEX('Прайс и заказ'!Q:Q,$J58)="","",INDEX('Прайс и заказ'!Q:Q,$J58)))
A59: =IF($J59=0,"",IFERROR(_xlfn.IMAGE(INDEX('Прайс и заказ'!$O:$O,$J59)),"")) | B59: =IF($J59=0,"",IF(INDEX('Прайс и заказ'!B:B,$J59)="","",INDEX('Прайс и заказ'!B:B,$J59))) | C59: =IF($J59=0,"",IF(INDEX('Прайс и заказ'!C:C,$J59)="","",INDEX('Прайс и заказ'!C:C,$J59))) | D59: =IF($J59=0,"",IF(INDEX('Прайс и заказ'!D:D,$J59)="","",INDEX('Прайс и заказ'!D:D,$J59))) | E59: =IF($J59=0,"",IF(INDEX('Прайс и заказ'!F:F,$J59)="","",INDEX('Прайс и заказ'!F:F,$J59))) | F59: =IF($J59=0,"",IF(INDEX('Прайс и заказ'!I:I,$J59)="","",INDEX('Прайс и заказ'!I:I,$J59))) | G59: =IF($J59=0,"",IF(INDEX('Прайс и заказ'!K:K,$J59)="","",INDEX('Прайс и заказ'!K:K,$J59))) | H59: =IF($J59=0,"",IF(INDEX('Прайс и заказ'!L:L,$J59)="","",INDEX('Прайс и заказ'!L:L,$J59))) | I59: =IF($J59=0,"",IF(INDEX('Прайс и заказ'!M:M,$J59)="","",INDEX('Прайс и заказ'!M:M,$J59))) | J59: =IFERROR(MATCH(51,'Прайс и заказ'!$N$7:$N$156,0)+6,0) | L59: =IF($J59=0,"",IF(INDEX('Прайс и заказ'!Q:Q,$J59)="","",INDEX('Прайс и заказ'!Q:Q,$J59)))
A60: =IF($J60=0,"",IFERROR(_xlfn.IMAGE(INDEX('Прайс и заказ'!$O:$O,$J60)),"")) | B60: =IF($J60=0,"",IF(INDEX('Прайс и заказ'!B:B,$J60)="","",INDEX('Прайс и заказ'!B:B,$J60))) | C60: =IF($J60=0,"",IF(INDEX('Прайс и заказ'!C:C,$J60)="","",INDEX('Прайс и заказ'!C:C,$J60))) | D60: =IF($J60=0,"",IF(INDEX('Прайс и заказ'!D:D,$J60)="","",INDEX('Прайс и заказ'!D:D,$J60))) | E60: =IF($J60=0,"",IF(INDEX('Прайс и заказ'!F:F,$J60)="","",INDEX('Прайс и заказ'!F:F,$J60))) | F60: =IF($J60=0,"",IF(INDEX('Прайс и заказ'!I:I,$J60)="","",INDEX('Прайс и заказ'!I:I,$J60))) | G60: =IF($J60=0,"",IF(INDEX('Прайс и заказ'!K:K,$J60)="","",INDEX('Прайс и заказ'!K:K,$J60))) | H60: =IF($J60=0,"",IF(INDEX('Прайс и заказ'!L:L,$J60)="","",INDEX('Прайс и заказ'!L:L,$J60))) | I60: =IF($J60=0,"",IF(INDEX('Прайс и заказ'!M:M,$J60)="","",INDEX('Прайс и заказ'!M:M,$J60))) | J60: =IFERROR(MATCH(52,'Прайс и заказ'!$N$7:$N$156,0)+6,0) | L60: =IF($J60=0,"",IF(INDEX('Прайс и заказ'!Q:Q,$J60)="","",INDEX('Прайс и заказ'!Q:Q,$J60)))
A61: =IF($J61=0,"",IFERROR(_xlfn.IMAGE(INDEX('Прайс и заказ'!$O:$O,$J61)),"")) | B61: =IF($J61=0,"",IF(INDEX('Прайс и заказ'!B:B,$J61)="","",INDEX('Прайс и заказ'!B:B,$J61))) | C61: =IF($J61=0,"",IF(INDEX('Прайс и заказ'!C:C,$J61)="","",INDEX('Прайс и заказ'!C:C,$J61))) | D61: =IF($J61=0,"",IF(INDEX('Прайс и заказ'!D:D,$J61)="","",INDEX('Прайс и заказ'!D:D,$J61))) | E61: =IF($J61=0,"",IF(INDEX('Прайс и заказ'!F:F,$J61)="","",INDEX('Прайс и заказ'!F:F,$J61))) | F61: =IF($J61=0,"",IF(INDEX('Прайс и заказ'!I:I,$J61)="","",INDEX('Прайс и заказ'!I:I,$J61))) | G61: =IF($J61=0,"",IF(INDEX('Прайс и заказ'!K:K,$J61)="","",INDEX('Прайс и заказ'!K:K,$J61))) | H61: =IF($J61=0,"",IF(INDEX('Прайс и заказ'!L:L,$J61)="","",INDEX('Прайс и заказ'!L:L,$J61))) | I61: =IF($J61=0,"",IF(INDEX('Прайс и заказ'!M:M,$J61)="","",INDEX('Прайс и заказ'!M:M,$J61))) | J61: =IFERROR(MATCH(53,'Прайс и заказ'!$N$7:$N$156,0)+6,0) | L61: =IF($J61=0,"",IF(INDEX('Прайс и заказ'!Q:Q,$J61)="","",INDEX('Прайс и заказ'!Q:Q,$J61)))
A62: =IF($J62=0,"",IFERROR(_xlfn.IMAGE(INDEX('Прайс и заказ'!$O:$O,$J62)),"")) | B62: =IF($J62=0,"",IF(INDEX('Прайс и заказ'!B:B,$J62)="","",INDEX('Прайс и заказ'!B:B,$J62))) | C62: =IF($J62=0,"",IF(INDEX('Прайс и заказ'!C:C,$J62)="","",INDEX('Прайс и заказ'!C:C,$J62))) | D62: =IF($J62=0,"",IF(INDEX('Прайс и заказ'!D:D,$J62)="","",INDEX('Прайс и заказ'!D:D,$J62))) | E62: =IF($J62=0,"",IF(INDEX('Прайс и заказ'!F:F,$J62)="","",INDEX('Прайс и заказ'!F:F,$J62))) | F62: =IF($J62=0,"",IF(INDEX('Прайс и заказ'!I:I,$J62)="","",INDEX('Прайс и заказ'!I:I,$J62))) | G62: =IF($J62=0,"",IF(INDEX('Прайс и заказ'!K:K,$J62)="","",INDEX('Прайс и заказ'!K:K,$J62))) | H62: =IF($J62=0,"",IF(INDEX('Прайс и заказ'!L:L,$J62)="","",INDEX('Прайс и заказ'!L:L,$J62))) | I62: =IF($J62=0,"",IF(INDEX('Прайс и заказ'!M:M,$J62)="","",INDEX('Прайс и заказ'!M:M,$J62))) | J62: =IFERROR(MATCH(54,'Прайс и заказ'!$N$7:$N$156,0)+6,0) | L62: =IF($J62=0,"",IF(INDEX('Прайс и заказ'!Q:Q,$J62)="","",INDEX('Прайс и заказ'!Q:Q,$J62)))
A63: =IF($J63=0,"",IFERROR(_xlfn.IMAGE(INDEX('Прайс и заказ'!$O:$O,$J63)),"")) | B63: =IF($J63=0,"",IF(INDEX('Прайс и заказ'!B:B,$J63)="","",INDEX('Прайс и заказ'!B:B,$J63))) | C63: =IF($J63=0,"",IF(INDEX('Прайс и заказ'!C:C,$J63)="","",INDEX('Прайс и заказ'!C:C,$J63))) | D63: =IF($J63=0,"",IF(INDEX('Прайс и заказ'!D:D,$J63)="","",INDEX('Прайс и заказ'!D:D,$J63))) | E63: =IF($J63=0,"",IF(INDEX('Прайс и заказ'!F:F,$J63)="","",INDEX('Прайс и заказ'!F:F,$J63))) | F63: =IF($J63=0,"",IF(INDEX('Прайс и заказ'!I:I,$J63)="","",INDEX('Прайс и заказ'!I:I,$J63))) | G63: =IF($J63=0,"",IF(INDEX('Прайс и заказ'!K:K,$J63)="","",INDEX('Прайс и заказ'!K:K,$J63))) | H63: =IF($J63=0,"",IF(INDEX('Прайс и заказ'!L:L,$J63)="","",INDEX('Прайс и заказ'!L:L,$J63))) | I63: =IF($J63=0,"",IF(INDEX('Прайс и заказ'!M:M,$J63)="","",INDEX('Прайс и заказ'!M:M,$J63))) | J63: =IFERROR(MATCH(55,'Прайс и заказ'!$N$7:$N$156,0)+6,0) | L63: =IF($J63=0,"",IF(INDEX('Прайс и заказ'!Q:Q,$J63)="","",INDEX('Прайс и заказ'!Q:Q,$J63)))
A64: =IF($J64=0,"",IFERROR(_xlfn.IMAGE(INDEX('Прайс и заказ'!$O:$O,$J64)),"")) | B64: =IF($J64=0,"",IF(INDEX('Прайс и заказ'!B:B,$J64)="","",INDEX('Прайс и заказ'!B:B,$J64))) | C64: =IF($J64=0,"",IF(INDEX('Прайс и заказ'!C:C,$J64)="","",INDEX('Прайс и заказ'!C:C,$J64))) | D64: =IF($J64=0,"",IF(INDEX('Прайс и заказ'!D:D,$J64)="","",INDEX('Прайс и заказ'!D:D,$J64))) | E64: =IF($J64=0,"",IF(INDEX('Прайс и заказ'!F:F,$J64)="","",INDEX('Прайс и заказ'!F:F,$J64))) | F64: =IF($J64=0,"",IF(INDEX('Прайс и заказ'!I:I,$J64)="","",INDEX('Прайс и заказ'!I:I,$J64))) | G64: =IF($J64=0,"",IF(INDEX('Прайс и заказ'!K:K,$J64)="","",INDEX('Прайс и заказ'!K:K,$J64))) | H64: =IF($J64=0,"",IF(INDEX('Прайс и заказ'!L:L,$J64)="","",INDEX('Прайс и заказ'!L:L,$J64))) | I64: =IF($J64=0,"",IF(INDEX('Прайс и заказ'!M:M,$J64)="","",INDEX('Прайс и заказ'!M:M,$J64))) | J64: =IFERROR(MATCH(56,'Прайс и заказ'!$N$7:$N$156,0)+6,0) | L64: =IF($J64=0,"",IF(INDEX('Прайс и заказ'!Q:Q,$J64)="","",INDEX('Прайс и заказ'!Q:Q,$J64)))
A65: =IF($J65=0,"",IFERROR(_xlfn.IMAGE(INDEX('Прайс и заказ'!$O:$O,$J65)),"")) | B65: =IF($J65=0,"",IF(INDEX('Прайс и заказ'!B:B,$J65)="","",INDEX('Прайс и заказ'!B:B,$J65))) | C65: =IF($J65=0,"",IF(INDEX('Прайс и заказ'!C:C,$J65)="","",INDEX('Прайс и заказ'!C:C,$J65))) | D65: =IF($J65=0,"",IF(INDEX('Прайс и заказ'!D:D,$J65)="","",INDEX('Прайс и заказ'!D:D,$J65))) | E65: =IF($J65=0,"",IF(INDEX('Прайс и заказ'!F:F,$J65)="","",INDEX('Прайс и заказ'!F:F,$J65))) | F65: =IF($J65=0,"",IF(INDEX('Прайс и заказ'!I:I,$J65)="","",INDEX('Прайс и заказ'!I:I,$J65))) | G65: =IF($J65=0,"",IF(INDEX('Прайс и заказ'!K:K,$J65)="","",INDEX('Прайс и заказ'!K:K,$J65))) | H65: =IF($J65=0,"",IF(INDEX('Прайс и заказ'!L:L,$J65)="","",INDEX('Прайс и заказ'!L:L,$J65))) | I65: =IF($J65=0,"",IF(INDEX('Прайс и заказ'!M:M,$J65)="","",INDEX('Прайс и заказ'!M:M,$J65))) | J65: =IFERROR(MATCH(57,'Прайс и заказ'!$N$7:$N$156,0)+6,0) | L65: =IF($J65=0,"",IF(INDEX('Прайс и заказ'!Q:Q,$J65)="","",INDEX('Прайс и заказ'!Q:Q,$J65)))
A66: =IF($J66=0,"",IFERROR(_xlfn.IMAGE(INDEX('Прайс и заказ'!$O:$O,$J66)),"")) | B66: =IF($J66=0,"",IF(INDEX('Прайс и заказ'!B:B,$J66)="","",INDEX('Прайс и заказ'!B:B,$J66))) | C66: =IF($J66=0,"",IF(INDEX('Прайс и заказ'!C:C,$J66)="","",INDEX('Прайс и заказ'!C:C,$J66))) | D66: =IF($J66=0,"",IF(INDEX('Прайс и заказ'!D:D,$J66)="","",INDEX('Прайс и заказ'!D:D,$J66))) | E66: =IF($J66=0,"",IF(INDEX('Прайс и заказ'!F:F,$J66)="","",INDEX('Прайс и заказ'!F:F,$J66))) | F66: =IF($J66=0,"",IF(INDEX('Прайс и заказ'!I:I,$J66)="","",INDEX('Прайс и заказ'!I:I,$J66))) | G66: =IF($J66=0,"",IF(INDEX('Прайс и заказ'!K:K,$J66)="","",INDEX('Прайс и заказ'!K:K,$J66))) | H66: =IF($J66=0,"",IF(INDEX('Прайс и заказ'!L:L,$J66)="","",INDEX('Прайс и заказ'!L:L,$J66))) | I66: =IF($J66=0,"",IF(INDEX('Прайс и заказ'!M:M,$J66)="","",INDEX('Прайс и заказ'!M:M,$J66))) | J66: =IFERROR(MATCH(58,'Прайс и заказ'!$N$7:$N$156,0)+6,0) | L66: =IF($J66=0,"",IF(INDEX('Прайс и заказ'!Q:Q,$J66)="","",INDEX('Прайс и заказ'!Q:Q,$J66)))
A67: =IF($J67=0,"",IFERROR(_xlfn.IMAGE(INDEX('Прайс и заказ'!$O:$O,$J67)),"")) | B67: =IF($J67=0,"",IF(INDEX('Прайс и заказ'!B:B,$J67)="","",INDEX('Прайс и заказ'!B:B,$J67))) | C67: =IF($J67=0,"",IF(INDEX('Прайс и заказ'!C:C,$J67)="","",INDEX('Прайс и заказ'!C:C,$J67))) | D67: =IF($J67=0,"",IF(INDEX('Прайс и заказ'!D:D,$J67)="","",INDEX('Прайс и заказ'!D:D,$J67))) | E67: =IF($J67=0,"",IF(INDEX('Прайс и заказ'!F:F,$J67)="","",INDEX('Прайс и заказ'!F:F,$J67))) | F67: =IF($J67=0,"",IF(INDEX('Прайс и заказ'!I:I,$J67)="","",INDEX('Прайс и заказ'!I:I,$J67))) | G67: =IF($J67=0,"",IF(INDEX('Прайс и заказ'!K:K,$J67)="","",INDEX('Прайс и заказ'!K:K,$J67))) | H67: =IF($J67=0,"",IF(INDEX('Прайс и заказ'!L:L,$J67)="","",INDEX('Прайс и заказ'!L:L,$J67))) | I67: =IF($J67=0,"",IF(INDEX('Прайс и заказ'!M:M,$J67)="","",INDEX('Прайс и заказ'!M:M,$J67))) | J67: =IFERROR(MATCH(59,'Прайс и заказ'!$N$7:$N$156,0)+6,0) | L67: =IF($J67=0,"",IF(INDEX('Прайс и заказ'!Q:Q,$J67)="","",INDEX('Прайс и заказ'!Q:Q,$J67)))
A68: =IF($J68=0,"",IFERROR(_xlfn.IMAGE(INDEX('Прайс и заказ'!$O:$O,$J68)),"")) | B68: =IF($J68=0,"",IF(INDEX('Прайс и заказ'!B:B,$J68)="","",INDEX('Прайс и заказ'!B:B,$J68))) | C68: =IF($J68=0,"",IF(INDEX('Прайс и заказ'!C:C,$J68)="","",INDEX('Прайс и заказ'!C:C,$J68))) | D68: =IF($J68=0,"",IF(INDEX('Прайс и заказ'!D:D,$J68)="","",INDEX('Прайс и заказ'!D:D,$J68))) | E68: =IF($J68=0,"",IF(INDEX('Прайс и заказ'!F:F,$J68)="","",INDEX('Прайс и заказ'!F:F,$J68))) | F68: =IF($J68=0,"",IF(INDEX('Прайс и заказ'!I:I,$J68)="","",INDEX('Прайс и заказ'!I:I,$J68))) | G68: =IF($J68=0,"",IF(INDEX('Прайс и заказ'!K:K,$J68)="","",INDEX('Прайс и заказ'!K:K,$J68))) | H68: =IF($J68=0,"",IF(INDEX('Прайс и заказ'!L:L,$J68)="","",INDEX('Прайс и заказ'!L:L,$J68))) | I68: =IF($J68=0,"",IF(INDEX('Прайс и заказ'!M:M,$J68)="","",INDEX('Прайс и заказ'!M:M,$J68))) | J68: =IFERROR(MATCH(60,'Прайс и заказ'!$N$7:$N$156,0)+6,0) | L68: =IF($J68=0,"",IF(INDEX('Прайс и заказ'!Q:Q,$J68)="","",INDEX('Прайс и заказ'!Q:Q,$J68)))
A69: =IF($J69=0,"",IFERROR(_xlfn.IMAGE(INDEX('Прайс и заказ'!$O:$O,$J69)),"")) | B69: =IF($J69=0,"",IF(INDEX('Прайс и заказ'!B:B,$J69)="","",INDEX('Прайс и заказ'!B:B,$J69))) | C69: =IF($J69=0,"",IF(INDEX('Прайс и заказ'!C:C,$J69)="","",INDEX('Прайс и заказ'!C:C,$J69))) | D69: =IF($J69=0,"",IF(INDEX('Прайс и заказ'!D:D,$J69)="","",INDEX('Прайс и заказ'!D:D,$J69))) | E69: =IF($J69=0,"",IF(INDEX('Прайс и заказ'!F:F,$J69)="","",INDEX('Прайс и заказ'!F:F,$J69))) | F69: =IF($J69=0,"",IF(INDEX('Прайс и заказ'!I:I,$J69)="","",INDEX('Прайс и заказ'!I:I,$J69))) | G69: =IF($J69=0,"",IF(INDEX('Прайс и заказ'!K:K,$J69)="","",INDEX('Прайс и заказ'!K:K,$J69))) | H69: =IF($J69=0,"",IF(INDEX('Прайс и заказ'!L:L,$J69)="","",INDEX('Прайс и заказ'!L:L,$J69))) | I69: =IF($J69=0,"",IF(INDEX('Прайс и заказ'!M:M,$J69)="","",INDEX('Прайс и заказ'!M:M,$J69))) | J69: =IFERROR(MATCH(61,'Прайс и заказ'!$N$7:$N$156,0)+6,0) | L69: =IF($J69=0,"",IF(INDEX('Прайс и заказ'!Q:Q,$J69)="","",INDEX('Прайс и заказ'!Q:Q,$J69)))
A70: =IF($J70=0,"",IFERROR(_xlfn.IMAGE(INDEX('Прайс и заказ'!$O:$O,$J70)),"")) | B70: =IF($J70=0,"",IF(INDEX('Прайс и заказ'!B:B,$J70)="","",INDEX('Прайс и заказ'!B:B,$J70))) | C70: =IF($J70=0,"",IF(INDEX('Прайс и заказ'!C:C,$J70)="","",INDEX('Прайс и заказ'!C:C,$J70))) | D70: =IF($J70=0,"",IF(INDEX('Прайс и заказ'!D:D,$J70)="","",INDEX('Прайс и заказ'!D:D,$J70))) | E70: =IF($J70=0,"",IF(INDEX('Прайс и заказ'!F:F,$J70)="","",INDEX('Прайс и заказ'!F:F,$J70))) | F70: =IF($J70=0,"",IF(INDEX('Прайс и заказ'!I:I,$J70)="","",INDEX('Прайс и заказ'!I:I,$J70))) | G70: =IF($J70=0,"",IF(INDEX('Прайс и заказ'!K:K,$J70)="","",INDEX('Прайс и заказ'!K:K,$J70))) | H70: =IF($J70=0,"",IF(INDEX('Прайс и заказ'!L:L,$J70)="","",INDEX('Прайс и заказ'!L:L,$J70))) | I70: =IF($J70=0,"",IF(INDEX('Прайс и заказ'!M:M,$J70)="","",INDEX('Прайс и заказ'!M:M,$J70))) | J70: =IFERROR(MATCH(62,'Прайс и заказ'!$N$7:$N$156,0)+6,0) | L70: =IF($J70=0,"",IF(INDEX('Прайс и заказ'!Q:Q,$J70)="","",INDEX('Прайс и заказ'!Q:Q,$J70)))
A71: =IF($J71=0,"",IFERROR(_xlfn.IMAGE(INDEX('Прайс и заказ'!$O:$O,$J71)),"")) | B71: =IF($J71=0,"",IF(INDEX('Прайс и заказ'!B:B,$J71)="","",INDEX('Прайс и заказ'!B:B,$J71))) | C71: =IF($J71=0,"",IF(INDEX('Прайс и заказ'!C:C,$J71)="","",INDEX('Прайс и заказ'!C:C,$J71))) | D71: =IF($J71=0,"",IF(INDEX('Прайс и заказ'!D:D,$J71)="","",INDEX('Прайс и заказ'!D:D,$J71))) | E71: =IF($J71=0,"",IF(INDEX('Прайс и заказ'!F:F,$J71)="","",INDEX('Прайс и заказ'!F:F,$J71))) | F71: =IF($J71=0,"",IF(INDEX('Прайс и заказ'!I:I,$J71)="","",INDEX('Прайс и заказ'!I:I,$J71))) | G71: =IF($J71=0,"",IF(INDEX('Прайс и заказ'!K:K,$J71)="","",INDEX('Прайс и заказ'!K:K,$J71))) | H71: =IF($J71=0,"",IF(INDEX('Прайс и заказ'!L:L,$J71)="","",INDEX('Прайс и заказ'!L:L,$J71))) | I71: =IF($J71=0,"",IF(INDEX('Прайс и заказ'!M:M,$J71)="","",INDEX('Прайс и заказ'!M:M,$J71))) | J71: =IFERROR(MATCH(63,'Прайс и заказ'!$N$7:$N$156,0)+6,0) | L71: =IF($J71=0,"",IF(INDEX('Прайс и заказ'!Q:Q,$J71)="","",INDEX('Прайс и заказ'!Q:Q,$J71)))
A72: =IF($J72=0,"",IFERROR(_xlfn.IMAGE(INDEX('Прайс и заказ'!$O:$O,$J72)),"")) | B72: =IF($J72=0,"",IF(INDEX('Прайс и заказ'!B:B,$J72)="","",INDEX('Прайс и заказ'!B:B,$J72))) | C72: =IF($J72=0,"",IF(INDEX('Прайс и заказ'!C:C,$J72)="","",INDEX('Прайс и заказ'!C:C,$J72))) | D72: =IF($J72=0,"",IF(INDEX('Прайс и заказ'!D:D,$J72)="","",INDEX('Прайс и заказ'!D:D,$J72))) | E72: =IF($J72=0,"",IF(INDEX('Прайс и заказ'!F:F,$J72)="","",INDEX('Прайс и заказ'!F:F,$J72))) | F72: =IF($J72=0,"",IF(INDEX('Прайс и заказ'!I:I,$J72)="","",INDEX('Прайс и заказ'!I:I,$J72))) | G72: =IF($J72=0,"",IF(INDEX('Прайс и заказ'!K:K,$J72)="","",INDEX('Прайс и заказ'!K:K,$J72))) | H72: =IF($J72=0,"",IF(INDEX('Прайс и заказ'!L:L,$J72)="","",INDEX('Прайс и заказ'!L:L,$J72))) | I72: =IF($J72=0,"",IF(INDEX('Прайс и заказ'!M:M,$J72)="","",INDEX('Прайс и заказ'!M:M,$J72))) | J72: =IFERROR(MATCH(64,'Прайс и заказ'!$N$7:$N$156,0)+6,0) | L72: =IF($J72=0,"",IF(INDEX('Прайс и заказ'!Q:Q,$J72)="","",INDEX('Прайс и заказ'!Q:Q,$J72)))
A73: =IF($J73=0,"",IFERROR(_xlfn.IMAGE(INDEX('Прайс и заказ'!$O:$O,$J73)),"")) | B73: =IF($J73=0,"",IF(INDEX('Прайс и заказ'!B:B,$J73)="","",INDEX('Прайс и заказ'!B:B,$J73))) | C73: =IF($J73=0,"",IF(INDEX('Прайс и заказ'!C:C,$J73)="","",INDEX('Прайс и заказ'!C:C,$J73))) | D73: =IF($J73=0,"",IF(INDEX('Прайс и заказ'!D:D,$J73)="","",INDEX('Прайс и заказ'!D:D,$J73))) | E73: =IF($J73=0,"",IF(INDEX('Прайс и заказ'!F:F,$J73)="","",INDEX('Прайс и заказ'!F:F,$J73))) | F73: =IF($J73=0,"",IF(INDEX('Прайс и заказ'!I:I,$J73)="","",INDEX('Прайс и заказ'!I:I,$J73))) | G73: =IF($J73=0,"",IF(INDEX('Прайс и заказ'!K:K,$J73)="","",INDEX('Прайс и заказ'!K:K,$J73))) | H73: =IF($J73=0,"",IF(INDEX('Прайс и заказ'!L:L,$J73)="","",INDEX('Прайс и заказ'!L:L,$J73))) | I73: =IF($J73=0,"",IF(INDEX('Прайс и заказ'!M:M,$J73)="","",INDEX('Прайс и заказ'!M:M,$J73))) | J73: =IFERROR(MATCH(65,'Прайс и заказ'!$N$7:$N$156,0)+6,0) | L73: =IF($J73=0,"",IF(INDEX('Прайс и заказ'!Q:Q,$J73)="","",INDEX('Прайс и заказ'!Q:Q,$J73)))
A74: =IF($J74=0,"",IFERROR(_xlfn.IMAGE(INDEX('Прайс и заказ'!$O:$O,$J74)),"")) | B74: =IF($J74=0,"",IF(INDEX('Прайс и заказ'!B:B,$J74)="","",INDEX('Прайс и заказ'!B:B,$J74))) | C74: =IF($J74=0,"",IF(INDEX('Прайс и заказ'!C:C,$J74)="","",INDEX('Прайс и заказ'!C:C,$J74))) | D74: =IF($J74=0,"",IF(INDEX('Прайс и заказ'!D:D,$J74)="","",INDEX('Прайс и заказ'!D:D,$J74))) | E74: =IF($J74=0,"",IF(INDEX('Прайс и заказ'!F:F,$J74)="","",INDEX('Прайс и заказ'!F:F,$J74))) | F74: =IF($J74=0,"",IF(INDEX('Прайс и заказ'!I:I,$J74)="","",INDEX('Прайс и заказ'!I:I,$J74))) | G74: =IF($J74=0,"",IF(INDEX('Прайс и заказ'!K:K,$J74)="","",INDEX('Прайс и заказ'!K:K,$J74))) | H74: =IF($J74=0,"",IF(INDEX('Прайс и заказ'!L:L,$J74)="","",INDEX('Прайс и заказ'!L:L,$J74))) | I74: =IF($J74=0,"",IF(INDEX('Прайс и заказ'!M:M,$J74)="","",INDEX('Прайс и заказ'!M:M,$J74))) | J74: =IFERROR(MATCH(66,'Прайс и заказ'!$N$7:$N$156,0)+6,0) | L74: =IF($J74=0,"",IF(INDEX('Прайс и заказ'!Q:Q,$J74)="","",INDEX('Прайс и заказ'!Q:Q,$J74)))
A75: =IF($J75=0,"",IFERROR(_xlfn.IMAGE(INDEX('Прайс и заказ'!$O:$O,$J75)),"")) | B75: =IF($J75=0,"",IF(INDEX('Прайс и заказ'!B:B,$J75)="","",INDEX('Прайс и заказ'!B:B,$J75))) | C75: =IF($J75=0,"",IF(INDEX('Прайс и заказ'!C:C,$J75)="","",INDEX('Прайс и заказ'!C:C,$J75))) | D75: =IF($J75=0,"",IF(INDEX('Прайс и заказ'!D:D,$J75)="","",INDEX('Прайс и заказ'!D:D,$J75))) | E75: =IF($J75=0,"",IF(INDEX('Прайс и заказ'!F:F,$J75)="","",INDEX('Прайс и заказ'!F:F,$J75))) | F75: =IF($J75=0,"",IF(INDEX('Прайс и заказ'!I:I,$J75)="","",INDEX('Прайс и заказ'!I:I,$J75))) | G75: =IF($J75=0,"",IF(INDEX('Прайс и заказ'!K:K,$J75)="","",INDEX('Прайс и заказ'!K:K,$J75))) | H75: =IF($J75=0,"",IF(INDEX('Прайс и заказ'!L:L,$J75)="","",INDEX('Прайс и заказ'!L:L,$J75))) | I75: =IF($J75=0,"",IF(INDEX('Прайс и заказ'!M:M,$J75)="","",INDEX('Прайс и заказ'!M:M,$J75))) | J75: =IFERROR(MATCH(67,'Прайс и заказ'!$N$7:$N$156,0)+6,0) | L75: =IF($J75=0,"",IF(INDEX('Прайс и заказ'!Q:Q,$J75)="","",INDEX('Прайс и заказ'!Q:Q,$J75)))
A76: =IF($J76=0,"",IFERROR(_xlfn.IMAGE(INDEX('Прайс и заказ'!$O:$O,$J76)),"")) | B76: =IF($J76=0,"",IF(INDEX('Прайс и заказ'!B:B,$J76)="","",INDEX('Прайс и заказ'!B:B,$J76))) | C76: =IF($J76=0,"",IF(INDEX('Прайс и заказ'!C:C,$J76)="","",INDEX('Прайс и заказ'!C:C,$J76))) | D76: =IF($J76=0,"",IF(INDEX('Прайс и заказ'!D:D,$J76)="","",INDEX('Прайс и заказ'!D:D,$J76))) | E76: =IF($J76=0,"",IF(INDEX('Прайс и заказ'!F:F,$J76)="","",INDEX('Прайс и заказ'!F:F,$J76))) | F76: =IF($J76=0,"",IF(INDEX('Прайс и заказ'!I:I,$J76)="","",INDEX('Прайс и заказ'!I:I,$J76))) | G76: =IF($J76=0,"",IF(INDEX('Прайс и заказ'!K:K,$J76)="","",INDEX('Прайс и заказ'!K:K,$J76))) | H76: =IF($J76=0,"",IF(INDEX('Прайс и заказ'!L:L,$J76)="","",INDEX('Прайс и заказ'!L:L,$J76))) | I76: =IF($J76=0,"",IF(INDEX('Прайс и заказ'!M:M,$J76)="","",INDEX('Прайс и заказ'!M:M,$J76))) | J76: =IFERROR(MATCH(68,'Прайс и заказ'!$N$7:$N$156,0)+6,0) | L76: =IF($J76=0,"",IF(INDEX('Прайс и заказ'!Q:Q,$J76)="","",INDEX('Прайс и заказ'!Q:Q,$J76)))
A77: =IF($J77=0,"",IFERROR(_xlfn.IMAGE(INDEX('Прайс и заказ'!$O:$O,$J77)),"")) | B77: =IF($J77=0,"",IF(INDEX('Прайс и заказ'!B:B,$J77)="","",INDEX('Прайс и заказ'!B:B,$J77))) | C77: =IF($J77=0,"",IF(INDEX('Прайс и заказ'!C:C,$J77)="","",INDEX('Прайс и заказ'!C:C,$J77))) | D77: =IF($J77=0,"",IF(INDEX('Прайс и заказ'!D:D,$J77)="","",INDEX('Прайс и заказ'!D:D,$J77))) | E77: =IF($J77=0,"",IF(INDEX('Прайс и заказ'!F:F,$J77)="","",INDEX('Прайс и заказ'!F:F,$J77))) | F77: =IF($J77=0,"",IF(INDEX('Прайс и заказ'!I:I,$J77)="","",INDEX('Прайс и заказ'!I:I,$J77))) | G77: =IF($J77=0,"",IF(INDEX('Прайс и заказ'!K:K,$J77)="","",INDEX('Прайс и заказ'!K:K,$J77))) | H77: =IF($J77=0,"",IF(INDEX('Прайс и заказ'!L:L,$J77)="","",INDEX('Прайс и заказ'!L:L,$J77))) | I77: =IF($J77=0,"",IF(INDEX('Прайс и заказ'!M:M,$J77)="","",INDEX('Прайс и заказ'!M:M,$J77))) | J77: =IFERROR(MATCH(69,'Прайс и заказ'!$N$7:$N$156,0)+6,0) | L77: =IF($J77=0,"",IF(INDEX('Прайс и заказ'!Q:Q,$J77)="","",INDEX('Прайс и заказ'!Q:Q,$J77)))
A78: =IF($J78=0,"",IFERROR(_xlfn.IMAGE(INDEX('Прайс и заказ'!$O:$O,$J78)),"")) | B78: =IF($J78=0,"",IF(INDEX('Прайс и заказ'!B:B,$J78)="","",INDEX('Прайс и заказ'!B:B,$J78))) | C78: =IF($J78=0,"",IF(INDEX('Прайс и заказ'!C:C,$J78)="","",INDEX('Прайс и заказ'!C:C,$J78))) | D78: =IF($J78=0,"",IF(INDEX('Прайс и заказ'!D:D,$J78)="","",INDEX('Прайс и заказ'!D:D,$J78))) | E78: =IF($J78=0,"",IF(INDEX('Прайс и заказ'!F:F,$J78)="","",INDEX('Прайс и заказ'!F:F,$J78))) | F78: =IF($J78=0,"",IF(INDEX('Прайс и заказ'!I:I,$J78)="","",INDEX('Прайс и заказ'!I:I,$J78))) | G78: =IF($J78=0,"",IF(INDEX('Прайс и заказ'!K:K,$J78)="","",INDEX('Прайс и заказ'!K:K,$J78))) | H78: =IF($J78=0,"",IF(INDEX('Прайс и заказ'!L:L,$J78)="","",INDEX('Прайс и заказ'!L:L,$J78))) | I78: =IF($J78=0,"",IF(INDEX('Прайс и заказ'!M:M,$J78)="","",INDEX('Прайс и заказ'!M:M,$J78))) | J78: =IFERROR(MATCH(70,'Прайс и заказ'!$N$7:$N$156,0)+6,0) | L78: =IF($J78=0,"",IF(INDEX('Прайс и заказ'!Q:Q,$J78)="","",INDEX('Прайс и заказ'!Q:Q,$J78)))
A79: =IF($J79=0,"",IFERROR(_xlfn.IMAGE(INDEX('Прайс и заказ'!$O:$O,$J79)),"")) | B79: =IF($J79=0,"",IF(INDEX('Прайс и заказ'!B:B,$J79)="","",INDEX('Прайс и заказ'!B:B,$J79))) | C79: =IF($J79=0,"",IF(INDEX('Прайс и заказ'!C:C,$J79)="","",INDEX('Прайс и заказ'!C:C,$J79))) | D79: =IF($J79=0,"",IF(INDEX('Прайс и заказ'!D:D,$J79)="","",INDEX('Прайс и заказ'!D:D,$J79))) | E79: =IF($J79=0,"",IF(INDEX('Прайс и заказ'!F:F,$J79)="","",INDEX('Прайс и заказ'!F:F,$J79))) | F79: =IF($J79=0,"",IF(INDEX('Прайс и заказ'!I:I,$J79)="","",INDEX('Прайс и заказ'!I:I,$J79))) | G79: =IF($J79=0,"",IF(INDEX('Прайс и заказ'!K:K,$J79)="","",INDEX('Прайс и заказ'!K:K,$J79))) | H79: =IF($J79=0,"",IF(INDEX('Прайс и заказ'!L:L,$J79)="","",INDEX('Прайс и заказ'!L:L,$J79))) | I79: =IF($J79=0,"",IF(INDEX('Прайс и заказ'!M:M,$J79)="","",INDEX('Прайс и заказ'!M:M,$J79))) | J79: =IFERROR(MATCH(71,'Прайс и заказ'!$N$7:$N$156,0)+6,0) | L79: =IF($J79=0,"",IF(INDEX('Прайс и заказ'!Q:Q,$J79)="","",INDEX('Прайс и заказ'!Q:Q,$J79)))
A80: =IF($J80=0,"",IFERROR(_xlfn.IMAGE(INDEX('Прайс и заказ'!$O:$O,$J80)),"")) | B80: =IF($J80=0,"",IF(INDEX('Прайс и заказ'!B:B,$J80)="","",INDEX('Прайс и заказ'!B:B,$J80))) | C80: =IF($J80=0,"",IF(INDEX('Прайс и заказ'!C:C,$J80)="","",INDEX('Прайс и заказ'!C:C,$J80))) | D80: =IF($J80=0,"",IF(INDEX('Прайс и заказ'!D:D,$J80)="","",INDEX('Прайс и заказ'!D:D,$J80))) | E80: =IF($J80=0,"",IF(INDEX('Прайс и заказ'!F:F,$J80)="","",INDEX('Прайс и заказ'!F:F,$J80))) | F80: =IF($J80=0,"",IF(INDEX('Прайс и заказ'!I:I,$J80)="","",INDEX('Прайс и заказ'!I:I,$J80))) | G80: =IF($J80=0,"",IF(INDEX('Прайс и заказ'!K:K,$J80)="","",INDEX('Прайс и заказ'!K:K,$J80))) | H80: =IF($J80=0,"",IF(INDEX('Прайс и заказ'!L:L,$J80)="","",INDEX('Прайс и заказ'!L:L,$J80))) | I80: =IF($J80=0,"",IF(INDEX('Прайс и заказ'!M:M,$J80)="","",INDEX('Прайс и заказ'!M:M,$J80))) | J80: =IFERROR(MATCH(72,'Прайс и заказ'!$N$7:$N$156,0)+6,0) | L80: =IF($J80=0,"",IF(INDEX('Прайс и заказ'!Q:Q,$J80)="","",INDEX('Прайс и заказ'!Q:Q,$J80)))
A81: =IF($J81=0,"",IFERROR(_xlfn.IMAGE(INDEX('Прайс и заказ'!$O:$O,$J81)),"")) | B81: =IF($J81=0,"",IF(INDEX('Прайс и заказ'!B:B,$J81)="","",INDEX('Прайс и заказ'!B:B,$J81))) | C81: =IF($J81=0,"",IF(INDEX('Прайс и заказ'!C:C,$J81)="","",INDEX('Прайс и заказ'!C:C,$J81))) | D81: =IF($J81=0,"",IF(INDEX('Прайс и заказ'!D:D,$J81)="","",INDEX('Прайс и заказ'!D:D,$J81))) | E81: =IF($J81=0,"",IF(INDEX('Прайс и заказ'!F:F,$J81)="","",INDEX('Прайс и заказ'!F:F,$J81))) | F81: =IF($J81=0,"",IF(INDEX('Прайс и заказ'!I:I,$J81)="","",INDEX('Прайс и заказ'!I:I,$J81))) | G81: =IF($J81=0,"",IF(INDEX('Прайс и заказ'!K:K,$J81)="","",INDEX('Прайс и заказ'!K:K,$J81))) | H81: =IF($J81=0,"",IF(INDEX('Прайс и заказ'!L:L,$J81)="","",INDEX('Прайс и заказ'!L:L,$J81))) | I81: =IF($J81=0,"",IF(INDEX('Прайс и заказ'!M:M,$J81)="","",INDEX('Прайс и заказ'!M:M,$J81))) | J81: =IFERROR(MATCH(73,'Прайс и заказ'!$N$7:$N$156,0)+6,0) | L81: =IF($J81=0,"",IF(INDEX('Прайс и заказ'!Q:Q,$J81)="","",INDEX('Прайс и заказ'!Q:Q,$J81)))
A82: =IF($J82=0,"",IFERROR(_xlfn.IMAGE(INDEX('Прайс и заказ'!$O:$O,$J82)),"")) | B82: =IF($J82=0,"",IF(INDEX('Прайс и заказ'!B:B,$J82)="","",INDEX('Прайс и заказ'!B:B,$J82))) | C82: =IF($J82=0,"",IF(INDEX('Прайс и заказ'!C:C,$J82)="","",INDEX('Прайс и заказ'!C:C,$J82))) | D82: =IF($J82=0,"",IF(INDEX('Прайс и заказ'!D:D,$J82)="","",INDEX('Прайс и заказ'!D:D,$J82))) | E82: =IF($J82=0,"",IF(INDEX('Прайс и заказ'!F:F,$J82)="","",INDEX('Прайс и заказ'!F:F,$J82))) | F82: =IF($J82=0,"",IF(INDEX('Прайс и заказ'!I:I,$J82)="","",INDEX('Прайс и заказ'!I:I,$J82))) | G82: =IF($J82=0,"",IF(INDEX('Прайс и заказ'!K:K,$J82)="","",INDEX('Прайс и заказ'!K:K,$J82))) | H82: =IF($J82=0,"",IF(INDEX('Прайс и заказ'!L:L,$J82)="","",INDEX('Прайс и заказ'!L:L,$J82))) | I82: =IF($J82=0,"",IF(INDEX('Прайс и заказ'!M:M,$J82)="","",INDEX('Прайс и заказ'!M:M,$J82))) | J82: =IFERROR(MATCH(74,'Прайс и заказ'!$N$7:$N$156,0)+6,0) | L82: =IF($J82=0,"",IF(INDEX('Прайс и заказ'!Q:Q,$J82)="","",INDEX('Прайс и заказ'!Q:Q,$J82)))
A83: =IF($J83=0,"",IFERROR(_xlfn.IMAGE(INDEX('Прайс и заказ'!$O:$O,$J83)),"")) | B83: =IF($J83=0,"",IF(INDEX('Прайс и заказ'!B:B,$J83)="","",INDEX('Прайс и заказ'!B:B,$J83))) | C83: =IF($J83=0,"",IF(INDEX('Прайс и заказ'!C:C,$J83)="","",INDEX('Прайс и заказ'!C:C,$J83))) | D83: =IF($J83=0,"",IF(INDEX('Прайс и заказ'!D:D,$J83)="","",INDEX('Прайс и заказ'!D:D,$J83))) | E83: =IF($J83=0,"",IF(INDEX('Прайс и заказ'!F:F,$J83)="","",INDEX('Прайс и заказ'!F:F,$J83))) | F83: =IF($J83=0,"",IF(INDEX('Прайс и заказ'!I:I,$J83)="","",INDEX('Прайс и заказ'!I:I,$J83))) | G83: =IF($J83=0,"",IF(INDEX('Прайс и заказ'!K:K,$J83)="","",INDEX('Прайс и заказ'!K:K,$J83))) | H83: =IF($J83=0,"",IF(INDEX('Прайс и заказ'!L:L,$J83)="","",INDEX('Прайс и заказ'!L:L,$J83))) | I83: =IF($J83=0,"",IF(INDEX('Прайс и заказ'!M:M,$J83)="","",INDEX('Прайс и заказ'!M:M,$J83))) | J83: =IFERROR(MATCH(75,'Прайс и заказ'!$N$7:$N$156,0)+6,0) | L83: =IF($J83=0,"",IF(INDEX('Прайс и заказ'!Q:Q,$J83)="","",INDEX('Прайс и заказ'!Q:Q,$J83)))
A84: =IF($J84=0,"",IFERROR(_xlfn.IMAGE(INDEX('Прайс и заказ'!$O:$O,$J84)),"")) | B84: =IF($J84=0,"",IF(INDEX('Прайс и заказ'!B:B,$J84)="","",INDEX('Прайс и заказ'!B:B,$J84))) | C84: =IF($J84=0,"",IF(INDEX('Прайс и заказ'!C:C,$J84)="","",INDEX('Прайс и заказ'!C:C,$J84))) | D84: =IF($J84=0,"",IF(INDEX('Прайс и заказ'!D:D,$J84)="","",INDEX('Прайс и заказ'!D:D,$J84))) | E84: =IF($J84=0,"",IF(INDEX('Прайс и заказ'!F:F,$J84)="","",INDEX('Прайс и заказ'!F:F,$J84))) | F84: =IF($J84=0,"",IF(INDEX('Прайс и заказ'!I:I,$J84)="","",INDEX('Прайс и заказ'!I:I,$J84))) | G84: =IF($J84=0,"",IF(INDEX('Прайс и заказ'!K:K,$J84)="","",INDEX('Прайс и заказ'!K:K,$J84))) | H84: =IF($J84=0,"",IF(INDEX('Прайс и заказ'!L:L,$J84)="","",INDEX('Прайс и заказ'!L:L,$J84))) | I84: =IF($J84=0,"",IF(INDEX('Прайс и заказ'!M:M,$J84)="","",INDEX('Прайс и заказ'!M:M,$J84))) | J84: =IFERROR(MATCH(76,'Прайс и заказ'!$N$7:$N$156,0)+6,0) | L84: =IF($J84=0,"",IF(INDEX('Прайс и заказ'!Q:Q,$J84)="","",INDEX('Прайс и заказ'!Q:Q,$J84)))
A85: =IF($J85=0,"",IFERROR(_xlfn.IMAGE(INDEX('Прайс и заказ'!$O:$O,$J85)),"")) | B85: =IF($J85=0,"",IF(INDEX('Прайс и заказ'!B:B,$J85)="","",INDEX('Прайс и заказ'!B:B,$J85))) | C85: =IF($J85=0,"",IF(INDEX('Прайс и заказ'!C:C,$J85)="","",INDEX('Прайс и заказ'!C:C,$J85))) | D85: =IF($J85=0,"",IF(INDEX('Прайс и заказ'!D:D,$J85)="","",INDEX('Прайс и заказ'!D:D,$J85))) | E85: =IF($J85=0,"",IF(INDEX('Прайс и заказ'!F:F,$J85)="","",INDEX('Прайс и заказ'!F:F,$J85))) | F85: =IF($J85=0,"",IF(INDEX('Прайс и заказ'!I:I,$J85)="","",INDEX('Прайс и заказ'!I:I,$J85))) | G85: =IF($J85=0,"",IF(INDEX('Прайс и заказ'!K:K,$J85)="","",INDEX('Прайс и заказ'!K:K,$J85))) | H85: =IF($J85=0,"",IF(INDEX('Прайс и заказ'!L:L,$J85)="","",INDEX('Прайс и заказ'!L:L,$J85))) | I85: =IF($J85=0,"",IF(INDEX('Прайс и заказ'!M:M,$J85)="","",INDEX('Прайс и заказ'!M:M,$J85))) | J85: =IFERROR(MATCH(77,'Прайс и заказ'!$N$7:$N$156,0)+6,0) | L85: =IF($J85=0,"",IF(INDEX('Прайс и заказ'!Q:Q,$J85)="","",INDEX('Прайс и заказ'!Q:Q,$J85)))
A86: =IF($J86=0,"",IFERROR(_xlfn.IMAGE(INDEX('Прайс и заказ'!$O:$O,$J86)),"")) | B86: =IF($J86=0,"",IF(INDEX('Прайс и заказ'!B:B,$J86)="","",INDEX('Прайс и заказ'!B:B,$J86))) | C86: =IF($J86=0,"",IF(INDEX('Прайс и заказ'!C:C,$J86)="","",INDEX('Прайс и заказ'!C:C,$J86))) | D86: =IF($J86=0,"",IF(INDEX('Прайс и заказ'!D:D,$J86)="","",INDEX('Прайс и заказ'!D:D,$J86))) | E86: =IF($J86=0,"",IF(INDEX('Прайс и заказ'!F:F,$J86)="","",INDEX('Прайс и заказ'!F:F,$J86))) | F86: =IF($J86=0,"",IF(INDEX('Прайс и заказ'!I:I,$J86)="","",INDEX('Прайс и заказ'!I:I,$J86))) | G86: =IF($J86=0,"",IF(INDEX('Прайс и заказ'!K:K,$J86)="","",INDEX('Прайс и заказ'!K:K,$J86))) | H86: =IF($J86=0,"",IF(INDEX('Прайс и заказ'!L:L,$J86)="","",INDEX('Прайс и заказ'!L:L,$J86))) | I86: =IF($J86=0,"",IF(INDEX('Прайс и заказ'!M:M,$J86)="","",INDEX('Прайс и заказ'!M:M,$J86))) | J86: =IFERROR(MATCH(78,'Прайс и заказ'!$N$7:$N$156,0)+6,0) | L86: =IF($J86=0,"",IF(INDEX('Прайс и заказ'!Q:Q,$J86)="","",INDEX('Прайс и заказ'!Q:Q,$J86)))
A87: =IF($J87=0,"",IFERROR(_xlfn.IMAGE(INDEX('Прайс и заказ'!$O:$O,$J87)),"")) | B87: =IF($J87=0,"",IF(INDEX('Прайс и заказ'!B:B,$J87)="","",INDEX('Прайс и заказ'!B:B,$J87))) | C87: =IF($J87=0,"",IF(INDEX('Прайс и заказ'!C:C,$J87)="","",INDEX('Прайс и заказ'!C:C,$J87))) | D87: =IF($J87=0,"",IF(INDEX('Прайс и заказ'!D:D,$J87)="","",INDEX('Прайс и заказ'!D:D,$J87))) | E87: =IF($J87=0,"",IF(INDEX('Прайс и заказ'!F:F,$J87)="","",INDEX('Прайс и заказ'!F:F,$J87))) | F87: =IF($J87=0,"",IF(INDEX('Прайс и заказ'!I:I,$J87)="","",INDEX('Прайс и заказ'!I:I,$J87))) | G87: =IF($J87=0,"",IF(INDEX('Прайс и заказ'!K:K,$J87)="","",INDEX('Прайс и заказ'!K:K,$J87))) | H87: =IF($J87=0,"",IF(INDEX('Прайс и заказ'!L:L,$J87)="","",INDEX('Прайс и заказ'!L:L,$J87))) | I87: =IF($J87=0,"",IF(INDEX('Прайс и заказ'!M:M,$J87)="","",INDEX('Прайс и заказ'!M:M,$J87))) | J87: =IFERROR(MATCH(79,'Прайс и заказ'!$N$7:$N$156,0)+6,0) | L87: =IF($J87=0,"",IF(INDEX('Прайс и заказ'!Q:Q,$J87)="","",INDEX('Прайс и заказ'!Q:Q,$J87)))
A88: =IF($J88=0,"",IFERROR(_xlfn.IMAGE(INDEX('Прайс и заказ'!$O:$O,$J88)),"")) | B88: =IF($J88=0,"",IF(INDEX('Прайс и заказ'!B:B,$J88)="","",INDEX('Прайс и заказ'!B:B,$J88))) | C88: =IF($J88=0,"",IF(INDEX('Прайс и заказ'!C:C,$J88)="","",INDEX('Прайс и заказ'!C:C,$J88))) | D88: =IF($J88=0,"",IF(INDEX('Прайс и заказ'!D:D,$J88)="","",INDEX('Прайс и заказ'!D:D,$J88))) | E88: =IF($J88=0,"",IF(INDEX('Прайс и заказ'!F:F,$J88)="","",INDEX('Прайс и заказ'!F:F,$J88))) | F88: =IF($J88=0,"",IF(INDEX('Прайс и заказ'!I:I,$J88)="","",INDEX('Прайс и заказ'!I:I,$J88))) | G88: =IF($J88=0,"",IF(INDEX('Прайс и заказ'!K:K,$J88)="","",INDEX('Прайс и заказ'!K:K,$J88))) | H88: =IF($J88=0,"",IF(INDEX('Прайс и заказ'!L:L,$J88)="","",INDEX('Прайс и заказ'!L:L,$J88))) | I88: =IF($J88=0,"",IF(INDEX('Прайс и заказ'!M:M,$J88)="","",INDEX('Прайс и заказ'!M:M,$J88))) | J88: =IFERROR(MATCH(80,'Прайс и заказ'!$N$7:$N$156,0)+6,0) | L88: =IF($J88=0,"",IF(INDEX('Прайс и заказ'!Q:Q,$J88)="","",INDEX('Прайс и заказ'!Q:Q,$J88)))
A89: =IF($J89=0,"",IFERROR(_xlfn.IMAGE(INDEX('Прайс и заказ'!$O:$O,$J89)),"")) | B89: =IF($J89=0,"",IF(INDEX('Прайс и заказ'!B:B,$J89)="","",INDEX('Прайс и заказ'!B:B,$J89))) | C89: =IF($J89=0,"",IF(INDEX('Прайс и заказ'!C:C,$J89)="","",INDEX('Прайс и заказ'!C:C,$J89))) | D89: =IF($J89=0,"",IF(INDEX('Прайс и заказ'!D:D,$J89)="","",INDEX('Прайс и заказ'!D:D,$J89))) | E89: =IF($J89=0,"",IF(INDEX('Прайс и заказ'!F:F,$J89)="","",INDEX('Прайс и заказ'!F:F,$J89))) | F89: =IF($J89=0,"",IF(INDEX('Прайс и заказ'!I:I,$J89)="","",INDEX('Прайс и заказ'!I:I,$J89))) | G89: =IF($J89=0,"",IF(INDEX('Прайс и заказ'!K:K,$J89)="","",INDEX('Прайс и заказ'!K:K,$J89))) | H89: =IF($J89=0,"",IF(INDEX('Прайс и заказ'!L:L,$J89)="","",INDEX('Прайс и заказ'!L:L,$J89))) | I89: =IF($J89=0,"",IF(INDEX('Прайс и заказ'!M:M,$J89)="","",INDEX('Прайс и заказ'!M:M,$J89))) | J89: =IFERROR(MATCH(81,'Прайс и заказ'!$N$7:$N$156,0)+6,0) | L89: =IF($J89=0,"",IF(INDEX('Прайс и заказ'!Q:Q,$J89)="","",INDEX('Прайс и заказ'!Q:Q,$J89)))
A90: =IF($J90=0,"",IFERROR(_xlfn.IMAGE(INDEX('Прайс и заказ'!$O:$O,$J90)),"")) | B90: =IF($J90=0,"",IF(INDEX('Прайс и заказ'!B:B,$J90)="","",INDEX('Прайс и заказ'!B:B,$J90))) | C90: =IF($J90=0,"",IF(INDEX('Прайс и заказ'!C:C,$J90)="","",INDEX('Прайс и заказ'!C:C,$J90))) | D90: =IF($J90=0,"",IF(INDEX('Прайс и заказ'!D:D,$J90)="","",INDEX('Прайс и заказ'!D:D,$J90))) | E90: =IF($J90=0,"",IF(INDEX('Прайс и заказ'!F:F,$J90)="","",INDEX('Прайс и заказ'!F:F,$J90))) | F90: =IF($J90=0,"",IF(INDEX('Прайс и заказ'!I:I,$J90)="","",INDEX('Прайс и заказ'!I:I,$J90))) | G90: =IF($J90=0,"",IF(INDEX('Прайс и заказ'!K:K,$J90)="","",INDEX('Прайс и заказ'!K:K,$J90))) | H90: =IF($J90=0,"",IF(INDEX('Прайс и заказ'!L:L,$J90)="","",INDEX('Прайс и заказ'!L:L,$J90))) | I90: =IF($J90=0,"",IF(INDEX('Прайс и заказ'!M:M,$J90)="","",INDEX('Прайс и заказ'!M:M,$J90))) | J90: =IFERROR(MATCH(82,'Прайс и заказ'!$N$7:$N$156,0)+6,0) | L90: =IF($J90=0,"",IF(INDEX('Прайс и заказ'!Q:Q,$J90)="","",INDEX('Прайс и заказ'!Q:Q,$J90)))
A91: =IF($J91=0,"",IFERROR(_xlfn.IMAGE(INDEX('Прайс и заказ'!$O:$O,$J91)),"")) | B91: =IF($J91=0,"",IF(INDEX('Прайс и заказ'!B:B,$J91)="","",INDEX('Прайс и заказ'!B:B,$J91))) | C91: =IF($J91=0,"",IF(INDEX('Прайс и заказ'!C:C,$J91)="","",INDEX('Прайс и заказ'!C:C,$J91))) | D91: =IF($J91=0,"",IF(INDEX('Прайс и заказ'!D:D,$J91)="","",INDEX('Прайс и заказ'!D:D,$J91))) | E91: =IF($J91=0,"",IF(INDEX('Прайс и заказ'!F:F,$J91)="","",INDEX('Прайс и заказ'!F:F,$J91))) | F91: =IF($J91=0,"",IF(INDEX('Прайс и заказ'!I:I,$J91)="","",INDEX('Прайс и заказ'!I:I,$J91))) | G91: =IF($J91=0,"",IF(INDEX('Прайс и заказ'!K:K,$J91)="","",INDEX('Прайс и заказ'!K:K,$J91))) | H91: =IF($J91=0,"",IF(INDEX('Прайс и заказ'!L:L,$J91)="","",INDEX('Прайс и заказ'!L:L,$J91))) | I91: =IF($J91=0,"",IF(INDEX('Прайс и заказ'!M:M,$J91)="","",INDEX('Прайс и заказ'!M:M,$J91))) | J91: =IFERROR(MATCH(83,'Прайс и заказ'!$N$7:$N$156,0)+6,0) | L91: =IF($J91=0,"",IF(INDEX('Прайс и заказ'!Q:Q,$J91)="","",INDEX('Прайс и заказ'!Q:Q,$J91)))
A92: =IF($J92=0,"",IFERROR(_xlfn.IMAGE(INDEX('Прайс и заказ'!$O:$O,$J92)),"")) | B92: =IF($J92=0,"",IF(INDEX('Прайс и заказ'!B:B,$J92)="","",INDEX('Прайс и заказ'!B:B,$J92))) | C92: =IF($J92=0,"",IF(INDEX('Прайс и заказ'!C:C,$J92)="","",INDEX('Прайс и заказ'!C:C,$J92))) | D92: =IF($J92=0,"",IF(INDEX('Прайс и заказ'!D:D,$J92)="","",INDEX('Прайс и заказ'!D:D,$J92))) | E92: =IF($J92=0,"",IF(INDEX('Прайс и заказ'!F:F,$J92)="","",INDEX('Прайс и заказ'!F:F,$J92))) | F92: =IF($J92=0,"",IF(INDEX('Прайс и заказ'!I:I,$J92)="","",INDEX('Прайс и заказ'!I:I,$J92))) | G92: =IF($J92=0,"",IF(INDEX('Прайс и заказ'!K:K,$J92)="","",INDEX('Прайс и заказ'!K:K,$J92))) | H92: =IF($J92=0,"",IF(INDEX('Прайс и заказ'!L:L,$J92)="","",INDEX('Прайс и заказ'!L:L,$J92))) | I92: =IF($J92=0,"",IF(INDEX('Прайс и заказ'!M:M,$J92)="","",INDEX('Прайс и заказ'!M:M,$J92))) | J92: =IFERROR(MATCH(84,'Прайс и заказ'!$N$7:$N$156,0)+6,0) | L92: =IF($J92=0,"",IF(INDEX('Прайс и заказ'!Q:Q,$J92)="","",INDEX('Прайс и заказ'!Q:Q,$J92)))
A93: =IF($J93=0,"",IFERROR(_xlfn.IMAGE(INDEX('Прайс и заказ'!$O:$O,$J93)),"")) | B93: =IF($J93=0,"",IF(INDEX('Прайс и заказ'!B:B,$J93)="","",INDEX('Прайс и заказ'!B:B,$J93))) | C93: =IF($J93=0,"",IF(INDEX('Прайс и заказ'!C:C,$J93)="","",INDEX('Прайс и заказ'!C:C,$J93))) | D93: =IF($J93=0,"",IF(INDEX('Прайс и заказ'!D:D,$J93)="","",INDEX('Прайс и заказ'!D:D,$J93))) | E93: =IF($J93=0,"",IF(INDEX('Прайс и заказ'!F:F,$J93)="","",INDEX('Прайс и заказ'!F:F,$J93))) | F93: =IF($J93=0,"",IF(INDEX('Прайс и заказ'!I:I,$J93)="","",INDEX('Прайс и заказ'!I:I,$J93))) | G93: =IF($J93=0,"",IF(INDEX('Прайс и заказ'!K:K,$J93)="","",INDEX('Прайс и заказ'!K:K,$J93))) | H93: =IF($J93=0,"",IF(INDEX('Прайс и заказ'!L:L,$J93)="","",INDEX('Прайс и заказ'!L:L,$J93))) | I93: =IF($J93=0,"",IF(INDEX('Прайс и заказ'!M:M,$J93)="","",INDEX('Прайс и заказ'!M:M,$J93))) | J93: =IFERROR(MATCH(85,'Прайс и заказ'!$N$7:$N$156,0)+6,0) | L93: =IF($J93=0,"",IF(INDEX('Прайс и заказ'!Q:Q,$J93)="","",INDEX('Прайс и заказ'!Q:Q,$J93)))
A94: =IF($J94=0,"",IFERROR(_xlfn.IMAGE(INDEX('Прайс и заказ'!$O:$O,$J94)),"")) | B94: =IF($J94=0,"",IF(INDEX('Прайс и заказ'!B:B,$J94)="","",INDEX('Прайс и заказ'!B:B,$J94))) | C94: =IF($J94=0,"",IF(INDEX('Прайс и заказ'!C:C,$J94)="","",INDEX('Прайс и заказ'!C:C,$J94))) | D94: =IF($J94=0,"",IF(INDEX('Прайс и заказ'!D:D,$J94)="","",INDEX('Прайс и заказ'!D:D,$J94))) | E94: =IF($J94=0,"",IF(INDEX('Прайс и заказ'!F:F,$J94)="","",INDEX('Прайс и заказ'!F:F,$J94))) | F94: =IF($J94=0,"",IF(INDEX('Прайс и заказ'!I:I,$J94)="","",INDEX('Прайс и заказ'!I:I,$J94))) | G94: =IF($J94=0,"",IF(INDEX('Прайс и заказ'!K:K,$J94)="","",INDEX('Прайс и заказ'!K:K,$J94))) | H94: =IF($J94=0,"",IF(INDEX('Прайс и заказ'!L:L,$J94)="","",INDEX('Прайс и заказ'!L:L,$J94))) | I94: =IF($J94=0,"",IF(INDEX('Прайс и заказ'!M:M,$J94)="","",INDEX('Прайс и заказ'!M:M,$J94))) | J94: =IFERROR(MATCH(86,'Прайс и заказ'!$N$7:$N$156,0)+6,0) | L94: =IF($J94=0,"",IF(INDEX('Прайс и заказ'!Q:Q,$J94)="","",INDEX('Прайс и заказ'!Q:Q,$J94)))
A95: =IF($J95=0,"",IFERROR(_xlfn.IMAGE(INDEX('Прайс и заказ'!$O:$O,$J95)),"")) | B95: =IF($J95=0,"",IF(INDEX('Прайс и заказ'!B:B,$J95)="","",INDEX('Прайс и заказ'!B:B,$J95))) | C95: =IF($J95=0,"",IF(INDEX('Прайс и заказ'!C:C,$J95)="","",INDEX('Прайс и заказ'!C:C,$J95))) | D95: =IF($J95=0,"",IF(INDEX('Прайс и заказ'!D:D,$J95)="","",INDEX('Прайс и заказ'!D:D,$J95))) | E95: =IF($J95=0,"",IF(INDEX('Прайс и заказ'!F:F,$J95)="","",INDEX('Прайс и заказ'!F:F,$J95))) | F95: =IF($J95=0,"",IF(INDEX('Прайс и заказ'!I:I,$J95)="","",INDEX('Прайс и заказ'!I:I,$J95))) | G95: =IF($J95=0,"",IF(INDEX('Прайс и заказ'!K:K,$J95)="","",INDEX('Прайс и заказ'!K:K,$J95))) | H95: =IF($J95=0,"",IF(INDEX('Прайс и заказ'!L:L,$J95)="","",INDEX('Прайс и заказ'!L:L,$J95))) | I95: =IF($J95=0,"",IF(INDEX('Прайс и заказ'!M:M,$J95)="","",INDEX('Прайс и заказ'!M:M,$J95))) | J95: =IFERROR(MATCH(87,'Прайс и заказ'!$N$7:$N$156,0)+6,0) | L95: =IF($J95=0,"",IF(INDEX('Прайс и заказ'!Q:Q,$J95)="","",INDEX('Прайс и заказ'!Q:Q,$J95)))
A96: =IF($J96=0,"",IFERROR(_xlfn.IMAGE(INDEX('Прайс и заказ'!$O:$O,$J96)),"")) | B96: =IF($J96=0,"",IF(INDEX('Прайс и заказ'!B:B,$J96)="","",INDEX('Прайс и заказ'!B:B,$J96))) | C96: =IF($J96=0,"",IF(INDEX('Прайс и заказ'!C:C,$J96)="","",INDEX('Прайс и заказ'!C:C,$J96))) | D96: =IF($J96=0,"",IF(INDEX('Прайс и заказ'!D:D,$J96)="","",INDEX('Прайс и заказ'!D:D,$J96))) | E96: =IF($J96=0,"",IF(INDEX('Прайс и заказ'!F:F,$J96)="","",INDEX('Прайс и заказ'!F:F,$J96))) | F96: =IF($J96=0,"",IF(INDEX('Прайс и заказ'!I:I,$J96)="","",INDEX('Прайс и заказ'!I:I,$J96))) | G96: =IF($J96=0,"",IF(INDEX('Прайс и заказ'!K:K,$J96)="","",INDEX('Прайс и заказ'!K:K,$J96))) | H96: =IF($J96=0,"",IF(INDEX('Прайс и заказ'!L:L,$J96)="","",INDEX('Прайс и заказ'!L:L,$J96))) | I96: =IF($J96=0,"",IF(INDEX('Прайс и заказ'!M:M,$J96)="","",INDEX('Прайс и заказ'!M:M,$J96))) | J96: =IFERROR(MATCH(88,'Прайс и заказ'!$N$7:$N$156,0)+6,0) | L96: =IF($J96=0,"",IF(INDEX('Прайс и заказ'!Q:Q,$J96)="","",INDEX('Прайс и заказ'!Q:Q,$J96)))
A97: =IF($J97=0,"",IFERROR(_xlfn.IMAGE(INDEX('Прайс и заказ'!$O:$O,$J97)),"")) | B97: =IF($J97=0,"",IF(INDEX('Прайс и заказ'!B:B,$J97)="","",INDEX('Прайс и заказ'!B:B,$J97))) | C97: =IF($J97=0,"",IF(INDEX('Прайс и заказ'!C:C,$J97)="","",INDEX('Прайс и заказ'!C:C,$J97))) | D97: =IF($J97=0,"",IF(INDEX('Прайс и заказ'!D:D,$J97)="","",INDEX('Прайс и заказ'!D:D,$J97))) | E97: =IF($J97=0,"",IF(INDEX('Прайс и заказ'!F:F,$J97)="","",INDEX('Прайс и заказ'!F:F,$J97))) | F97: =IF($J97=0,"",IF(INDEX('Прайс и заказ'!I:I,$J97)="","",INDEX('Прайс и заказ'!I:I,$J97))) | G97: =IF($J97=0,"",IF(INDEX('Прайс и заказ'!K:K,$J97)="","",INDEX('Прайс и заказ'!K:K,$J97))) | H97: =IF($J97=0,"",IF(INDEX('Прайс и заказ'!L:L,$J97)="","",INDEX('Прайс и заказ'!L:L,$J97))) | I97: =IF($J97=0,"",IF(INDEX('Прайс и заказ'!M:M,$J97)="","",INDEX('Прайс и заказ'!M:M,$J97))) | J97: =IFERROR(MATCH(89,'Прайс и заказ'!$N$7:$N$156,0)+6,0) | L97: =IF($J97=0,"",IF(INDEX('Прайс и заказ'!Q:Q,$J97)="","",INDEX('Прайс и заказ'!Q:Q,$J97)))
A98: =IF($J98=0,"",IFERROR(_xlfn.IMAGE(INDEX('Прайс и заказ'!$O:$O,$J98)),"")) | B98: =IF($J98=0,"",IF(INDEX('Прайс и заказ'!B:B,$J98)="","",INDEX('Прайс и заказ'!B:B,$J98))) | C98: =IF($J98=0,"",IF(INDEX('Прайс и заказ'!C:C,$J98)="","",INDEX('Прайс и заказ'!C:C,$J98))) | D98: =IF($J98=0,"",IF(INDEX('Прайс и заказ'!D:D,$J98)="","",INDEX('Прайс и заказ'!D:D,$J98))) | E98: =IF($J98=0,"",IF(INDEX('Прайс и заказ'!F:F,$J98)="","",INDEX('Прайс и заказ'!F:F,$J98))) | F98: =IF($J98=0,"",IF(INDEX('Прайс и заказ'!I:I,$J98)="","",INDEX('Прайс и заказ'!I:I,$J98))) | G98: =IF($J98=0,"",IF(INDEX('Прайс и заказ'!K:K,$J98)="","",INDEX('Прайс и заказ'!K:K,$J98))) | H98: =IF($J98=0,"",IF(INDEX('Прайс и заказ'!L:L,$J98)="","",INDEX('Прайс и заказ'!L:L,$J98))) | I98: =IF($J98=0,"",IF(INDEX('Прайс и заказ'!M:M,$J98)="","",INDEX('Прайс и заказ'!M:M,$J98))) | J98: =IFERROR(MATCH(90,'Прайс и заказ'!$N$7:$N$156,0)+6,0) | L98: =IF($J98=0,"",IF(INDEX('Прайс и заказ'!Q:Q,$J98)="","",INDEX('Прайс и заказ'!Q:Q,$J98)))
A99: =IF($J99=0,"",IFERROR(_xlfn.IMAGE(INDEX('Прайс и заказ'!$O:$O,$J99)),"")) | B99: =IF($J99=0,"",IF(INDEX('Прайс и заказ'!B:B,$J99)="","",INDEX('Прайс и заказ'!B:B,$J99))) | C99: =IF($J99=0,"",IF(INDEX('Прайс и заказ'!C:C,$J99)="","",INDEX('Прайс и заказ'!C:C,$J99))) | D99: =IF($J99=0,"",IF(INDEX('Прайс и заказ'!D:D,$J99)="","",INDEX('Прайс и заказ'!D:D,$J99))) | E99: =IF($J99=0,"",IF(INDEX('Прайс и заказ'!F:F,$J99)="","",INDEX('Прайс и заказ'!F:F,$J99))) | F99: =IF($J99=0,"",IF(INDEX('Прайс и заказ'!I:I,$J99)="","",INDEX('Прайс и заказ'!I:I,$J99))) | G99: =IF($J99=0,"",IF(INDEX('Прайс и заказ'!K:K,$J99)="","",INDEX('Прайс и заказ'!K:K,$J99))) | H99: =IF($J99=0,"",IF(INDEX('Прайс и заказ'!L:L,$J99)="","",INDEX('Прайс и заказ'!L:L,$J99))) | I99: =IF($J99=0,"",IF(INDEX('Прайс и заказ'!M:M,$J99)="","",INDEX('Прайс и заказ'!M:M,$J99))) | J99: =IFERROR(MATCH(91,'Прайс и заказ'!$N$7:$N$156,0)+6,0) | L99: =IF($J99=0,"",IF(INDEX('Прайс и заказ'!Q:Q,$J99)="","",INDEX('Прайс и заказ'!Q:Q,$J99)))
A100: =IF($J100=0,"",IFERROR(_xlfn.IMAGE(INDEX('Прайс и заказ'!$O:$O,$J100)),"")) | B100: =IF($J100=0,"",IF(INDEX('Прайс и заказ'!B:B,$J100)="","",INDEX('Прайс и заказ'!B:B,$J100))) | C100: =IF($J100=0,"",IF(INDEX('Прайс и заказ'!C:C,$J100)="","",INDEX('Прайс и заказ'!C:C,$J100))) | D100: =IF($J100=0,"",IF(INDEX('Прайс и заказ'!D:D,$J100)="","",INDEX('Прайс и заказ'!D:D,$J100))) | E100: =IF($J100=0,"",IF(INDEX('Прайс и заказ'!F:F,$J100)="","",INDEX('Прайс и заказ'!F:F,$J100))) | F100: =IF($J100=0,"",IF(INDEX('Прайс и заказ'!I:I,$J100)="","",INDEX('Прайс и заказ'!I:I,$J100))) | G100: =IF($J100=0,"",IF(INDEX('Прайс и заказ'!K:K,$J100)="","",INDEX('Прайс и заказ'!K:K,$J100))) | H100: =IF($J100=0,"",IF(INDEX('Прайс и заказ'!L:L,$J100)="","",INDEX('Прайс и заказ'!L:L,$J100))) | I100: =IF($J100=0,"",IF(INDEX('Прайс и заказ'!M:M,$J100)="","",INDEX('Прайс и заказ'!M:M,$J100))) | J100: =IFERROR(MATCH(92,'Прайс и заказ'!$N$7:$N$156,0)+6,0) | L100: =IF($J100=0,"",IF(INDEX('Прайс и заказ'!Q:Q,$J100)="","",INDEX('Прайс и заказ'!Q:Q,$J100)))
A101: =IF($J101=0,"",IFERROR(_xlfn.IMAGE(INDEX('Прайс и заказ'!$O:$O,$J101)),"")) | B101: =IF($J101=0,"",IF(INDEX('Прайс и заказ'!B:B,$J101)="","",INDEX('Прайс и заказ'!B:B,$J101))) | C101: =IF($J101=0,"",IF(INDEX('Прайс и заказ'!C:C,$J101)="","",INDEX('Прайс и заказ'!C:C,$J101))) | D101: =IF($J101=0,"",IF(INDEX('Прайс и заказ'!D:D,$J101)="","",INDEX('Прайс и заказ'!D:D,$J101))) | E101: =IF($J101=0,"",IF(INDEX('Прайс и заказ'!F:F,$J101)="","",INDEX('Прайс и заказ'!F:F,$J101))) | F101: =IF($J101=0,"",IF(INDEX('Прайс и заказ'!I:I,$J101)="","",INDEX('Прайс и заказ'!I:I,$J101))) | G101: =IF($J101=0,"",IF(INDEX('Прайс и заказ'!K:K,$J101)="","",INDEX('Прайс и заказ'!K:K,$J101))) | H101: =IF($J101=0,"",IF(INDEX('Прайс и заказ'!L:L,$J101)="","",INDEX('Прайс и заказ'!L:L,$J101))) | I101: =IF($J101=0,"",IF(INDEX('Прайс и заказ'!M:M,$J101)="","",INDEX('Прайс и заказ'!M:M,$J101))) | J101: =IFERROR(MATCH(93,'Прайс и заказ'!$N$7:$N$156,0)+6,0) | L101: =IF($J101=0,"",IF(INDEX('Прайс и заказ'!Q:Q,$J101)="","",INDEX('Прайс и заказ'!Q:Q,$J101)))
...

Sheet _1С
A1: LP-ORDER-1
A2: Дата выгрузки: 2026-10-01 19:38
A3: Тип цены: опт
A4: Раздел: Распродажа
A5: id_format | B5: GUID | GUID#GUID | C5: id_sep | D5: #
A6: Лист | B6: СтрокаЗаголовков | C6: КолИД1С | D6: КолКоличество | E6: КолЦена | F6: КолМножитель
A7: Прайс и заказ | B7: 6 | C7: Q | D7: K | E7: I | F7: R
A8: Ваш заказ | B8: 8 | C8: L | D8: G | E8: F
